Workbook
Name Year: #REF!
Name Брутна_печалба: #REF!
Name Брутна_печалба: #REF!
Name Брутна_печалба: #REF!
Name Брутна_печалба: #REF!
Name Брутна_печалба: #REF!
Name Брутна_печалба: #REF!
Name Брутна_печалба: #REF!
Name Брутна_печалба: #REF!
Name Брутна_печалба: #REF!
Name Брутна_печалба: #REF!
Name Брутна_печалба: #REF!
Name Брутна_печалба: #REF!
Name Брутна_печалба: #REF!
Name Брутна_печалба: #REF!
Name Вземания_по_ДДС: #REF!
Name Вземания_по_ДДС: #REF!
Name Вземания_по_ДДС: #REF!
Name Вземания_по_ДДС: #REF!
Name Вземания_по_ДДС: #REF!
Name Вземания_по_ДДС: #REF!
Name Вземания_по_ДДС: #REF!
Name Вземания_по_ДДС: #REF!
Name Вземания_по_ДДС: #REF!
Name Вземания_по_ДДС: #REF!
Name Вземания_по_ДДС: #REF!
Name Вземания_по_ДДС: #REF!
Name Вземания_по_ДДС: #REF!
Name Вземания_по_ДДС: #REF!
Name Внесен_ДДС: #REF!
Name Внесен_ДДС: #REF!
Name Внесен_ДДС: #REF!
Name Внесен_ДДС: #REF!
Name Внесен_ДДС: #REF!
Name Внесен_ДДС: #REF!
Name Внесен_ДДС: #REF!
Name Внесен_ДДС: #REF!
Name Внесен_ДДС: #REF!
Name Внесен_ДДС: #REF!
Name Внесен_ДДС: #REF!
Name Внесен_ДДС: #REF!
Name Внесен_ДДС: #REF!
Name Внесен_ДДС: #REF!
Name ВС_1: #REF!
Name ВС_1: #REF!
Name ВС_1: #REF!
Name ВС_1: #REF!
Name ВС_1: #REF!
Name ВС_1: #REF!
Name ВС_1: #REF!
Name ВС_1: #REF!
Name ВС_1: #REF!
Name ВС_1: #REF!
Name ВС_1: #REF!
Name ВС_1: #REF!
Name ВС_1: #REF!
Name ВС_1: #REF!
Name ВС_2: #REF!
Name ВС_2: #REF!
Name ВС_2: #REF!

Sheet Приложение 
A2: Приложение към бизнес план
A3: ="на "&G8&", гр. "&G9 -> на "Водоснабдяване и канализация" ООД , гр. Враца
A4: ="ЕИК по БУЛСТАТ: " &G10 -> ЕИК по БУЛСТАТ: 816090199
A6: № | B6: Данни за В и К оператора
B7: Описание | G7: попълва се от В и К оператора
A8: 1 | B8: Наименование на В и К оператора: | G8: "Водоснабдяване и канализация" ООД
A9: 1.1 | B9: град: | G9: Враца
A10: 1.2 | B10: ЕИК по БУЛСТАТ: | G10: 816090199
A11: 2 | B11: Период на данните
A12: 2.1 | B12: Отчетна година: | G12: 2015 г.
A13: 2.2 | B13: Прогнозни години: | G13: 2016 г.
G14: 2017 г.
G15: 2018 г.
G16: 2019 г.
G17: 2020 г.
G18: 2021 г.
A19: 3 | B19: Дата на изготвяне на справките: | G19: 27.06.2016г.
A20: 4 | B20: Отговорни за изготвянето
A21: 4.1 | B21: Главен счетоводител/Фин. директор (име и фамилия): | G21: Верка Димитрова
A22: 4.2 | B22: Управител/Изп. директор (име и фамилия): | G22: Ангел Престойски
A23: 5 | B23: Опис на приложенията
A24: 5.1 | B24: Приложение 1 | G24: Общи данни за В и К оператора
B25: Справки: | G25: Справка № 1 - Анкетна карта
A26: 5.2 | B26: Приложение 2 | G26: Техническа част на бизнес плана
B27: Справки: | G27: Справка № 2 - Променливи за изчисление на показателите за качество на предоставяните В и К услуги
G28: Справка № 3 - Показатели за качество на предоставяните В и К услуги
G29: Справка № 4 - Отчет и прогнозно ниво на потребление на ВиК услугите за периода на бизнес плана
G30: Справка № 5 - Персонал
G31: Справка № 6 - Отчет и прогнозно ниво на потребление на електроенергия за периода на бизнес плана
G32: Справка № 7 - Оползотворяване на утaйки от ПСОВ
G33: Справка № 8 - Ремонтна програма
A34: 5.3 | B34: Приложение 3 | G34: Икономическа част на бизнес плана
B35: Справки: | G35: Справка № 9 - Инвестиционна програма
G36: Справка № 10 - Инвестиции и източници на финансиране
G37: Справка № 11 - Амортизационен план на Дълготрайни Активи
G38: Справка № 11.1 - Амортизация на новопридобити активи
G39: Справка № 11.2 - Новопродобити активи през отчетната година
G40: Справка № 12 - Годишни разходи
G41: Справка № 12.1 - Изменения на годишните разходи спрямо отчетната година
A42: 5.4 | B42: Приложение 4 | G42: Социална поносимост и социални дейности
B43: Справки: | G43: Справка № 13 - Анализ на социалната поносимост на предлаганите цени
A44: 5.5 | B44: Приложение 5 | G44: Прогнозни отчети
B45: Справки: | G45: Справка № 14 - Прогнозен отчет за приходите и разходите
G46: Справка № 15 - Прогнозен отчет за паричния поток
A47: 5.6 | B47: Приложение 6 | G47: Ценови модел
B48: Справки: | G48: Справка № 16 - Необходими приходи
G49: Справка № 17 - Регулаторна база на активите
G50: Справка № 18 - Оборотен капитал
G51: Справка № 19 - Възвръщаемост на капитала
G52: Справка № 20 - Цени за доставяне на вода, отвеждане и пречистване на отпадъчни води
A53: 5.7 | B53: Приложение 7 | G53: Допълнителни пояснения
G54: Допълнителни пояснения към Показателите за качество на предоставяните В и К услуги
B56: ="Дата: "&G19 -> Дата: 27.06.2016г. | H56: Главен счетоводител: | I56: ..............................................
I57: (подпис)
H60: Управител: | I60: .............................................
I61: (подпис и печат)
A63: Указания за попълване на справката:
A64: 1. Попълват се само клетките в жълт цвят

Sheet 1. Анкетна карта
J1: Приложение № 1
A2: Справка № 1 Анкетна карта
A3: ='Приложение '!A3:J3 -> на "Водоснабдяване и канализация" ООД , гр. Враца
A4: ='Приложение '!A4:J4 -> ЕИК по БУЛСТАТ: 816090199
A6: № | B6: Данни за В и К оператора
B7: Описание | G7: попълва се от В и К оператора
A8: 1 | B8: Данни за търговското дружество
A9: 1.1 | B9: Наименование на дружеството: | G9: ='Приложение '!G8&", "&'Приложение '!G9:J9 -> "Водоснабдяване и канализация" ООД , Враца
B10: ЕИК по БУЛСТАТ: | G10: ='Приложение '!G10:J10 -> 816090199
A11: 1.3 | B11: Седалище: | G11: Враца
A12: 1.4 | B12: Адрес на управление: | G12: ул.Ал.Стамболийски 2
A13: 1.5 | B13: Дружеството се представлява от: | G13: Ангел Престойски
A14: 1.6 | B14: Рег.номер по ЗЗЛД в КЗЛД:
A15: 1.7 | B15: Рег.номер по ЗДДС, издаден на: | G15: BG816090199
A16: 1.8 | B16: В и К оператор по силата на: | G16: Р-е от 18.11.1991г.-02.12.1998г.
A17: 1.9 | B17: Съдружници/акционери; дялове | G17: Държавата-10 070 дяла-51%
G18: Община Враца-3 949 дяла-20% | J18: Криводол-3%
G19: Община Б.Слатина-1 579 дяла-8% | J19: Хаиредин-2%
G20: Община Мездра-1 185 дяла-6% | J20: Борован-2%
G21: Община Оряхово-790 дяла-4%
G22: Община Мизия-395 дяла-2%
G23: Община Роман-395 дяла-2%
A24: 2 | B24: Данни за кореспонденция
A25: 2.1 | B25: Адрес за кореспонденция: | G25: ПК:3000,гр.Враца, ул.Ал.Стамболийски 2
A26: 2.2 | B26: Лица за кореспонденция:
A27: 2.2.1 | B27: Управител/Изп.директор: | G27: Ангел Цветков Престойски
B28: сл. тел.: | G28: 092/66 12 23
B29: мобилен тел.: | G29: 0887593637
B30: факс: | G30: 092/66 09 77
B31: e-mail: | G31: vik_vratca@abv.bg
A32: 2.2.2 | B32: Гл. счетоводител/Фин.директор: | G32: Верка Димитрова Иванова
B33: сл. тел.: | G33: 092/66 98 23
B34: мобилен тел.: | G34: 0886754828
B35: факс: | G35: 092/66 09 77
B36: e-mail: | G36: vik_vratca@abv.bg
A37: 2.2.3 | B37: Гл. техник/Техн. директор: | G37: инж.Кирил Борисов Кочев
B38: сл. тел.: | G38: 092/66 98 34
B39: мобилен тел.: | G39: 0887921257
B40: факс: | G40: 092/66 09 77
B41: e-mail: | G41: vik_vratca@abv.bg
A42: 2.2.4 | B42: Лице за контакт с КЕВР: | G42: Бойко Борисов Ничев
B43: сл. тел.: | G43: 092/66 98 20
B44: мобилен тел.: | G44: 0888316758
B45: факс: | G45: 092/09 66 77
B46: e-mail: | G46: vik_vratca@abv.bg
A47: 2.2.5 | B47: Секретар: | G47: Зорница Красимирова Асенова
B48: сл. тел.: | G48: 092/66 12 23
B49: факс: | G49: 092/66 09 77
B50: e-mail: | G50: vik_vratca@abv.bg
H53: ='Приложение '!H56 -> Главен счетоводител: | I53: ..............................................
B54: ='Приложение '!B56 -> Дата: 27.06.2016г. | J54: (подпис)
H57: ='Приложение '!H60 -> Управител: | I57: ..............................................
J58: (подпис и печат)
A60: Указания за попълване на справката:
A61: 1. Попълват се само клетките в жълт цвят

Sheet 2. Променливи
R1: Приложение № 2
A2: Справка № 2 Променливи за изчисление на показателите за качество на предоставяните В и К услуги
A3: ='1. Анкетна карта'!A3:J3 -> на "Водоснабдяване и канализация" ООД , гр. Враца
A4: ='1. Анкетна карта'!A4:J4 -> ЕИК по БУЛСТАТ: 816090199
A6: Група | B6: № | C6: Описание на параметъра | D6: Ед. мярка | E6: Стойност на параметъра | L6: Качество на информацията | S6: Източник на информация (регистър/база данни/друго) - описание
E7: ='Приложение '!G12 -> 2015 г. | F7: ='Приложение '!G13 -> 2016 г. | G7: ='Приложение '!G14 -> 2017 г. | H7: ='Приложение '!G15 -> 2018 г. | I7: ='Приложение '!G16 -> 2019 г. | J7: ='Приложение '!G17 -> 2020 г. | K7: ='Приложение '!G18 -> 2021 г. | L7: =E7 -> 2015 г. | M7: =F7 -> 2016 г. | N7: =G7 -> 2017 г. | O7: =H7 -> 2018 г. | P7: =I7 -> 2019 г. | Q7: =J7 -> 2020 г. | R7: =K7 -> 2021 г. | S7: =L7 -> 2015 г. | T7: =R7 -> 2021 г.
A8: Население | B8: F1 | C8: Общ брой на населението, регистрирано по постоянен адрес и ползващо услугата доставяне на вода на потребителите в обособената територия, обслужвана от ВиК оператора | D8: брой | E8: 188061 | F8: 188000 | G8: 188000 | H8: 188000 | I8: 188000 | J8: 185000 | K8: 185000 | L8: 1 | M8: 1 | N8: 1 | O8: 1 | P8: 1 | Q8: 1 | R8: 1 | S8: ЕСГР | T8: ЕСГР
B9: wE4 | C9: Брой население, регистрирано по постоянен адрес и ползващо услугата отвеждане на отпадъчни води в обособената територия, обслужвана от оператора за разглеждания период | D9: брой | E9: 106121 | F9: 106121 | G9: 106141 | H9: 106165 | I9: 106195 | J9: 106245 | K9: 106265 | L9: 2 | M9: 1 | N9: 1 | O9: 1 | P9: 1 | Q9: 1 | R9: 1 | S9: инкасо софтуер | T9: инкасо софтуер
B10: wE2 | C10: Брой население, регистрирано по постоянен адрес и ползващо услугата пречистване на отпадъчни води в обособената територия, обслужвана от оператора за разглеждания период | D10: брой | E10: 97659 | F10: 97659 | G10: 97679 | H10: 97699 | I10: 97729 | J10: 97779 | K10: 97799 | L10: 2 | M10: 1 | N10: 1 | O10: 1 | P10: 1 | Q10: 1 | R10: 1 | S10: инкасо софтуер | T10: инкасо софтуер
B11: iE5 | C11: Общ брой на населението, регистрирано по постоянен адрес в обособената територия, обслужвана от оператора (брой) | D11: брой | E11: 188772 | F11: 188500 | G11: 188500 | H11: 188500 | I11: 188500 | J11: 185500 | K11: 185500 | L11: 1 | M11: 1 | N11: 1 | O11: 1 | P11: 1 | Q11: 1 | R11: 1 | S11: ЕСГР | T11: ЕСГР
A12: Потребители | B12: E10 | C12: Общ брой потребители, обслужвани от оператора, които ползват услуга доставяне на вода на потребителите | D12: брой | E12: 80933 | F12: 75558 | G12: 78956 | H12: 78956 | I12: 78956 | J12: 78800 | K12: 78700 | L12: 1 | M12: 1 | N12: 1 | O12: 1 | P12: 1 | Q12: 1 | R12: 1 | S12: база данни | T12: база данни
C13: Общ брой потребители, обслужвани от оператора, които ползват услуга отвеждане на отпадъчни води | D13: брой | E13: 46866 | F13: 46866 | G13: 46886 | H13: 46906 | I13: 46936 | J13: 46986 | K13: 47006 | L13: 2 | M13: 1 | N13: 1 | O13: 1 | P13: 1 | Q13: 1 | R13: 1 | S13: инкасо софтуер | T13: инкасо софтуер
C14: Общ брой потребители, обслужвани от оператора, които ползват услуга пречистване на отпадъчни води | D14: брой | E14: 45310 | F14: 45310 | G14: 45330 | H14: 45350 | I14: 45380 | J14: 45430 | K14: 45450 | L14: 2 | M14: 1 | N14: 1 | O14: 1 | P14: 1 | Q14: 1 | R14: 1 | S14: инкасо софтуер | T14: инкасо софтуер
A15: Населени места | C15: Общ брой населени места в обособената територия, обслужвана от оператора за разглеждания период, в които се предоставя услугата доставяне на вода | D15: брой | E15: 118 | F15: 118 | G15: 118 | H15: 118 | I15: 118 | J15: 118 | K15: 118 | L15: 1 | M15: 1 | N15: 1 | O15: 1 | P15: 1 | Q15: 1 | R15: 1 | S15: ЕСГР | T15: ЕСГР
C16: Общ брой населени места в обособената територия, обслужвана от оператора за разглеждания период, в които се предоставя услугата отвеждане на отпадъчни води | D16: брой | E16: 6 | F16: 6 | G16: 6 | H16: 6 | I16: 6 | J16: 6 | K16: 6 | L16: 1 | M16: 1 | N16: 1 | O16: 1 | P16: 1 | Q16: 1 | R16: 1 | S16: регистър ПТО | T16: регистър ПТО
C17: Общ брой населени места в обособената територия, обслужвана от оператора за разглеждания период, в които се предоставя услугата пречистване на отпадъчни води | D17: брой | E17: 4 | F17: 4 | G17: 4 | H17: 5 | I17: 5 | J17: 5 | K17: 5 | L17: 1 | M17: 1 | N17: 1 | O17: 1 | P17: 1 | Q17: 1 | R17: 1 | S17: регистър ПТО | T17: регистър ПТО
C18: Общ брой населени места в обособената територия, обслужвана от оператора за разглеждания период | D18: брой | E18: 120 | F18: 120 | G18: 120 | H18: 120 | I18: 120 | J18: 120 | K18: 120 | L18: 1 | M18: 1 | N18: 1 | O18: 1 | P18: 1 | Q18: 1 | R18: 1 | S18: ЕСГР | T18: ЕСГР
A19: ВиК активи | C19: Общ брой водоизточници (основни и резервни) | D19: брой | E19: 180 | F19: 180 | G19: 180 | H19: 180 | I19: 180 | J19: 180 | K19: 180 | L19: 1 | M19: 1 | N19: 1 | O19: 1 | P19: 1 | Q19: 1 | R19: 1 | S19: регистър | T19: регистър
C20: Общ брой пречиствателни станции за питейни води (ПСПВ) | D20: брой | E20: 0 | F20: 0 | G20: 0 | H20: 0 | I20: 0 | J20: 0 | K20: 0 | L20: 1 | M20: 1 | N20: 1 | O20: 1 | P20: 1 | Q20: 1 | R20: 1 | S20: регистър | T20: регистър
C21: Общ брой резервоари (водоеми) | D21: брой | E21: 252 | F21: 252 | G21: 252 | H21: 252 | I21: 252 | J21: 252 | K21: 252 | L21: 1 | M21: 1 | N21: 1 | O21: 1 | P21: 1 | Q21: 1 | R21: 1 | S21: регистър | T21: регистър
C22: Общ брой водоснабдителни помпени станции (ВПС) | D22: брой | E22: 134 | F22: 134 | G22: 134 | H22: 134 | I22: 134 | J22: 134 | K22: 134 | L22: 1 | M22: 1 | N22: 1 | O22: 1 | P22: 1 | Q22: 1 | R22: 1 | S22: регистър | T22: регистър
B23: C8 | C23: Обща дължина на довеждащите водопроводи и разпределителната водопроводна мрежа. В изчисляването на дължината на водопроводната мрежа не се включва дължината на сградните водопроводни отклонения. | D23: км | E23: 2834 | F23: 2834 | G23: 2834 | H23: 2834 | I23: 2834 | J23: 2834 | K23: 2834 | L23: 1 | M23: 1 | N23: 1 | O23: 1 | P23: 1 | Q23: 1 | R23: 1 | S23: регистър | T23: регистър
B24: iC8 | C24: Обща дължина на довеждащите водопроводи и разпределителната водопроводна мрежа. В изчисляването на дължината на водопроводната мрежа не се включва дължината на сградните водопроводни отклонения, както и дължината на водопроводите, по които се довежда вода до друг оператор, само в случаите когато се използват единствено за тази цел. | D24: км | E24: 2851 | F24: 2851 | G24: 2851 | H24: 2851 | I24: 2851 | J24: 2851 | K24: 2851 | L24: 1 | M24: 1 | N24: 1 | O24: 1 | P24: 1 | Q24: 1 | R24: 1 | S24: регистър | T24: регистър
B25: iDMAt | C25: Общ брой на водомерни зони в обслужваната от ВиК оператора територия. | D25: брой | E25: 124 | F25: 124 | G25: 124 | H25: 124 | I25: 124 | J25: 124 | K25: 124 | S25: база данни | T25: база данни
B26: C24 | C26: Общ брой на сградните водопроводни отклонения | D26: брой | E26: 95640 | F26: 95640 | G26: 95640 | H26: 95640 | I26: 95640 | J26: 95640 | K26: 95640 | L26: 1 | M26: 1 | N26: 1 | O26: 1 | P26: 1 | Q26: 1 | R26: 1 | S26: регистър | T26: регистър
B27: iE6 | C27: Общ брой водомери на СВО (средства за измерване). | D27: брой | E27: 95365 | F27: 95465 | G27: 95565 | H27: 95640 | I27: 95640 | J27: 95640 | K27: 95640 | L27: 1 | M27: 1 | N27: 1 | O27: 1 | P27: 1 | Q27: 1 | R27: 1 | S27: регистър | T27: регистър
B28: C29 | C28: Общ брой на сградните канализационни отклонения | D28: брой | E28: 8330 | F28: 8220 | G28: 12330 | H28: 18350 | I28: 22150 | J28: 25450 | K28: 30000 | L28: 1 | M28: 1 | N28: 1 | O28: 1 | P28: 1 | Q28: 1 | R28: 1 | S28: регистър ПТО | T28: регистър ПТО
B29: wC1 | C29: Обща дължина на канализационната мрежа, експлоатирана от ВиК оператора | D29: км | E29: 270 | F29: 280 | G29: 270 | H29: 280 | I29: 280 | J29: 280 | K29: 280 | L29: 1 | M29: 1 | N29: 1 | O29: 1 | P29: 1 | Q29: 1 | R29: 1 | S29: регистър ПТО | T29: регистър ПТО
C30: Общ брой канализационни помпени станции (КПС) | D30: брой | E30: 3 | F30: 3 | G30: 5 | H30: 5 | I30: 5 | J30: 5 | K30: 5 | L30: 1 | M30: 1 | N30: 1 | O30: 1 | P30: 1 | Q30: 1 | R30: 1 | S30: регистър ПТО | T30: регистър ПТО
C31: Общ брой пречиствателни станции за отпадъчни води (ПСОВ) | D31: брой | E31: 4 | F31: 4 | G31: 4 | H31: 5 | I31: 5 | J31: 5 | K31: 5 | L31: 1 | M31: 1 | N31: 1 | O31: 1 | P31: 1 | Q31: 1 | R31: 1 | S31: регистър ПТО | T31: регистър ПТО
A32: Качество на питейната вода - големи зони на водоснабдяване | B32: iD51a | C32: Общ брой на направените анализи за качество на питейните води в големи зони на водоснабдяване за отчетната година, които отговарят на изискванията на приложимите стандарти или законови разпоредби. | D32: брой | E32: =SUM(E33:E36) -> 7100 | F32: =SUM(F33:F36) -> 8471 | G32: =SUM(G33:G36) -> 7102 | H32: =SUM(H33:H36) -> 8468 | I32: =SUM(I33:I36) -> 7125 | J32: =SUM(J33:J36) -> 8468 | K32: =SUM(K33:K36) -> 7103 | L32: =MAX(L33,L34,L35,L36) -> 1 | M32: =MAX(M33,M34,M35,M36) -> 1 | N32: =MAX(N33,N34,N35,N36) -> 1 | O32: =MAX(O33,O34,O35,O36) -> 1 | P32: =MAX(P33,P34,P35,P36) -> 1 | Q32: =MAX(Q33,Q34,Q35,Q36) -> 1 | R32: =MAX(R33,R34,R35,R36) -> 1 | S32: регистър лабораторни изследвания | T32: регистър лабораторни изследвания
B33: iD62a | C33: Общ брой анализи за показатели с индикаторно значение за качеството на питейната вода, отговарящи на нормативните изисквания, в големи зони на водоснабдяване; | D33: брой | E33: 3124 | F33: 3736 | G33: 3124 | H33: 3736 | I33: 3124 | J33: 3736 | K33: 3124 | L33: 1 | M33: 1 | N33: 1 | O33: 1 | P33: 1 | Q33: 1 | R33: 1 | S33: регистър лабораторни изследвания | T33: регистър лабораторни изследвания
B34: iD63a | C34: Общ брой анализи по микробиологични показатели за качество на питейната вода, отговарящи на нормативните изисквания, в големи зони на водоснабдяване; | D34: брой | E34: 672 | F34: 810 | G34: 672 | H34: 810 | I34: 672 | J34: 810 | K34: 672 | L34: 1 | M34: 1 | N34: 1 | O34: 1 | P34: 1 | Q34: 1 | R34: 1 | S34: регистър лабораторни изследвания | T34: регистър лабораторни изследвания
B35: iD64a | C35: Общ брой анализи по физико-химични показатели за качество на питейната вода, отговарящи на нормативните изисквания, в големи зони на водоснабдяване; | D35: брой | E35: 3304 | F35: 3922 | G35: 3304 | H35: 3922 | I35: 3304 | J35: 3922 | K35: 3304 | L35: 1 | M35: 1 | N35: 1 | O35: 1 | P35: 1 | Q35: 1 | R35: 1 | S35: регистър лабораторни изследвания | T35: регистър лабораторни изследвания
B36: iD65a | C36: Общ брой анализи по радиоактивни показатели за качество на питейната вода, отговарящи на нормативните изисквания, в големи зони на водоснабдяване. | D36: брой | E36: 0 | F36: 3 | G36: 2 | H36: 0 | I36: 25 | J36: 0 | K36: 3 | L36: 1 | M36: 1 | N36: 1 | O36: 1 | P36: 1 | Q36: 1 | R36: 1 | S36: регистър лабораторни изследвания | T36: регистър лабораторни изследвания
B37: D51a | C37: Общ брой на направените анализи за качество на питейните води в големи зони на водоснабдяване, с изключение на анализите, които показват отклонения, разрешени по реда на наредбата по чл. 135, т. 3 от Закона за водите. | D37: брой | E37: =SUM(E38:E41) -> 7100 | F37: =SUM(F38:F41) -> 8471 | G37: =SUM(G38:G41) -> 7102 | H37: =SUM(H38:H41) -> 8468 | I37: =SUM(I38:I41) -> 7125 | J37: =SUM(J38:J41) -> 8468 | K37: =SUM(K38:K41) -> 7103 | L37: =MAX(L38,L39,L40,L41) -> 1 | M37: =MAX(M38,M39,M40,M41) -> 1 | N37: =MAX(N38,N39,N40,N41) -> 1 | O37: =MAX(O38,O39,O40,O41) -> 1 | P37: =MAX(P38,P39,P40,P41) -> 1 | Q37: =MAX(Q38,Q39,Q40,Q41) -> 1 | R37: =MAX(R38,R39,R40,R41) -> 1 | S37: регистър лабораторни изследвания | T37: регистър лабораторни изследвания
B38: D62a | C38: Общ брой анализи за показатели с индикаторно значение за качеството на питейната вода в големи зони на водоснабдяване; | D38: брой | E38: 3124 | F38: 3736 | G38: 3124 | H38: 3736 | I38: 3124 | J38: 3736 | K38: 3124 | L38: 1 | M38: 1 | N38: 1 | O38: 1 | P38: 1 | Q38: 1 | R38: 1 | S38: регистър лабораторни изследвания | T38: регистър лабораторни изследвания
B39: D63a | C39: Общ брой анализи по микробиологични показатели за качество на питейната вода в големи зони на водоснабдяване; | D39: брой | E39: 672 | F39: 810 | G39: 672 | H39: 810 | I39: 672 | J39: 810 | K39: 672 | L39: 1 | M39: 1 | N39: 1 | O39: 1 | P39: 1 | Q39: 1 | R39: 1 | S39: регистър лабораторни изследвания | T39: регистър лабораторни изследвания
B40: D64a | C40: Общ брой анализи по физико-химични показатели за качество на питейната вода в големи зони на водоснабдяване; | D40: брой | E40: 3304 | F40: 3922 | G40: 3304 | H40: 3922 | I40: 3304 | J40: 3922 | K40: 3304 | L40: 1 | M40: 1 | N40: 1 | O40: 1 | P40: 1 | Q40: 1 | R40: 1 | S40: регистър лабораторни изследвания | T40: регистър лабораторни изследвания
B41: D65a | C41: Общ брой анализи по радиоактивни показатели за качество на питейната вода в големи зони на водоснабдяване. | D41: брой | E41: 0 | F41: 3 | G41: 2 | H41: 0 | I41: 25 | J41: 0 | K41: 3 | L41: 1 | M41: 1 | N41: 1 | O41: 1 | P41: 1 | Q41: 1 | R41: 1 | S41: регистър лабораторни изследвания | T41: регистър лабораторни изследвания
A42: Качество на питейната вода - малки зони на водоснабдяване | B42: iD51b | C42: Общ брой на направените анализи за качество на питейните води в малки зони на водоснабдяване, които отговарят на изискванията на приложимите стандарти или законови разпоредби. | D42: брой | E42: =SUM(E43:E46) -> 26222 | F42: =SUM(F43:F46) -> 22338 | G42: =SUM(G43:G46) -> 25032 | H42: =SUM(H43:H46) -> 22449 | I42: =SUM(I43:I46) -> 25237 | J42: =SUM(J43:J46) -> 22299 | K42: =SUM(K43:K46) -> 25031 | L42: =MAX(L43,L44,L45,L46) -> 1 | M42: =MAX(M43,M44,M45,M46) -> 1 | N42: =MAX(N43,N44,N45,N46) -> 1 | O42: =MAX(O43,O44,O45,O46) -> 1 | P42: =MAX(P43,P44,P45,P46) -> 1 | Q42: =MAX(Q43,Q44,Q45,Q46) -> 1 | R42: =MAX(R43,R44,R45,R46) -> 1 | S42: регистър лабораторни изследвания | T42: регистър лабораторни изследвания
B43: iD62b | C43: Общ брой анализи за показатели с индикаторно значение за качеството на питейната вода, отговарящи на нормативните изисквания в малки зони на водоснабдяване; | D43: брой | E43: 11341 | F43: 9717 | G43: 10777 | H43: 9717 | I43: 10777 | J43: 9717 | K43: 10777 | L43: 1 | M43: 1 | N43: 1 | O43: 1 | P43: 1 | Q43: 1 | R43: 1 | S43: регистър лабораторни изследвания | T43: регистър лабораторни изследвания
B44: iD63b | C44: Общ брой анализи по микробиологични показатели за качество на питейната вода, отговарящи на нормативните изисквания в малки зони на водоснабдяване; | D44: брой | E44: 2086 | F44: 1800 | G44: 2028 | H44: 1800 | I44: 2028 | J44: 1800 | K44: 2028 | L44: 1 | M44: 1 | N44: 1 | O44: 1 | P44: 1 | Q44: 1 | R44: 1 | S44: регистър лабораторни изследвания | T44: регистър лабораторни изследвания
B45: iD64b | C45: Общ брой анализи по физико-химични показатели за качество на питейната вода, отговарящи на нормативните изисквания в малки зони на водоснабдяване; | D45: брой | E45: 12795 | F45: 10782 | G45: 12187 | H45: 10782 | I45: 12187 | J45: 10782 | K45: 12187 | L45: 1 | M45: 1 | N45: 1 | O45: 1 | P45: 1 | Q45: 1 | R45: 1 | S45: регистър лабораторни изследвания | T45: регистър лабораторни изследвания
B46: iD65b | C46: Общ брой анализи по радиоактивни показатели за качество на питейната вода, отговарящи на нормативните изисквания в малки зони на водоснабдяване. | D46: брой | E46: 0 | F46: 39 | G46: 40 | H46: 150 | I46: 245 | J46: 0 | K46: 39 | L46: 1 | M46: 1 | N46: 1 | O46: 1 | P46: 1 | Q46: 1 | R46: 1 | S46: регистър лабораторни изследвания | T46: регистър лабораторни изследвания
B47: D51b | C47: Общ брой на направените анализи за качество на питейните води в малки зони на водоснабдяване, с изключение на анализите, които показват отклонения, разрешени по реда на наредбата по чл. 135, ал. 1, т. 3 от Закона за водите. | D47: брой | E47: =SUM(E48:E51) -> 26312 | F47: =SUM(F48:F51) -> 23507 | G47: =SUM(G48:G51) -> 26349 | H47: =SUM(H48:H51) -> 23618 | I47: =SUM(I48:I51) -> 26554 | J47: =SUM(J48:J51) -> 23468 | K47: =SUM(K48:K51) -> 26348 | L47: =MAX(L48,L49,L50,L51) -> 1 | M47: =MAX(M48,M49,M50,M51) -> 1 | N47: =MAX(N48,N49,N50,N51) -> 1 | O47: =MAX(O48,O49,O50,O51) -> 1 | P47: =MAX(P48,P49,P50,P51) -> 1 | Q47: =MAX(Q48,Q49,Q50,Q51) -> 1 | R47: =MAX(R48,R49,R50,R51) -> 1 | S47: регистър лабораторни изследвания | T47: регистър лабораторни изследвания
B48: D62b | C48: Общ брой анализи за показатели с индикаторно значение за качеството на питейната вода в малки зони на водоснабдяване; | D48: брой | E48: 11348 | F48: 10228 | G48: 11345 | H48: 10228 | I48: 11345 | J48: 10228 | K48: 11345 | L48: 1 | M48: 1 | N48: 1 | O48: 1 | P48: 1 | Q48: 1 | R48: 1 | S48: регистър лабораторни изследвания | T48: регистър лабораторни изследвания
B49: D63b | C49: Общ брой анализи по микробиологични показатели за качество на питейната вода в малки зони на водоснабдяване; | D49: брой | E49: 2135 | F49: 1894 | G49: 2135 | H49: 1894 | I49: 2135 | J49: 1894 | K49: 2135 | L49: 1 | M49: 1 | N49: 1 | O49: 1 | P49: 1 | Q49: 1 | R49: 1 | S49: регистър лабораторни изследвания | T49: регистър лабораторни изследвания
B50: D64b | C50: Общ брой анализи по физико-химични показатели за качество на питейната вода в малки зони на водоснабдяване; | D50: брой | E50: 12829 | F50: 11346 | G50: 12829 | H50: 11346 | I50: 12829 | J50: 11346 | K50: 12829 | L50: 1 | M50: 1 | N50: 1 | O50: 1 | P50: 1 | Q50: 1 | R50: 1 | S50: регистър лабораторни изследвания | T50: регистър лабораторни изследвания
B51: D65b | C51: Общ брой анализи по радиоактивни показатели за качество на питейната вода в малки зони на водоснабдяване. | D51: брой | E51: 0 | F51: 39 | G51: 40 | H51: 150 | I51: 245 | J51: 0 | K51: 39 | L51: 1 | M51: 1 | N51: 1 | O51: 1 | P51: 1 | Q51: 1 | R51: 1 | S51: регистър лабораторни изследвания | T51: регистър лабораторни изследвания
A52: Мониторинг на качеството на питейната вода | B52: iD98 | C52: Общ брой на зоните на водоснабдяване с изпълнен мониторинг | D52: брой | E52: 84 | F52: 84 | G52: 84 | H52: 84 | I52: 84 | J52: 84 | K52: 84 | L52: 1 | M52: 1 | N52: 1 | O52: 1 | P52: 1 | Q52: 1 | R52: 1 | S52: регистър лабораторни изследвания | T52: регистър лабораторни изследвания
B53: iD99 | C53: Общ брой на зоните на водоснабдяване в обслужваната от ВиК оператора територия. | D53: брой | E53: 84 | F53: 84 | G53: 84 | H53: 84 | I53: 84 | J53: 84 | K53: 84 | L53: 1 | M53: 1 | N53: 1 | O53: 1 | P53: 1 | Q53: 1 | R53: 1 | S53: регистър лабораторни изследвания | T53: регистър лабораторни изследвания
A54: Качество на отпадъчни води | B54: iD97 | C54: Брой проби, отговарящи на условията, включени в разрешителните за заустване за разглеждания период | D54: брой | E54: 0 | F54: 0 | G54: 0 | H54: 0 | I54: 0 | J54: 0 | K54: 0 | L54: 1 | M54: 1 | N54: 1 | O54: 1 | P54: 1 | Q54: 1 | R54: 1 | S54: регистър лабораторни изследвания | T54: регистър лабораторни изследвания
B55: iD96 | C55: Общ брой проби за качество на отпадъчните води, изискуеми съгласно разрешителните за заустване | D55: брой | E55: 0 | F55: 0 | G55: 0 | H55: 0 | I55: 0 | J55: 0 | K55: 0 | L55: 1 | M55: 1 | N55: 1 | O55: 1 | P55: 1 | Q55: 1 | R55: 1 | S55: регистър лабораторни изследвания | T55: регистър лабораторни изследвания
A56: Прекъсвания и аварии | B56: D35 | C56: Сумата от общия брой на населението засегнато от прекъсвания на водоснабдяването в обслужваната от оператора територия и продължителността на съответстващите прекъсвания (в часове в разглеждания период). | D56: брой/часове | E56: 0 | F56: 0 | G56: 0 | H56: 0 | I56: 0 | J56: 0 | K56: 0 | L56: 1 | M56: 1 | N56: 1 | O56: 1 | P56: 1 | Q56: 1 | R56: 1 | S56: база данни | T56: база данни
B57: D28 | C57: Общ брой аварии по водопроводната мрежа, включително по арматури и фитинги | D57: брой | E57: 3235 | F57: 3200 | G57: 3913 | H57: 3913 | I57: 3913 | J57: 3500 | K57: 3500 | L57: 1 | M57: 1 | N57: 1 | O57: 1 | P57: 1 | Q57: 1 | R57: 1 | S57: база данни | T57: база данни
B58: wD38a | C58: Брой запушвания на канализационната мрежа, различни от тези в сградните канализационни отклонения за разглеждания период | D58: брой | E58: 136 | F58: 155 | G58: 145 | H58: 128 | I58: 125 | J58: 123 | K58: 115 | L58: 1 | M58: 1 | N58: 1 | O58: 1 | P58: 1 | Q58: 1 | R58: 1 | S58: регистър ПТО | T58: регистър ПТО
B59: wD38b | C59: Брой запушвания в сградните канализационни отклонения за разглеждания период | D59: брой | E59: 165 | F59: 245 | G59: 160 | H59: 166 | I59: 120 | J59: 118 | K59: 120 | L59: 1 | M59: 1 | N59: 1 | O59: 1 | P59: 1 | Q59: 1 | R59: 1 | S59: регистър ПТО | T59: регистър ПТО
B60: wD44 | C60: Брой аварии на канализационната мрежа поради структурно разрушаване на канала за разглеждания период | D60: брой | E60: 3 | F60: 0 | G60: 0 | H60: 1 | I60: 1 | J60: 1 | K60: 1 | L60: 1 | M60: 1 | N60: 1 | O60: 1 | P60: 1 | Q60: 1 | R60: 1 | S60: регистър ПТО | T60: регистър ПТО
A61: Водни количества | B61: A3 | C61: Подадена вода на вход водоснабдителна система (Q4, съгласно Наредба № 1 от 5.05.2006 г. за утвърждаване на Методика за определяне на допустимите загуби на вода във водоснабдителните системи | D61: м3 | E61: ='4. Отчет и прогн. потребление'!D10 -> 22866940 | F61: ='4. Отчет и прогн. потребление'!E10 -> 22005000 | G61: ='4. Отчет и прогн. потребление'!F10 -> 23201365 | H61: ='4. Отчет и прогн. потребление'!G10 -> 23201365 | I61: ='4. Отчет и прогн. потребление'!H10 -> 23201365 | J61: ='4. Отчет и прогн. потребление'!I10 -> 22000000 | K61: ='4. Отчет и прогн. потребление'!J10 -> 20550000 | L61: 1 | M61: 1 | N61: 1 | O61: 1 | P61: 1 | Q61: 1 | R61: 1 | S61: база данни | T61: база данни
B62: iA10 | C62: Продадена фактурирана вода (Q3, съгласно Наредба № 1 от 5.05.2006 г. за утвърждаване на Методика за определяне на допустимите загуби на вода във водоснабдителните системи, като се изключва водата подадена към друг оператор | D62: м3 | E62: ='4. Отчет и прогн. потребление'!D21 -> 7864819 | F62: ='4. Отчет и прогн. потребление'!E21 -> 7734700 | G62: ='4. Отчет и прогн. потребление'!F21 -> 8402805 | H62: ='4. Отчет и прогн. потребление'!G21 -> 8402805 | I62: ='4. Отчет и прогн. потребление'!H21 -> 8402805 | J62: ='4. Отчет и прогн. потребление'!I21 -> 8155500 | K62: ='4. Отчет и прогн. потребление'!J21 -> 7805000 | L62: 1 | M62: 1 | N62: 1 | O62: 1 | P62: 1 | Q62: 1 | R62: 1 | S62: база данни | T62: база данни
B63: iA21 | C63: Неносеща приходи вода (Q9 съгласно Наредба № 1 от 5.05.2006 г. за утвърждаване на Методика за определяне на допустимите загуби на вода във водоснабдителните системи, като се изключва водата подадена към друг оператор | D63: м3 | E63: ='4. Отчет и прогн. потребление'!D48 -> 15002121 | F63: ='4. Отчет и прогн. потребление'!E48 -> 14270300 | G63: ='4. Отчет и прогн. потребление'!F48 -> 14798560 | H63: ='4. Отчет и прогн. потребление'!G48 -> 14798560 | I63: ='4. Отчет и прогн. потребление'!H48 -> 14798560 | J63: ='4. Отчет и прогн. потребление'!I48 -> 13844500 | K63: ='4. Отчет и прогн. потребление'!J48 -> 12745000 | L63: 1 | M63: 1 | N63: 1 | O63: 1 | P63: 1 | Q63: 1 | R63: 1 | S63: база данни | T63: база данни
B64: wA2 | C64: Общо количество на постъпила за пречистване вода на вход ПСОВ, експлоатирани от ВиК оператора | D64: м3 | E64: 17745562 | F64: 19448400 | G64: 19448400 | H64: 20258400 | I64: 20258400 | J64: 20258400 | K64: 20258400 | L64: 1 | M64: 1 | N64: 1 | O64: 1 | P64: 1 | Q64: 1 | R64: 1 | S64: база данни | T64: база данни
A65: Измерване | C65: Общ брой водомери на водоизточници | D65: брой | E65: 84 | F65: 84 | G65: 88 | H65: 93 | I65: 96 | J65: 98 | K65: 108 | L65: 1 | M65: 1 | N65: 1 | O65: 1 | P65: 1 | Q65: 1 | R65: 1 | S65: база данни | T65: база данни
C66: Дял на водните количества на вход ВС, измервани при водоизточника (чл.194а ал.1 от Закона за водите) | D66: % | E66: 0.47 | F66: 0.47 | G66: 0.49 | H66: 0.52 | I66: 0.54 | J66: 0.55 | K66: 0.6 | L66: 1 | M66: 1 | N66: 1 | O66: 1 | P66: 1 | Q66: 1 | R66: 1 | S66: база данни | T66: база данни
C67: Дял на водните количества на вход ВС, измервани на хранителната тръба на напорния резервоар или на довеждащия водопровод, при техническа невъзможност за монтаж на измервателно устройство при водоизточника (чл.194а, ал.4 от Закона за водите) | D67: % | E67: 0.37 | F67: 0.43 | G67: 0.45 | H67: 0.44 | I67: 0.44 | J67: 0.45 | K67: 0.4 | L67: 1 | M67: 1 | N67: 1 | O67: 1 | P67: 1 | Q67: 1 | R67: 1 | S67: база данни | T67: база данни
C68: Дял на водните количества на вход ВС без измерване (по разрешителни) | D68: % | E68: 0.16 | F68: 0.1 | G68: 0.06 | H68: 0.04 | I68: 0.02 | J68: 0 | K68: 0 | L68: 1 | M68: 1 | N68: 1 | O68: 1 | P68: 1 | Q68: 1 | R68: 1 | S68: база данни | T68: база данни
C69: Общо дял на водните количества | D69: % | E69: =SUM(E66:E68) -> 1 | F69: =SUM(F66:F68) -> 1 | G69: =SUM(G66:G68) -> 1 | H69: =SUM(H66:H68) -> 1 | I69: =SUM(I66:I68) -> 1 | J69: =SUM(J66:J68) -> 1 | K69: =SUM(K66:K68) -> 1
C70: Общ брой контролни водомери по мрежата (различни от водомери на водоизточници) | D70: брой | E70: 2343 | F70: 2397 | G70: 2417 | H70: 2427 | I70: 2437 | J70: 2447 | K70: 2457 | L70: 1 | M70: 1 | N70: 1 | O70: 1 | P70: 1 | Q70: 1 | R70: 1 | S70: база данни | T70: база данни
B71: iDMAm | C71: Броят на водомерни зони, имащи постоянно измерване на дебит и налягане на вход/изход зона, с интервал на запис на данни от 15 минути и архивиране на данните в електронни бази данни, за период от минимум 1 година, и измервания в критична точка при необходимост | D71: брой | E71: 0 | F71: 0 | G71: 0 | H71: 0 | I71: 0 | J71: 0 | K71: 0 | L71: 1 | M71: 1 | N71: 1 | O71: 1 | P71: 1 | Q71: 1 | R71: 1 | S71: база данни | T71: база данни
B72: iD45 | C72: Общ брой водомери на СВО (средства за измерване), които са приведени в техническа и метрологична годност през отчетната година и отговарят на одобрения тип, и които са монтирани на СВО през отчетната година | D72: брой | E72: 7810 | F72: 7999 | G72: 8245 | H72: 8499 | I72: 8700 | J72: 8826 | K72: 9000 | L72: 1 | M72: 1 | N72: 1 | O72: 1 | P72: 1 | Q72: 1 | R72: 1 | S72: база данни | T72: база данни
B73: iD44 | C73: Общ брой водомери на СВО (средства за измерване), които са в техническа и метрологична годност и отговарят на одобрения тип | D73: брой | E73: 38480 | F73: 46480 | G73: 54725 | H73: 63225 | I73: 64041 | J73: 64941 | K73: 65941 | L73: 1 | M73: 1 | N73: 1 | O73: 1 | P73: 1 | Q73: 1 | R73: 1 | S73: база данни | T73: база данни
C74: Общ брой разходомери на ПСОВ | D74: брой | E74: 5 | F74: 7 | G74: 7 | H74: 9 | I74: 9 | J74: 9 | K74: 9 | L74: 1 | M74: 1 | N74: 1 | O74: 1 | P74: 1 | Q74: 1 | R74: 1 | S74: регистър ПСОВ | T74: регистър ПСОВ
C75: Общ брой разходомери по канализационна мрежа | D75: брой | E75: 0 | F75: 0 | G75: 0 | H75: 0 | I75: 0 | J75: 0 | K75: 0 | L75: 1 | M75: 1 | N75: 1 | O75: 1 | P75: 1 | Q75: 1 | R75: 1 | S75: регистър ПСОВ | T75: регистър ПСОВ
A76: Рехабилитирана и проучена водопроводна мрежа | B76: D20 | C76: Обща дължина на рехабилитираната водопроводна мрежа | D76: км | E76: 58 | F76: 55 | G76: 56 | H76: 55 | I76: 53 | J76: 52 | K76: 50 | L76: 1 | M76: 1 | N76: 1 | O76: 1 | P76: 1 | Q76: 1 | R76: 1 | S76: база данни | T76: база данни
B77: D9 | C77: Обща дължина на водопроводната мрежа, за която е реализиран процес на регулярно обследване и активен контрол на течовете (включително микрофони, корелатори, акустични логери и други), при който се откриват и отстраняват скрити течове | D77: км | E77: 110 | F77: 100 | G77: 90 | H77: 80 | I77: 70 | J77: 60 | K77: 35 | L77: 1 | M77: 1 | N77: 1 | O77: 1 | P77: 1 | Q77: 1 | R77: 1 | S77: база данни | T77: база данни
A78: Електро енергия | B78: zD1 | C78: Общо количество на изразходваната електрическа енергия, за добив, пречистване и доставка на вода от ВиК оператора | D78: кВтч | E78: ='6. Ел.Енергия'!C12 -> 11527797 | F78: ='6. Ел.Енергия'!D12 -> 11361574 | G78: ='6. Ел.Енергия'!E12 -> 11350000 | H78: ='6. Ел.Енергия'!F12 -> 11350000 | I78: ='6. Ел.Енергия'!G12 -> 11350000 | J78: ='6. Ел.Енергия'!H12 -> 11350000 | K78: ='6. Ел.Енергия'!I12 -> 11350000 | L78: 1 | M78: 1 | N78: 1 | O78: 1 | P78: 1 | Q78: 1 | R78: 1 | S78: база данни | T78: база данни
B79: wD13 | C79: Общо количество на изразходваната електрическа енергия за пречистване на отпадъчна вода от ПСОВ експлоатирани от ВиК оператора | D79: кВтч | E79: ='6. Ел.Енергия'!C37 -> 2649109 | F79: ='6. Ел.Енергия'!D37 -> 2600000 | G79: ='6. Ел.Енергия'!E37 -> 3000000 | H79: ='6. Ел.Енергия'!F37 -> 3000000 | I79: ='6. Ел.Енергия'!G37 -> 3000000 | J79: ='6. Ел.Енергия'!H37 -> 3000000 | K79: ='6. Ел.Енергия'!I37 -> 3000000 | L79: 1 | M79: 1 | N79: 1 | O79: 1 | P79: 1 | Q79: 1 | R79: 1 | S79: база данни | T79: база данни
A80: Утайки от ПСОВ | B80: wA15 | C80: Общо количество на сухото тегло на утайките от експлоатираните от В и К оператора ПСОВ, произведени през годината, предхождаща отчетната година, и оползотворени до края на отчетната година | D80: тон с.в. | E80: 50 | F80: ='7. Утайки от ПСОВ'!D18+'7. Утайки от ПСОВ'!E17 -> 35 | G80: ='7. Утайки от ПСОВ'!E18+'7. Утайки от ПСОВ'!F17 -> 322 | H80: ='7. Утайки от ПСОВ'!F18+'7. Утайки от ПСОВ'!G17 -> 634 | I80: ='7. Утайки от ПСОВ'!G18+'7. Утайки от ПСОВ'!H17 -> 634 | J80: ='7. Утайки от ПСОВ'!H18+'7. Утайки от ПСОВ'!I17 -> 634 | K80: ='7. Утайки от ПСОВ'!I18+'7. Утайки от ПСОВ'!J17 -> 634 | L80: 1 | M80: 1 | N80: 1 | O80: 1 | P80: 1 | Q80: 1 | R80: 1 | S80: регистър ПСОВ | T80: регистър ПСОВ
B81: wA14 | C81: Общо количество на сухото тегло на утайките от ПСОВ, експлоатирани от ВиК оператора, произведени през годината, предхождаща отчетната година (тон сухо вещество). | D81: тон с.в. | E81: 50 | F81: ='7. Утайки от ПСОВ'!D13 -> 122 | G81: ='7. Утайки от ПСОВ'!E13 -> 322 | H81: ='7. Утайки от ПСОВ'!F13 -> 634 | I81: ='7. Утайки от ПСОВ'!G13 -> 634 | J81: ='7. Утайки от ПСОВ'!H13 -> 634 | K81: ='7. Утайки от ПСОВ'!I13 -> 634 | L81: 1 | M81: 1 | N81: 1 | O81: 1 | P81: 1 | Q81: 1 | R81: 1 | S81: регистър ПСОВ | T81: регистър ПСОВ
A82: Приходи, разходи и събираемост | B82: G1 | C82: Обща сума на приходите от оперативна дейност от услуга доставяне на вода на потребителите | D82: лв | E82: 11106128 | F82: 12779000 | G82: ='16. Необходими приходи'!F11*1000 -> 14669204 | H82: ='16. Необходими приходи'!G11*1000 -> 14869315 | I82: ='16. Необходими приходи'!H11*1000 -> 14852047 | J82: ='16. Необходими приходи'!I11*1000 -> 14763980 | K82: ='16. Необходими приходи'!J11*1000 -> 15386322 | L82: 1 | M82: 1 | N82: 1 | O82: 1 | P82: 1 | Q82: 1 | R82: 1 | S82: ЕСРО | T82: ЕСРО
B83: G4 | C83: Обща сума на отчетените разходи за услуга доставяне на вода на потребителите съгласно ЕСРО | D83: лв | E83: ='12. Разходи'!C84*1000 -> 11108000 | F83: ='12. Разходи'!D84*1000 -> 11999533 | G83: ='12. Разходи'!E84*1000 -> 13678099 | H83: ='12. Разходи'!F84*1000 -> 13872026 | I83: ='12. Разходи'!G84*1000 -> 13859315 | J83: ='12. Разходи'!H84*1000 -> 13783459 | K83: ='12. Разходи'!I84*1000 -> 14408128 | L83: 1 | M83: 1 | N83: 1 | O83: 1 | P83: 1 | Q83: 1 | R83: 1 | S83: ЕСРО | T83: ЕСРО
B84: iwG1b | C84: Обща сума на приходите от оперативна дейност от услугата отвеждане на отпадъчни води | D84: лв | E84: 863058 | F84: 1032000 | G84: ='16. Необходими приходи'!M11*1000 -> 1020427.8 | H84: ='16. Необходими приходи'!N11*1000 -> 1095310.1 | I84: ='16. Необходими приходи'!O11*1000 -> 1157773.7 | J84: ='16. Необходими приходи'!P11*1000 -> 1137020.8 | K84: ='16. Необходими приходи'!Q11*1000 -> 1140239.3 | L84: 1 | M84: 1 | N84: 1 | O84: 1 | P84: 1 | Q84: 1 | R84: 1 | S84: ЕСРО | T84: ЕСРО
B85: iwG4b | C85: Обща сума на отчетените разходи за услугата отвеждане на отпадъчни води съгласно ЕСРО | D85: лв | E85: ='12. Разходи'!J84*1000 -> 669000 | F85: ='12. Разходи'!K84*1000 -> 747051.64 | G85: ='12. Разходи'!L84*1000 -> 807513.51 | H85: ='12. Разходи'!M84*1000 -> 891865.81 | I85: ='12. Разходи'!N84*1000 -> 967018.68 | J85: ='12. Разходи'!O84*1000 -> 960726.71 | K85: ='12. Разходи'!P84*1000 -> 979701.22 | L85: 1 | M85: 1 | N85: 1 | O85: 1 | P85: 1 | Q85: 1 | R85: 1 | S85: ЕСРО | T85: ЕСРО
B86: iwG1c | C86: Обща сума на приходите от оперативна дейност от услугата пречистване на отпадъчни води | D86: лв | E86: 1255053 | F86: 1448000 | G86: ='16. Необходими приходи'!T11*1000 -> 1331963.7 | H86: ='16. Необходими приходи'!U11*1000 -> 1518047 | I86: ='16. Необходими приходи'!V11*1000 -> 1610783.9 | J86: ='16. Необходими приходи'!W11*1000 -> 1700670.9 | K86: ='16. Необходими приходи'!X11*1000 -> 1708511.1 | L86: 1 | M86: 1 | N86: 1 | O86: 1 | P86: 1 | Q86: 1 | R86: 1 | S86: ЕСРО | T86: ЕСРО
B87: iwG4c | C87: Обща сума на отчетените разходи за услуга пречистване на отпадъчни води съгласно ЕСРО | D87: лв | E87: ='12. Разходи'!Q84*1000 -> 820000 | F87: ='12. Разходи'!R84*1000 -> 1104960.8 | G87: ='12. Разходи'!S84*1000 -> 1286507.4 | H87: ='12. Разходи'!T84*1000 -> 1429798.6 | I87: ='12. Разходи'!U84*1000 -> 1519906 | J87: ='12. Разходи'!V84*1000 -> 1609623.9 | K87: ='12. Разходи'!W84*1000 -> 1617361 | L87: 1 | M87: 1 | N87: 1 | O87: 1 | P87: 1 | Q87: 1 | R87: 1 | S87: ЕСРО | T87: ЕСРО
B88: iG99 | C88: Обща сума на приходите от продажби на водоснабдителни и канализационни услуги за годината | D88: лв с вкл. ДДС | E88: 15869087 | F88: 18310800 | G88: 20425915 | H88: 20979206 | I88: 21144726 | J88: 21122006 | K88: 21882086 | L88: 1 | M88: 1 | N88: 1 | O88: 1 | P88: 1 | Q88: 1 | R88: 1 | S88: ЕСРО | T88: ЕСРО
B89: iG98 | C89: Обща сума на вземанията от потребители и доставчици към края на годината | D89: лв с вкл. ДДС | E89: 2667842 | F89: 3133532 | G89: 3334450 | H89: 3195405 | I89: 3196478 | J89: 3191455 | K89: 3287458 | L89: 1 | M89: 1 | N89: 1 | O89: 1 | P89: 1 | Q89: 1 | R89: 1 | S89: ЕСРО | T89: ЕСРО
B90: iG97 | C90: Обща сума на вземанията от потребители и доставчици за предходната година | D90: лв с вкл. ДДС | E90: 2835998 | F90: 2667842 | G90: 3133532 | H90: 3334450 | I90: 3195405 | J90: 3197490 | K90: 3191455 | L90: 1 | M90: 1 | N90: 1 | O90: 1 | P90: 1 | Q90: 1 | R90: 1 | S90: ЕСРО | T90: ЕСРО
A91: Отговори на оплаквания и жалби | B91: iF98 | C91: Общ брой отговори на оплаквания на потребители в срок от 14 дни. | D91: брой | E91: =SUM(E92:E94) -> 167 | F91: =SUM(F92:F94) -> 160 | G91: =SUM(G92:G94) -> 165 | H91: =SUM(H92:H94) -> 160 | I91: =SUM(I92:I94) -> 160 | J91: =SUM(J92:J94) -> 160 | K91: =SUM(K92:K94) -> 160 | L91: 1 | M91: 1 | N91: 1 | O91: 1 | P91: 1 | Q91: 1 | R91: 1 | S91: регистър жалби | T91: регистър жалби
B92: F24 | C92: Общ брой отговори на оплаквания на потребители за услуга доставяне на вода на потребителите | D92: брой | E92: 167 | F92: 160 | G92: 165 | H92: 160 | I92: 160 | J92: 160 | K92: 160 | L92: 1 | M92: 1 | N92: 1 | O92: 1 | P92: 1 | Q92: 1 | R92: 1 | S92: регистър жалби | T92: регистър жалби
B93: wF20 | C93: Общ брой отговори на оплаквания на потребители за услугите отвеждане и пречистване на отпадъчни води | D93: брой | E93: 0 | F93: 0 | G93: 0 | H93: 0 | I93: 0 | J93: 0 | K93: 0 | L93: 1 | M93: 1 | N93: 1 | O93: 1 | P93: 1 | Q93: 1 | R93: 1 | S93: регистър жалби | T93: регистър жалби
B94: iF88 | C94: Общ брой на отговори на оплаквания на потребители по отношение фактуриране на услугите доставяне на вода на потребителите и отвеждане и пречистване на отпадъчни води | D94: брой | E94: 0 | F94: 0 | G94: 0 | H94: 0 | I94: 0 | J94: 0 | K94: 0 | L94: 1 | M94: 1 | N94: 1 | O94: 1 | P94: 1 | Q94: 1 | R94: 1 | S94: регистър жалби | T94: регистър жалби
A95: Оплаквания и жалби | B95: iF99 | C95: Общ брой оплаквания на потребители от ВиК услуги за разглеждания период. | D95: брой | E95: =E96+E101+E106 -> 167 | F95: =F96+F101+F106 -> 160 | G95: =G96+G101+G106 -> 165 | H95: =H96+H101+H106 -> 160 | I95: =I96+I101+I106 -> 160 | J95: =J96+J101+J106 -> 160 | K95: =K96+K101+K106 -> 160 | L95: 1 | M95: 1 | N95: 1 | O95: 1 | P95: 1 | Q95: 1 | R95: 1 | S95: регистър жалби | T95: регистър жалби
B96: F23 | C96: Общ брой оплаквания на потребители за разглеждания период за услуга доставяне на вода на потребителите | D96: брой | E96: =SUM(E97:E100) -> 167 | F96: =SUM(F97:F100) -> 160 | G96: =SUM(G97:G100) -> 165 | H96: =SUM(H97:H100) -> 160 | I96: =SUM(I97:I100) -> 160 | J96: =SUM(J97:J100) -> 160 | K96: =SUM(K97:K100) -> 160 | L96: 1 | M96: 1 | N96: 1 | O96: 1 | P96: 1 | Q96: 1 | R96: 1 | S96: регистър жалби | T96: регистър жалби
B97: F16 | C97: Общ брой оплаквания от потребители свързани с налягане във водоснабдителната система за разглеждания период | D97: брой | E97: 0 | F97: 0 | G97: 0 | H97: 0 | I97: 0 | J97: 0 | K97: 0 | L97: 1 | M97: 1 | N97: 1 | O97: 1 | P97: 1 | Q97: 1 | R97: 1 | S97: регистър жалби | T97: регистър жалби
B98: iF17 | C98: Общ брой оплаквания за нарушено водоснабдяване | D98: брой | E98: 8 | F98: 10 | G98: 10 | H98: 10 | I98: 10 | J98: 10 | K98: 10 | L98: 1 | M98: 1 | N98: 1 | O98: 1 | P98: 1 | Q98: 1 | R98: 1 | S98: регистър жалби | T98: регистър жалби
B99: F18 | C99: Общ брой оплаквания за качеството на питейната вода | D99: брой | E99: 0 | F99: 0 | G99: 0 | H99: 0 | I99: 0 | J99: 0 | K99: 0 | L99: 1 | M99: 1 | N99: 1 | O99: 1 | P99: 1 | Q99: 1 | R99: 1 | S99: регистър жалби | T99: регистър жалби
B100: F19 | C100: Общ брой други оплаквания за услугата доставяне на вода на потребителите | D100: брой | E100: 159 | F100: 150 | G100: 155 | H100: 150 | I100: 150 | J100: 150 | K100: 150 | L100: 1 | M100: 1 | N100: 1 | O100: 1 | P100: 1 | Q100: 1 | R100: 1 | S100: регистър жалби | T100: регистър жалби
B101: wF12 | C101: Общ брой оплаквания на потребители за разглеждания период за услугите отвеждане и пречистване на отпадъчни води | D101: брой | E101: =SUM(E102:E105) -> 0 | F101: =SUM(F102:F105) -> 0 | G101: =SUM(G102:G105) -> 0 | H101: =SUM(H102:H105) -> 0 | I101: =SUM(I102:I105) -> 0 | J101: =SUM(J102:J105) -> 0 | K101: =SUM(K102:K105) -> 0 | L101: 1 | M101: 1 | N101: 1 | O101: 1 | P101: 1 | Q101: 1 | R101: 1 | S101: регистър жалби | T101: регистър жалби
...

Sheet 3. Показатели за качество
L1: ='2. Променливи'!R1:R1 -> Приложение № 2
A2: Справка № 3 Показатели за качество на предоставяните В и К услуги
A3: ='1. Анкетна карта'!A3:J3 -> на "Водоснабдяване и канализация" ООД , гр. Враца
A4: ='1. Анкетна карта'!A4:J4 -> ЕИК по БУЛСТАТ: 816090199
A6: № | B6: ПК | C6: Параметър | D6: Ед. мярка | E6: ='Приложение '!$G12 -> 2015 г. | F6: ='Приложение '!$G13 -> 2016 г. | G6: ='Приложение '!$G14 -> 2017 г. | H6: ='Приложение '!$G15 -> 2018 г. | I6: ='Приложение '!$G16 -> 2019 г. | J6: ='Приложение '!$G17 -> 2020 г. | K6: ='Приложение '!$G18 -> 2021 г. | L6: ="Качество на информацията за " &'Приложение '!G12 -> Качество на информацията за 2015 г. | M6: ="Качество на информацията за " &'Приложение '!G18 -> Качество на информацията за 2021 г. | N6: Индивидуална цел за 2021 г. | O6: Дългосрочно ниво
A7: 1 | B7: ПК1 | C7: Ниво на покритие с водоснабдителни услуги | D7: % | E7: ='2. Променливи'!E8/'2. Променливи'!E11 -> 0.99623355 | F7: ='2. Променливи'!F8/'2. Променливи'!F11 -> 0.99734748 | G7: ='2. Променливи'!G8/'2. Променливи'!G11 -> 0.99734748 | H7: ='2. Променливи'!H8/'2. Променливи'!H11 -> 0.99734748 | I7: ='2. Променливи'!I8/'2. Променливи'!I11 -> 0.99734748 | J7: ='2. Променливи'!J8/'2. Променливи'!J11 -> 0.99730458 | K7: ='2. Променливи'!K8/'2. Променливи'!K11 -> 0.99730458 | L7: 1 | M7: 1 | N7: 1 | O7: 0.99
A8: 2 | B8: ПК2а | C8: Качество на питейната вода в големи зони на водоснабдяване | D8: % | E8: ='2. Променливи'!E32/'2. Променливи'!E37 -> 1 | F8: ='2. Променливи'!F32/'2. Променливи'!F37 -> 1 | G8: ='2. Променливи'!G32/'2. Променливи'!G37 -> 1 | H8: ='2. Променливи'!H32/'2. Променливи'!H37 -> 1 | I8: ='2. Променливи'!I32/'2. Променливи'!I37 -> 1 | J8: ='2. Променливи'!J32/'2. Променливи'!J37 -> 1 | K8: ='2. Променливи'!K32/'2. Променливи'!K37 -> 1 | L8: 1 | M8: 1 | N8: 1 | O8: 0.99
A9: 3 | B9: ПК2б | C9: Качество на питейната вода в малки зони на водоснабдяване | D9: % | E9: ='2. Променливи'!E42/'2. Променливи'!E47 -> 0.99657951 | F9: ='2. Променливи'!F42/'2. Променливи'!F47 -> 0.95027013 | G9: ='2. Променливи'!G42/'2. Променливи'!G47 -> 0.95001708 | H9: ='2. Променливи'!H42/'2. Променливи'!H47 -> 0.95050385 | I9: ='2. Променливи'!I42/'2. Променливи'!I47 -> 0.95040295 | J9: ='2. Променливи'!J42/'2. Променливи'!J47 -> 0.95018749 | K9: ='2. Променливи'!K42/'2. Променливи'!K47 -> 0.95001518 | L9: 1 | M9: 1 | N9: 1 | O9: 0.98
A10: 4 | B10: ПК2в | C10: Мониторинг на качеството на питейната вода | D10: % | E10: ='2. Променливи'!E52/'2. Променливи'!E53 -> 1 | F10: ='2. Променливи'!F52/'2. Променливи'!F53 -> 1 | G10: ='2. Променливи'!G52/'2. Променливи'!G53 -> 1 | H10: ='2. Променливи'!H52/'2. Променливи'!H53 -> 1 | I10: ='2. Променливи'!I52/'2. Променливи'!I53 -> 1 | J10: ='2. Променливи'!J52/'2. Променливи'!J53 -> 1 | K10: ='2. Променливи'!K52/'2. Променливи'!K53 -> 1 | L10: 1 | M10: 1 | N10: 1 | O10: 1
A11: 5 | B11: ПК3 | C11: Непрекъснатост на водоснабдяването | D11: съотношение | E11: ='2. Променливи'!E56/('2. Променливи'!E8*24*365)*1000 -> 0 | F11: ='2. Променливи'!F56/('2. Променливи'!F8*24*365)*1000 -> 0 | G11: ='2. Променливи'!G56/('2. Променливи'!G8*24*365)*1000 -> 0 | H11: ='2. Променливи'!H56/('2. Променливи'!H8*24*365)*1000 -> 0 | I11: ='2. Променливи'!I56/('2. Променливи'!I8*24*365)*1000 -> 0 | J11: ='2. Променливи'!J56/('2. Променливи'!J8*24*365)*1000 -> 0 | K11: ='2. Променливи'!K56/('2. Променливи'!K8*24*365)*1000 -> 0 | L11: 1 | M11: 1 | N11: 1 | O11: 8
A12: 6 | B12: ПК4а | C12: Общи загуби на вода във водоснабдителните системи | D12: м3/км/ден | E12: ='2. Променливи'!E63/'2. Променливи'!E24/365 -> 14.416591 | F12: ='2. Променливи'!F63/'2. Променливи'!F24/365 -> 13.713333 | G12: ='2. Променливи'!G63/'2. Променливи'!G24/365 -> 14.220975 | H12: ='2. Променливи'!H63/'2. Променливи'!H24/365 -> 14.220975 | I12: ='2. Променливи'!I63/'2. Променливи'!I24/365 -> 14.220975 | J12: ='2. Променливи'!J63/'2. Променливи'!J24/365 -> 13.304152 | K12: ='2. Променливи'!K63/'2. Променливи'!K24/365 -> 12.247565 | L12: 1 | M12: 1 | N12: 1 | O12: 15
A13: 7 | B13: ПК4б | C13: Общи загуби на вода във водоснабдителните системи | D13: % | E13: ='2. Променливи'!E63/'2. Променливи'!E61 -> 0.65606159 | F13: ='2. Променливи'!F63/'2. Променливи'!F61 -> 0.64850261 | G13: ='2. Променливи'!G63/'2. Променливи'!G61 -> 0.63783144 | H13: ='2. Променливи'!H63/'2. Променливи'!H61 -> 0.63783144 | I13: ='2. Променливи'!I63/'2. Променливи'!I61 -> 0.63783144 | J13: ='2. Променливи'!J63/'2. Променливи'!J61 -> 0.62929545 | K13: ='2. Променливи'!K63/'2. Променливи'!K61 -> 0.62019465 | L13: 1 | M13: 1 | N13: 1 | O13: 0.49
A14: 8 | B14: ПК5 | C14: Аварии по водопроводната мрежа | D14: бр/100км/год | E14: ='2. Променливи'!E57/'2. Променливи'!E23*100 -> 114.14961 | F14: ='2. Променливи'!F57/'2. Променливи'!F23*100 -> 112.91461 | G14: ='2. Променливи'!G57/'2. Променливи'!G23*100 -> 138.07339 | H14: ='2. Променливи'!H57/'2. Променливи'!H23*100 -> 138.07339 | I14: ='2. Променливи'!I57/'2. Променливи'!I23*100 -> 138.07339 | J14: ='2. Променливи'!J57/'2. Променливи'!J23*100 -> 123.50035 | K14: ='2. Променливи'!K57/'2. Променливи'!K23*100 -> 123.50035 | L14: 1 | M14: 1 | N14: 1 | O14: 60
A15: 9 | B15: ПК6a | C15: Налягане във водоснабдителната система | D15: % | E15: ='2. Променливи'!E71/'2. Променливи'!E25 -> 0 | F15: ='2. Променливи'!F71/'2. Променливи'!F25 -> 0 | G15: ='2. Променливи'!G71/'2. Променливи'!G25 -> 0 | H15: ='2. Променливи'!H71/'2. Променливи'!H25 -> 0 | I15: ='2. Променливи'!I71/'2. Променливи'!I25 -> 0 | J15: ='2. Променливи'!J71/'2. Променливи'!J25 -> 0 | K15: ='2. Променливи'!K71/'2. Променливи'!K25 -> 0 | L15: 1 | M15: 1 | N15: 1 | O15: 1
A16: 10 | B16: ПК7а | C16: Ниво на покритие с услуги по отвеждане на отпадъчни води | D16: % | E16: ='2. Променливи'!E9/'2. Променливи'!E11 -> 0.56216494 | F16: ='2. Променливи'!F9/'2. Променливи'!F11 -> 0.56297613 | G16: ='2. Променливи'!G9/'2. Променливи'!G11 -> 0.56308223 | H16: ='2. Променливи'!H9/'2. Променливи'!H11 -> 0.56320955 | I16: ='2. Променливи'!I9/'2. Променливи'!I11 -> 0.5633687 | J16: ='2. Променливи'!J9/'2. Променливи'!J11 -> 0.57274933 | K16: ='2. Променливи'!K9/'2. Променливи'!K11 -> 0.57285714 | L16: 1 | M16: 1 | N16: 1 | O16: 0.75
A17: 11 | B17: ПК7б | C17: Ниво на покритие с услуги по пречистване на отпадъчни води | D17: % | E17: ='2. Променливи'!E10/'2. Променливи'!E11 -> 0.51733838 | F17: ='2. Променливи'!F10/'2. Променливи'!F11 -> 0.51808488 | G17: ='2. Променливи'!G10/'2. Променливи'!G11 -> 0.51819098 | H17: ='2. Променливи'!H10/'2. Променливи'!H11 -> 0.51829708 | I17: ='2. Променливи'!I10/'2. Променливи'!I11 -> 0.51845623 | J17: ='2. Променливи'!J10/'2. Променливи'!J11 -> 0.52711051 | K17: ='2. Променливи'!K10/'2. Променливи'!K11 -> 0.52721833 | L17: 1 | M17: 1 | N17: 1 | O17: 0.75
A18: 12 | B18: ПК8 | C18: Качество на отпадъчните води | D18: % | E18: ='2. Променливи'!E54/'2. Променливи'!E55 -> #DIV/0! | F18: ='2. Променливи'!F54/'2. Променливи'!F55 -> #DIV/0! | G18: ='2. Променливи'!G54/'2. Променливи'!G55 -> #DIV/0! | H18: ='2. Променливи'!H54/'2. Променливи'!H55 -> #DIV/0! | I18: ='2. Променливи'!I54/'2. Променливи'!I55 -> #DIV/0! | J18: ='2. Променливи'!J54/'2. Променливи'!J55 -> #DIV/0! | K18: ='2. Променливи'!K54/'2. Променливи'!K55 -> #DIV/0! | L18: 1 | M18: 1 | N18: 1 | O18: 0.93
A19: 13 | B19: ПК9 | C19: Аварии на канализационната мрежа | D19: бр/100км/год | E19: =('2. Променливи'!E58+'2. Променливи'!E59+'2. Променливи'!E60)/'2. Променливи'!E29*100 -> 112.59259 | F19: =('2. Променливи'!F58+'2. Променливи'!F59+'2. Променливи'!F60)/'2. Променливи'!F29*100 -> 142.85714 | G19: =('2. Променливи'!G58+'2. Променливи'!G59+'2. Променливи'!G60)/'2. Променливи'!G29*100 -> 112.96296 | H19: =('2. Променливи'!H58+'2. Променливи'!H59+'2. Променливи'!H60)/'2. Променливи'!H29*100 -> 105.35714 | I19: =('2. Променливи'!I58+'2. Променливи'!I59+'2. Променливи'!I60)/'2. Променливи'!I29*100 -> 87.857143 | J19: =('2. Променливи'!J58+'2. Променливи'!J59+'2. Променливи'!J60)/'2. Променливи'!J29*100 -> 86.428571 | K19: =('2. Променливи'!K58+'2. Променливи'!K59+'2. Променливи'!K60)/'2. Променливи'!K29*100 -> 84.285714 | L19: 1 | M19: 1 | N19: 1 | O19: 120
A20: 14 | B20: ПК10 | C20: Наводнения в имоти на трети лица, причинени от канализацията | D20: бр/10 000 потреб | E20: ='2. Променливи'!E103/'2. Променливи'!E12*10000 -> 0 | F20: ='2. Променливи'!F103/'2. Променливи'!F12*10000 -> 0 | G20: ='2. Променливи'!G103/'2. Променливи'!G12*10000 -> 0 | H20: ='2. Променливи'!H103/'2. Променливи'!H12*10000 -> 0 | I20: ='2. Променливи'!I103/'2. Променливи'!I12*10000 -> 0 | J20: ='2. Променливи'!J103/'2. Променливи'!J12*10000 -> 0 | K20: ='2. Променливи'!K103/'2. Променливи'!K12*10000 -> 0 | L20: 1 | M20: 1 | N20: 1 | O20: 0.5
A21: 15 | B21: ПК11а | C21: Енергийна ефективност за дейността по доставяне на вода на потребителите | D21: кВч/м3 | E21: ='2. Променливи'!E78/'2. Променливи'!E61 -> 0.50412504 | F21: ='2. Променливи'!F78/'2. Променливи'!F61 -> 0.51631784 | G21: ='2. Променливи'!G78/'2. Променливи'!G61 -> 0.48919536 | H21: ='2. Променливи'!H78/'2. Променливи'!H61 -> 0.48919536 | I21: ='2. Променливи'!I78/'2. Променливи'!I61 -> 0.48919536 | J21: ='2. Променливи'!J78/'2. Променливи'!J61 -> 0.51590909 | K21: ='2. Променливи'!K78/'2. Променливи'!K61 -> 0.55231144 | L21: 1 | M21: 1 | N21: 1 | O21: 0.45
A22: 16 | B22: ПК11б | C22: Енергийна ефективност за дейността по пречистване на отпадъчни води | D22: кВч/м3 | E22: ='2. Променливи'!E79/'2. Променливи'!E64 -> 0.1492829 | F22: ='2. Променливи'!F79/'2. Променливи'!F64 -> 0.13368709 | G22: ='2. Променливи'!G79/'2. Променливи'!G64 -> 0.15425433 | H22: ='2. Променливи'!H79/'2. Променливи'!H64 -> 0.14808672 | I22: ='2. Променливи'!I79/'2. Променливи'!I64 -> 0.14808672 | J22: ='2. Променливи'!J79/'2. Променливи'!J64 -> 0.14808672 | K22: ='2. Променливи'!K79/'2. Променливи'!K64 -> 0.14808672 | L22: 1 | M22: 1 | N22: 1 | O22: 0.25
A23: 17 | B23: ПК11в | C23: Оползотворяване на утайките от ПСОВ | D23: % | E23: ='2. Променливи'!E80/'2. Променливи'!E81 -> 1 | F23: ='2. Променливи'!F80/'2. Променливи'!F81 -> 0.28688525 | G23: ='2. Променливи'!G80/'2. Променливи'!G81 -> 1 | H23: ='2. Променливи'!H80/'2. Променливи'!H81 -> 1 | I23: ='2. Променливи'!I80/'2. Променливи'!I81 -> 1 | J23: ='2. Променливи'!J80/'2. Променливи'!J81 -> 1 | K23: ='2. Променливи'!K80/'2. Променливи'!K81 -> 1 | L23: 1 | M23: 1 | N23: 1 | O23: 1
A24: 18 | B24: ПК11г | C24: Рехабилитация на водопроводната мрежа | D24: % | E24: ='2. Променливи'!E76/'2. Променливи'!E23 -> 0.020465773 | F24: ='2. Променливи'!F76/'2. Променливи'!F23 -> 0.019407198 | G24: ='2. Променливи'!G76/'2. Променливи'!G23 -> 0.019760056 | H24: ='2. Променливи'!H76/'2. Променливи'!H23 -> 0.019407198 | I24: ='2. Променливи'!I76/'2. Променливи'!I23 -> 0.018701482 | J24: ='2. Променливи'!J76/'2. Променливи'!J23 -> 0.018348624 | K24: ='2. Променливи'!K76/'2. Променливи'!K23 -> 0.017642908 | L24: 1 | M24: 1 | N24: 1 | O24: 0.0125
A25: 19 | B25: ПК11д | C25: Активен контрол на течовете | D25: % | E25: ='2. Променливи'!E77/'2. Променливи'!E23 -> 0.038814397 | F25: ='2. Променливи'!F77/'2. Променливи'!F23 -> 0.035285815 | G25: ='2. Променливи'!G77/'2. Променливи'!G23 -> 0.031757234 | H25: ='2. Променливи'!H77/'2. Променливи'!H23 -> 0.028228652 | I25: ='2. Променливи'!I77/'2. Променливи'!I23 -> 0.024700071 | J25: ='2. Променливи'!J77/'2. Променливи'!J23 -> 0.021171489 | K25: ='2. Променливи'!K77/'2. Променливи'!K23 -> 0.012350035 | L25: 1 | M25: 1 | N25: 1 | O25: 0.0125
A26: 20 | B26: ПК12а | C26: Ефективност на разходите за услугата доставяне на вода на потребителите | D26: съотношение | E26: ='2. Променливи'!E82/'2. Променливи'!E83 -> 0.99983147 | F26: ='2. Променливи'!F82/'2. Променливи'!F83 -> 1.0649582 | G26: ='2. Променливи'!G82/'2. Променливи'!G83 -> 1.0724592 | H26: ='2. Променливи'!H82/'2. Променливи'!H83 -> 1.0718921 | I26: ='2. Променливи'!I82/'2. Променливи'!I83 -> 1.0716292 | J26: ='2. Променливи'!J82/'2. Променливи'!J83 -> 1.0711375 | K26: ='2. Променливи'!K82/'2. Променливи'!K83 -> 1.0678919 | L26: 1 | M26: 1 | N26: 1 | O26: 1.1
A27: 21 | B27: ПК12б | C27: Ефективност на разходите за услугата отвеждане на отпадъчни води | D27: съотношение | E27: ='2. Променливи'!E84/'2. Променливи'!E85 -> 1.2900717 | F27: ='2. Променливи'!F84/'2. Променливи'!F85 -> 1.3814306 | G27: ='2. Променливи'!G84/'2. Променливи'!G85 -> 1.2636665 | H27: ='2. Променливи'!H84/'2. Променливи'!H85 -> 1.2281109 | I27: ='2. Променливи'!I84/'2. Променливи'!I85 -> 1.1972609 | J27: ='2. Променливи'!J84/'2. Променливи'!J85 -> 1.1835008 | K27: ='2. Променливи'!K84/'2. Променливи'!K85 -> 1.1638643 | L27: 1 | M27: 1 | N27: 1 | O27: 1.1
A28: 22 | B28: ПК12в | C28: Ефективност на разходите за услугата пречистване на отпадъчни води | D28: съотношение | E28: ='2. Променливи'!E86/'2. Променливи'!E87 -> 1.5305524 | F28: ='2. Променливи'!F86/'2. Променливи'!F87 -> 1.3104537 | G28: ='2. Променливи'!G86/'2. Променливи'!G87 -> 1.0353331 | H28: ='2. Променливи'!H86/'2. Променливи'!H87 -> 1.0617209 | I28: ='2. Променливи'!I86/'2. Променливи'!I87 -> 1.0597918 | J28: ='2. Променливи'!J86/'2. Променливи'!J87 -> 1.0565641 | K28: ='2. Променливи'!K86/'2. Променливи'!K87 -> 1.0563573 | L28: 1 | M28: 1 | N28: 1 | O28: 1.1
A29: 23 | B29: ПК12г | C29: Събираемост | D29: % | E29: =('2. Променливи'!E88-('2. Променливи'!E89-'2. Променливи'!E90))/('2. Променливи'!E88+'2. Променливи'!E90) -> 0.85737344 | F29: =('2. Променливи'!F88-('2. Променливи'!F89-'2. Променливи'!F90))/('2. Променливи'!F88+'2. Променливи'!F90) -> 0.85063228 | G29: =('2. Променливи'!G88-('2. Променливи'!G89-'2. Променливи'!G90))/('2. Променливи'!G88+'2. Променливи'!G90) -> 0.85846654 | H29: =('2. Променливи'!H88-('2. Променливи'!H89-'2. Променливи'!H90))/('2. Променливи'!H88+'2. Променливи'!H90) -> 0.86857571 | I29: =('2. Променливи'!I88-('2. Променливи'!I89-'2. Променливи'!I90))/('2. Променливи'!I88+'2. Променливи'!I90) -> 0.86867458 | J29: =('2. Променливи'!J88-('2. Променливи'!J89-'2. Променливи'!J90))/('2. Променливи'!J88+'2. Променливи'!J90) -> 0.86876969 | K29: =('2. Променливи'!K88-('2. Променливи'!K89-'2. Променливи'!K90))/('2. Променливи'!K88+'2. Променливи'!K90) -> 0.86888737 | L29: 1 | M29: 1 | N29: 1 | O29: 0.95
A30: 24 | B30: ПК12д | C30: Ефективност на привеждане на водомерите в годност | D30: % | E30: ='2. Променливи'!E72/'2. Променливи'!E27 -> 0.081895874 | F30: ='2. Променливи'!F72/'2. Променливи'!F27 -> 0.083789871 | G30: ='2. Променливи'!G72/'2. Променливи'!G27 -> 0.086276356 | H30: ='2. Променливи'!H72/'2. Променливи'!H27 -> 0.088864492 | I30: ='2. Променливи'!I72/'2. Променливи'!I27 -> 0.090966123 | J30: ='2. Променливи'!J72/'2. Променливи'!J27 -> 0.092283563 | K30: ='2. Променливи'!K72/'2. Променливи'!K27 -> 0.094102886 | L30: 1 | M30: 1 | N30: 1 | O30: 0.2
A31: 25 | B31: ПК12е | C31: Ефективност на изграждане на водомерното стопанство | D31: % | E31: ='2. Променливи'!E73/'2. Променливи'!E27 -> 0.40350233 | F31: ='2. Променливи'!F73/'2. Променливи'!F27 -> 0.48688001 | G31: ='2. Променливи'!G73/'2. Променливи'!G27 -> 0.57264689 | H31: ='2. Променливи'!H73/'2. Променливи'!H27 -> 0.66107277 | I31: ='2. Променливи'!I73/'2. Променливи'!I27 -> 0.66960477 | J31: ='2. Променливи'!J73/'2. Променливи'!J27 -> 0.67901506 | K31: ='2. Променливи'!K73/'2. Променливи'!K27 -> 0.68947093 | L31: 1 | M31: 1 | N31: 1 | O31: 0.9
A32: 26 | B32: ПК13 | C32: Срок за отговор на писмени жалби на потребителите | D32: % | E32: ='2. Променливи'!E91/'2. Променливи'!E95 -> 1 | F32: ='2. Променливи'!F91/'2. Променливи'!F95 -> 1 | G32: ='2. Променливи'!G91/'2. Променливи'!G95 -> 1 | H32: ='2. Променливи'!H91/'2. Променливи'!H95 -> 1 | I32: ='2. Променливи'!I91/'2. Променливи'!I95 -> 1 | J32: ='2. Променливи'!J91/'2. Променливи'!J95 -> 1 | K32: ='2. Променливи'!K91/'2. Променливи'!K95 -> 1 | L32: 1 | M32: 1 | N32: 1 | O32: 1
A33: 27 | B33: ПК14а | C33: Присъединяване към водоснабдителната система | D33: % | E33: ='2. Променливи'!E107/'2. Променливи'!E108 -> 0.34513274 | F33: ='2. Променливи'!F107/'2. Променливи'!F108 -> 1 | G33: ='2. Променливи'!G107/'2. Променливи'!G108 -> 0.39130435 | H33: ='2. Променливи'!H107/'2. Променливи'!H108 -> 0.52380952 | I33: ='2. Променливи'!I107/'2. Променливи'!I108 -> 0.33035714 | J33: ='2. Променливи'!J107/'2. Променливи'!J108 -> 0.30188679 | K33: ='2. Променливи'!K107/'2. Променливи'!K108 -> 0.33333333 | L33: 1 | M33: 1 | N33: 1 | O33: 1
A34: 28 | B34: ПК14б | C34: Присъединяване към канализационната система | D34: % | E34: ='2. Променливи'!E109/'2. Променливи'!E110 -> 0.28571429 | F34: ='2. Променливи'!F109/'2. Променливи'!F110 -> 1 | G34: ='2. Променливи'!G109/'2. Променливи'!G110 -> 0.52941176 | H34: ='2. Променливи'!H109/'2. Променливи'!H110 -> 0.525 | I34: ='2. Променливи'!I109/'2. Променливи'!I110 -> 0.45238095 | J34: ='2. Променливи'!J109/'2. Променливи'!J110 -> 0.48888889 | K34: ='2. Променливи'!K109/'2. Променливи'!K110 -> 0.5 | L34: 1 | M34: 1 | N34: 1 | O34: 1
A35: 29 | B35: ПК15а | C35: Ефективност на персонала за услугата доставяне на вода на потребителите | D35: бр/1 000 СВО | E35: ='2. Променливи'!E111/'2. Променливи'!E26*1000 -> 4.5064826 | F35: ='2. Променливи'!F111/'2. Променливи'!F26*1000 -> 4.5169385 | G35: ='2. Променливи'!G111/'2. Променливи'!G26*1000 -> 4.5901297 | H35: ='2. Променливи'!H111/'2. Променливи'!H26*1000 -> 4.7469678 | I35: ='2. Променливи'!I111/'2. Променливи'!I26*1000 -> 4.7469678 | J35: ='2. Променливи'!J111/'2. Променливи'!J26*1000 -> 4.7469678 | K35: ='2. Променливи'!K111/'2. Променливи'!K26*1000 -> 4.9038059 | L35: 1 | M35: 1 | N35: 1 | O35: 4
A36: 30 | B36: ПК15б | C36: Ефективност на персонала за услугите отвеждане и пречистване | D36: бр/1 000 СКО | E36: ='2. Променливи'!E112/'2. Променливи'!E28*1000 -> 6.8427371 | F36: ='2. Променливи'!F112/'2. Променливи'!F28*1000 -> 6.9343066 | G36: ='2. Променливи'!G112/'2. Променливи'!G28*1000 -> 6.4882401 | H36: ='2. Променливи'!H112/'2. Променливи'!H28*1000 -> 4.359673 | I36: ='2. Променливи'!I112/'2. Променливи'!I28*1000 -> 3.9277652 | J36: ='2. Променливи'!J112/'2. Променливи'!J28*1000 -> 3.5756385 | K36: ='2. Променливи'!K112/'2. Променливи'!K28*1000 -> 3.1 | L36: 1 | M36: 1 | N36: 1 | O36: 3
C41: ='2. Променливи'!C117 -> Дата: 27.06.2016г.
E42: ='2. Променливи'!E115 -> Главен счетоводител: | G42: ..............................................
H43: (попис)
F46: ='2. Променливи'!F118 -> Управител: | G46: ..............................................
A47: Указания за попълване на справката: | H47: (подпис и печат)
A48: 1. Попълват се само клетките в жълт цвят
A49: 2. Посочва се информация съгласно данните в Справка №2
A50: 3. Справка №3 се попълва за ВС основна, и за ВС "Вода с непитейни качества". Справка №2 не се попълва за ВС "Вода за друг ВиК оператор"

Sheet 4. Отчет и прогн. потребление
J1: Приложение № 2
A2: Справка № 4 Отчет и прогнозно ниво на потребление на В и К услугите за периода на бизнес плана
A5: ='1. Анкетна карта'!A3:J3 -> на "Водоснабдяване и канализация" ООД , гр. Враца
A6: ='1. Анкетна карта'!A4:J4 -> ЕИК по БУЛСТАТ: 816090199
A8: № | B8: Описание | C8: Мярка | D8: ='Приложение '!$G12 -> 2015 г. | E8: ='Приложение '!$G13 -> 2016 г. | F8: ='Приложение '!$G14 -> 2017 г. | G8: ='Приложение '!$G15 -> 2018 г. | H8: ='Приложение '!$G16 -> 2019 г. | I8: ='Приложение '!$G17 -> 2020 г. | J8: ='Приложение '!$G18 -> 2021 г.
A9: І. | B9: Доставяне на вода на потребители
A10: 1. | B10: Общо количество вода на входа на системата A3/Q4 | C10: м3/год | D10: =D11+D12+D13+D14-D15-D16-D17-D18 -> 22866940 | E10: =E11+E12+E13+E14-E15-E16-E17-E18 -> 22005000 | F10: =F11+F12+F13+F14-F15-F16-F17-F18 -> 23201365 | G10: =G11+G12+G13+G14-G15-G16-G17-G18 -> 23201365 | H10: =H11+H12+H13+H14-H15-H16-H17-H18 -> 23201365 | I10: =I11+I12+I13+I14-I15-I16-I17-I18 -> 22000000 | J10: =J11+J12+J13+J14-J15-J16-J17-J18 -> 20550000
A11: 1.1 | B11: Добита сурова вода от повърхностни водоизточници | C11: м3/год | D11: 0 | E11: 0 | F11: 0 | G11: 0 | H11: 0 | I11: 0 | J11: 0
A12: 1.2 | B12: Добита сурова вода от подземни водоизточници | C12: м3/год | D12: 1694404 | E12: 1709000 | F12: 1719221 | G12: 1719221 | H12: 1719221 | I12: 1500000 | J12: 1000000
A13: 1.3 | B13: Подадена сурова вода от друг ВиК оператор/доставчик | C13: м3/год | D13: 0 | E13: 0 | F13: 0 | G13: 0 | H13: 0 | I13: 0 | J13: 0
A14: 1.4 | B14: Подадена пречистена вода от друг ВиК оператор / доставчик | C14: м3/год | D14: 21172536 | E14: 20296000 | F14: 21482144 | G14: 21482144 | H14: 21482144 | I14: 20500000 | J14: 19550000
A15: 1.5 | B15: Продадена сурова вода на друг ВиК оператор | C15: м3/год | D15: 0 | E15: 0 | F15: 0 | G15: 0 | H15: 0 | I15: 0 | J15: 0
A16: 1.6 | B16: Загуби при доставяне сурова вода на друг ВиК оператор | C16: м3/год | D16: 0 | E16: 0 | F16: 0 | G16: 0 | H16: 0 | I16: 0 | J16: 0
A17: 1.7 | B17: Продадена пречистена вода на друг ВиК оператор | C17: м3/год | D17: 0 | E17: 0 | F17: 0 | G17: 0 | H17: 0 | I17: 0 | J17: 0
A18: 1.8 | B18: Загуби при доставяне пречистена вода на друг ВиК оператор | C18: м3/год | D18: 0 | E18: 0 | F18: 0 | G18: 0 | H18: 0 | I18: 0 | J18: 0
A19: 2 | B19: Обща законна консумация iA14/Q5 | C19: м3/год | D19: =D21+D31 -> 8230690 | E19: =E21+E31 -> 8092700 | F19: =F21+F31 -> 8804987 | G19: =G21+G31 -> 8804987 | H19: =H21+H31 -> 8804987 | I19: =I21+I31 -> 8485500 | J19: =J21+J31 -> 8055000
C20: % | D20: =D19/D10 -> 0.35993841 | E20: =E19/E10 -> 0.36776642 | F20: =F19/F10 -> 0.37950297 | G20: =G19/G10 -> 0.37950297 | H20: =H19/H10 -> 0.37950297 | I20: =I19/I10 -> 0.38570455 | J20: =J19/J10 -> 0.3919708
A21: 2.1 | B21: Продадена фактурирана вода Q3 | C21: м3/год | D21: =D23+D27 -> 7864819 | E21: =E23+E27 -> 7734700 | F21: =F23+F27 -> 8402805 | G21: =G23+G27 -> 8402805 | H21: =H23+H27 -> 8402805 | I21: =I23+I27 -> 8155500 | J21: =J23+J27 -> 7805000
C22: % | D22: =D21/D10 -> 0.34393841 | E22: =E21/E10 -> 0.35149739 | F22: =F21/F10 -> 0.36216856 | G22: =G21/G10 -> 0.36216856 | H22: =H21/H10 -> 0.36216856 | I22: =I21/I10 -> 0.37070455 | J22: =J21/J10 -> 0.37980535
A23: 2.1.1 | B23: Фактурирана измерена консумация на вода Q3.1 | C23: м3/год | D23: =SUM(D24:D26) -> 7864819 | E23: =SUM(E24:E26) -> 7734700 | F23: =SUM(F24:F26) -> 8402805 | G23: =SUM(G24:G26) -> 8402805 | H23: =SUM(H24:H26) -> 8402805 | I23: =SUM(I24:I26) -> 8155500 | J23: =SUM(J24:J26) -> 7805000
A24: 2.1.1.1 | B24: битови потребители | C24: м3/год | D24: 5871435 | E24: 5523000 | F24: 6273065 | G24: 6273065 | H24: 6273065 | I24: 6150500 | J24: 5900000
A25: 2.1.1.2 | B25: обществени и търговски потребители | C25: м3/год | D25: 1937404 | E25: 2158000 | F25: 2069930 | G25: 2069930 | H25: 2069930 | I25: 1950000 | J25: 1850000
A26: 2.1.1.3 | B26: стопански потребители | C26: м3/год | D26: 55980 | E26: 53700 | F26: 59810 | G26: 59810 | H26: 59810 | I26: 55000 | J26: 55000
A27: 2.1.2 | B27: Фактурирана неизмерена консумация на вода Q3.2 | C27: м3/год | D27: =SUM(D28:D30) -> 0 | E27: =SUM(E28:E30) -> 0 | F27: =SUM(F28:F30) -> 0 | G27: =SUM(G28:G30) -> 0 | H27: =SUM(H28:H30) -> 0 | I27: =SUM(I28:I30) -> 0 | J27: =SUM(J28:J30) -> 0
A28: 2.1.2.1 | B28: битови потребители | C28: м3/год | D28: 0 | E28: 0 | F28: 0 | G28: 0 | H28: 0 | I28: 0 | J28: 0
A29: 2.1.2.2 | B29: обществени и търговски потребители | C29: м3/год | D29: 0 | E29: 0 | F29: 0 | G29: 0 | H29: 0 | I29: 0 | J29: 0
A30: 2.1.2.3 | B30: стопански потребители | C30: м3/год | D30: 0 | E30: 0 | F30: 0 | G30: 0 | H30: 0 | I30: 0 | J30: 0
A31: 2.2 | B31: Подадена нефактурирана вода A13(Q3A) | C31: м3/год | D31: =D33+D34 -> 365871 | E31: =E33+E34 -> 358000 | F31: =F33+F34 -> 402182 | G31: =G33+G34 -> 402182 | H31: =H33+H34 -> 402182 | I31: =I33+I34 -> 330000 | J31: =J33+J34 -> 250000
C32: % | D32: =D31/D10 -> 0.015999998 | E32: =E31/E10 -> 0.01626903 | F32: =F31/F10 -> 0.017334411 | G32: =G31/G10 -> 0.017334411 | H32: =H31/H10 -> 0.017334411 | I32: =I31/I10 -> 0.015 | J32: =J31/J10 -> 0.01216545
A33: 2.2.1 | B33: Нефактурирана измерена консумация на вода Q3A.1 | C33: м3/год | D33: 0 | E33: 0 | F33: 0 | G33: 0 | H33: 0 | I33: 0 | J33: 0
A34: 2.2.2 | B34: Нефактурирана неизмерена консумация на вода Q3A.2 | C34: м3/год | D34: 365871 | E34: 358000 | F34: 402182 | G34: 402182 | H34: 402182 | I34: 330000 | J34: 250000
A35: 3 | B35: Общи загуби на вода A15(Q6) | C35: м3/год | D35: =D38+D42 -> 14636250 | E35: =E38+E42 -> 13912300 | F35: =F38+F42 -> 14396378 | G35: =G38+G42 -> 14396378 | H35: =H38+H42 -> 14396378 | I35: =I38+I42 -> 13514500 | J35: =J38+J42 -> 12495000
C36: % | D36: =D35/D10 -> 0.64006159 | E36: =E35/E10 -> 0.63223358 | F36: =F35/F10 -> 0.62049703 | G36: =G35/G10 -> 0.62049703 | H36: =H35/H10 -> 0.62049703 | I36: =I35/I10 -> 0.61429545 | J36: =J35/J10 -> 0.6080292
C37: м3/км/ден | D37: =D35/'2. Променливи'!E24/365 -> 14.065 | E37: =E35/'2. Променливи'!F24/365 -> 13.369306 | F37: =F35/'2. Променливи'!G24/365 -> 13.83449 | G37: =G35/'2. Променливи'!H24/365 -> 13.83449 | H37: =H35/'2. Променливи'!I24/365 -> 13.83449 | I37: =I35/'2. Променливи'!J24/365 -> 12.987032 | J37: =J35/'2. Променливи'!K24/365 -> 12.007323
A38: 3.1 | B38: Търговски загуби на вода Q8 | C38: м3/год | D38: =D40+D41 -> 415621 | E38: =E40+E41 -> 402000 | F38: =F40+F41 -> 435560 | G38: =G40+G41 -> 435560 | H38: =H40+H41 -> 435560 | I38: =I40+I41 -> 300000 | J38: =J40+J41 -> 200000
C39: % | D39: =D38/D10 -> 0.018175628 | E39: =E38/E10 -> 0.018268575 | F39: =F38/F10 -> 0.018773033 | G39: =G38/G10 -> 0.018773033 | H39: =H38/H10 -> 0.018773033 | I39: =I38/I10 -> 0.013636364 | J39: =J38/J10 -> 0.0097323601
A40: 3.1.1 | B40: Незаконно ползване Q8.1 | C40: м3/год | D40: 0 | E40: 0 | F40: 0 | G40: 0 | H40: 0 | I40: 0 | J40: 0
A41: 3.1.2 | B41: Неточност при измерване Q8.2 | C41: м3/год | D41: 415621 | E41: 402000 | F41: 435560 | G41: 435560 | H41: 435560 | I41: 300000 | J41: 200000
A42: 3.2 | B42: Реални загуби на вода Q7 | C42: м3/год | D42: =SUM(D44:D47) -> 14220629 | E42: =SUM(E44:E47) -> 13510300 | F42: =SUM(F44:F47) -> 13960818 | G42: =SUM(G44:G47) -> 13960818 | H42: =SUM(H44:H47) -> 13960818 | I42: =SUM(I44:I47) -> 13214500 | J42: =SUM(J44:J47) -> 12295000
C43: % | D43: =D42/D10 -> 0.62188596 | E43: =E42/E10 -> 0.61396501 | F43: =F42/F10 -> 0.60172399 | G43: =G42/G10 -> 0.60172399 | H43: =H42/H10 -> 0.60172399 | I43: =I42/I10 -> 0.60065909 | J43: =J42/J10 -> 0.59829684
A44: 3.2.1 | B44: Течове във водопроводите за сурова вода и загуби при пречистването Q7.1 | C44: м3/год | D44: 0 | E44: 0 | F44: 0 | G44: 0 | H44: 0 | I44: 0 | J44: 0
A45: 3.2.2 | B45: Течове в системата за пренос и разпределение Q7.2 | C45: м3/год | D45: 14055568 | E45: 13346240 | F45: 13827149 | G45: 13827149 | H45: 13827149 | I45: 13094500 | J45: 12195000
A46: 3.2.3 | B46: Течове и препълване на резервоарите за съхранение Q7.3 | C46: м3/год | D46: 10620 | E46: 10000 | F46: 0 | G46: 0 | H46: 0 | I46: 0 | J46: 0
A47: 3.2.4 | B47: Течове в сградните отклонения Q7.4 | C47: м3/год | D47: 154441 | E47: 154060 | F47: 133669 | G47: 133669 | H47: 133669 | I47: 120000 | J47: 100000
A48: 4 | B48: Неносеща приходи вода (неотчетена вода) Q9 | C48: м3/год | D48: =D35+D31 -> 15002121 | E48: =E35+E31 -> 14270300 | F48: =F35+F31 -> 14798560 | G48: =G35+G31 -> 14798560 | H48: =H35+H31 -> 14798560 | I48: =I35+I31 -> 13844500 | J48: =J35+J31 -> 12745000
C49: % | D49: =D48/D10 -> 0.65606159 | E49: =E48/E10 -> 0.64850261 | F49: =F48/F10 -> 0.63783144 | G49: =G48/G10 -> 0.63783144 | H49: =H48/H10 -> 0.63783144 | I49: =I48/I10 -> 0.62929545 | J49: =J48/J10 -> 0.62019465
C50: м3/км/ден | D50: =D48/'2. Променливи'!E24/365 -> 14.416591 | E50: =E48/'2. Променливи'!F24/365 -> 13.713333 | F50: =F48/'2. Променливи'!G24/365 -> 14.220975 | G50: =G48/'2. Променливи'!H24/365 -> 14.220975 | H50: =H48/'2. Променливи'!I24/365 -> 14.220975 | I50: =I48/'2. Променливи'!J24/365 -> 13.304152 | J50: =J48/'2. Променливи'!K24/365 -> 12.247565
C51: разлика | D51: =D10-D21-D48 -> 0 | E51: =E10-E21-E48 -> 0 | F51: =F10-F21-F48 -> 0 | G51: =G10-G21-G48 -> 0 | H51: =H10-H21-H48 -> 0 | I51: =I10-I21-I48 -> 0 | J51: =J10-J21-J48 -> 0
A52: ІІ. | B52: Отвеждане на отпадъчни води
A53: 5 | B53: Отведени количества отпадъчни води | C53: м3/год | D53: =D55+D57 -> 4109660 | E53: =E55+E57 -> 4300000 | F53: =F55+F57 -> 4044755 | G53: =G55+G57 -> 4210000 | H53: =H55+H57 -> 4220000 | I53: =I55+I57 -> 4230000 | J53: =J55+J57 -> 4240000
C54: % | D54: =D53/D21 -> 0.52253714 | E54: =E53/E21 -> 0.55593624 | F54: =F53/F21 -> 0.48135771 | G54: =G53/G21 -> 0.50102317 | H54: =H53/H21 -> 0.50221325 | I54: =I53/I21 -> 0.51866838 | J54: =J53/J21 -> 0.54324151
A55: 5.1 | B55: Битови и приравнените към тях обществени, търговски и др. | C55: м3/год | D55: =D56 -> 2899620 | E55: =E56 -> 2900000 | F55: =F56 -> 2927908 | G55: =G56 -> 3010000 | H55: =H56 -> 3020000 | I55: =I56 -> 3030000 | J55: =J56 -> 3040000
A56: 5.1.1 | B56: Количества отведени отпадъчни води | C56: м3/год | D56: 2899620 | E56: 2900000 | F56: 2927908 | G56: 3010000 | H56: 3020000 | I56: 3030000 | J56: 3040000
A57: 5.2 | B57: Промишлени и други стопански потребители | C57: м3/год | D57: =D59+D60+D61 -> 1210040 | E57: =E59+E60+E61 -> 1400000 | F57: =F58 -> 1116847 | G57: =G58 -> 1200000 | H57: =H58 -> 1200000 | I57: =I58 -> 1200000 | J57: =J58 -> 1200000
A58: 5.2.1 | B58: Отведени количества отпадъчна вода според: | C58: м3/год | F58: 1116847 | G58: 1200000 | H58: 1200000 | I58: 1200000 | J58: 1200000
B59: степен на замърсеност 1 | C59: м3/год | D59: 990663 | E59: 1126000
B60: степен на замърсеност 2 | C60: м3/год | D60: 145101 | E60: 183000
B61: степен на замърсеност 3 | C61: м3/год | D61: 74276 | E61: 91000
A62: ІІІ. | B62: Пречистване на отпадъчни води
A63: 6 | B63: Пречистени количества отпадъчни води | C63: м3/год | D63: =D65+D67 -> 3241142 | E63: =E65+E67 -> 3110000 | F63: =F65+F67 -> 2571479 | G63: =G65+G67 -> 2887000 | H63: =H65+H67 -> 2887000 | I63: =I65+I67 -> 2887000 | J63: =J65+J67 -> 2887000
C64: % | D64: =D63/D21 -> 0.41210637 | E64: =E63/E21 -> 0.40208411 | F64: =F63/F21 -> 0.30602626 | G64: =G63/G21 -> 0.34357575 | H64: =H63/H21 -> 0.34357575 | I64: =I63/I21 -> 0.35399424 | J64: =J63/J21 -> 0.3698911
A65: 6.1 | B65: Битови и приравнените към тях обществени, търговски и др. | C65: м3/год | D65: =D66 -> 2506991 | E65: =E66 -> 2400000 | F65: =F66 -> 2342265 | G65: =G66 -> 2550000 | H65: =H66 -> 2550000 | I65: =I66 -> 2550000 | J65: =J66 -> 2550000
A66: 6.1.1 | B66: Количества пречистени отпадъчни води | C66: м3/год | D66: 2506991 | E66: 2400000 | F66: 2342265 | G66: 2550000 | H66: 2550000 | I66: 2550000 | J66: 2550000
A67: 6.2 | B67: Промишлени и други стопански потребители | C67: м3/год | D67: =D69+D70+D71 -> 734151 | E67: =E69+E70+E71 -> 710000 | F67: =F69+F70+F71 -> 229214 | G67: =G69+G70+G71 -> 337000 | H67: =H69+H70+H71 -> 337000 | I67: =I69+I70+I71 -> 337000 | J67: =J69+J70+J71 -> 337000
B68: Пречистени количества отпадъчна вода според: | C68: м3/год
A69: 6.2.1 | B69: степен на замърсеност 1 | C69: м3/год | D69: 626715 | E69: 600000 | F69: 108874 | G69: 220000 | H69: 220000 | I69: 220000 | J69: 220000
A70: 6.2.2 | B70: степен на замърсеност 2 | C70: м3/год | D70: 55492 | E70: 50000 | F70: 69710 | G70: 54000 | H70: 54000 | I70: 54000 | J70: 54000
A71: 6.2.3 | B71: степен на замърсеност 3 | C71: м3/год | D71: 51944 | E71: 60000 | F71: 50630 | G71: 63000 | H71: 63000 | I71: 63000 | J71: 63000
B73: ='2. Променливи'!C117 -> Дата: 27.06.2016г.
E74: ='2. Променливи'!E115 -> Главен счетоводител: | F74: ..............................................
G75: (попис)
E78: ='2. Променливи'!F118 -> Управител: | F78: ..............................................
G79: (подпис и печат)
A81: Указания за попълване на справката
A82: 1. Попълват се само клетките в жълт цвят
A83: 2. В случай, че Неносеща приходи вода Q9 не е равна на сбора на компонентите си, на ред "разлика" ще се калкулират стойности различни от нула - което ще покаже необходимост от ревизия на данните в справката
A84: 3. Справка №4 се попълва за всички водоснабдителни системи - ВС основна, ВС "Вода с непитейни качества", и ВС "Вода за друг ВиК оператор". За ВС основна се попълват всички данни за добити и подадени количества в редове 1.1-1.8, вкл. за ВС "Вода за друг ВиК оператор" (всички системи, ако са повече от една) . За ВС "Вода за друг ВиК оператор" се попълват данни за вход, продадена вода и загуби за съответната ВС. За ВС "Вода с непитейни качества" се попълват самостоятелни данни за вход, продадена вода и загуби.

Sheet 5. Персонал
AC1: Приложение № 2
A2: Справка № 5 Персонал
A3: Персонал
A4: ='1. Анкетна карта'!A3 -> на "Водоснабдяване и канализация" ООД , гр. Враца
A5: ='1. Анкетна карта'!A4 -> ЕИК по БУЛСТАТ: 816090199
A7: № | B7: Наименование | C7: Регулирана дейност | X7: Нерегулирана дейност | AE7: Доставяне на вода за друг ВиКО | AL7: Доставяне на вода с непитейни качества | AS7: ОБЩО
C8: Доставяне на вода на потребителите | J8: Отвеждане на отпадъчните води | Q8: Пречистване на отпадъчните води
C9: ='Приложение '!G12 -> 2015 г. | D9: ='Приложение '!G13 -> 2016 г. | E9: ='Приложение '!G14 -> 2017 г. | F9: ='Приложение '!G15 -> 2018 г. | G9: ='Приложение '!G16 -> 2019 г. | H9: ='Приложение '!G17 -> 2020 г. | I9: ='Приложение '!G18 -> 2021 г. | J9: =C9 -> 2015 г. | K9: =D9 -> 2016 г. | L9: =E9 -> 2017 г. | M9: =F9 -> 2018 г. | N9: =G9 -> 2019 г. | O9: =H9 -> 2020 г. | P9: =I9 -> 2021 г. | Q9: =J9 -> 2015 г. | ... AR9: =AK9 -> 2021 г. | AS9: =X9 -> 2015 г. | AT9: =Y9 -> 2016 г. | AU9: =Z9 -> 2017 г. | AV9: =AA9 -> 2018 г. | AW9: =AB9 -> 2019 г. | AX9: =AC9 -> 2020 г. | AY9: =AD9 -> 2021 г.
A10: 1 | B10: Брой служители
A11: 1.1. | B11: Средносписъчен брой трудов договор | C11: 428 | D11: 428 | E11: 435 | F11: 450 | G11: 450 | H11: 450 | I11: 465 | J11: 28 | K11: 28 | L11: 30 | M11: 30 | N11: 32 | O11: 33 | P11: 35 | Q11: 29 | R11: 29 | S11: 50 | T11: 50 | U11: 55 | V11: 58 | W11: 58 | X11: 13 | Y11: 13 | Z11: 14 | AA11: 14 | AB11: 15 | AC11: 15 | AD11: 15 | AE11: 0 | AF11: 1 | AG11: 1 | AH11: 1 | AI11: 1 | AJ11: 1 | AK11: 1 | AL11: 3 | AM11: 3 | AN11: 3 | AO11: 3 | AP11: 3 | AQ11: 3 | AR11: 3 | AS11: =C11+J11+Q11+X11+AE11+AL11 -> 501 | AT11: =D11+K11+R11+Y11+AF11+AM11 -> 502 | AU11: =E11+L11+S11+Z11+AG11+AN11 -> 533 | AV11: =F11+M11+T11+AA11+AH11+AO11 -> 548 | AW11: =G11+N11+U11+AB11+AI11+AP11 -> 556 | AX11: =H11+O11+V11+AC11+AJ11+AQ11 -> 560 | AY11: =I11+P11+W11+AD11+AK11+AR11 -> 577
A12: 1.2. | B12: Средносписъчен брой лица без трудов договор | C12: 0 | D12: 0 | E12: 0 | F12: 0 | G12: 0 | H12: 0 | I12: 0 | J12: 0 | K12: 0 | L12: 0 | M12: 0 | N12: 0 | O12: 0 | P12: 0 | Q12: 0 | R12: 0 | S12: 0 | T12: 0 | U12: 0 | V12: 0 | W12: 0 | X12: 0 | Y12: 0 | Z12: 0 | AA12: 0 | AB12: 0 | AC12: 0 | AD12: 0 | AE12: 0 | AF12: 0 | AG12: 0 | AH12: 0 | AI12: 0 | AJ12: 0 | AK12: 0 | AL12: 0 | AM12: 0 | AN12: 0 | AO12: 0 | AP12: 0 | AQ12: 0 | AR12: 0 | AS12: =C12+J12+Q12+X12+AE12+AL12 -> 0 | AT12: =D12+K12+R12+Y12+AF12+AM12 -> 0 | AU12: =E12+L12+S12+Z12+AG12+AN12 -> 0 | AV12: =F12+M12+T12+AA12+AH12+AO12 -> 0 | AW12: =G12+N12+U12+AB12+AI12+AP12 -> 0 | AX12: =H12+O12+V12+AC12+AJ12+AQ12 -> 0 | AY12: =I12+P12+W12+AD12+AK12+AR12 -> 0
A13: 1.3. | B13: Брой лица по щатно разписание | C13: 428 | D13: 428 | E13: 435 | F13: 450 | G13: 450 | H13: 450 | I13: 465 | J13: 28 | K13: 28 | L13: 30 | M13: 30 | N13: 32 | O13: 33 | P13: 35 | Q13: 29 | R13: 29 | S13: 50 | T13: 50 | U13: 55 | V13: 58 | W13: 58 | X13: 13 | Y13: 13 | Z13: 14 | AA13: 14 | AB13: 15 | AC13: 15 | AD13: 15 | AE13: 0 | AF13: 1 | AG13: 1 | AH13: 1 | AI13: 1 | AJ13: 1 | AK13: 1 | AL13: 3 | AM13: 3 | AN13: 3 | AO13: 3 | AP13: 3 | AQ13: 3 | AR13: 3 | AS13: =C13+J13+Q13+X13+AE13+AL13 -> 501 | AT13: =D13+K13+R13+Y13+AF13+AM13 -> 502 | AU13: =E13+L13+S13+Z13+AG13+AN13 -> 533 | AV13: =F13+M13+T13+AA13+AH13+AO13 -> 548 | AW13: =G13+N13+U13+AB13+AI13+AP13 -> 556 | AX13: =H13+O13+V13+AC13+AJ13+AQ13 -> 560 | AY13: =I13+P13+W13+AD13+AK13+AR13 -> 577
A14: 1.4. | B14: Общ брой служители на заетост, еквивалентна пълна заетост (ЕПЗ) | C14: =C11+C12 -> 428 | D14: =D11+D12 -> 428 | E14: =E11+E12 -> 435 | F14: =F11+F12 -> 450 | G14: =G11+G12 -> 450 | H14: =H11+H12 -> 450 | I14: =I11+I12 -> 465 | J14: =J11+J12 -> 28 | ... AR14: =AR11+AR12 -> 3 | AS14: =C14+J14+Q14+X14+AE14+AL14 -> 501 | AT14: =D14+K14+R14+Y14+AF14+AM14 -> 502 | AU14: =E14+L14+S14+Z14+AG14+AN14 -> 533 | AV14: =F14+M14+T14+AA14+AH14+AO14 -> 548 | AW14: =G14+N14+U14+AB14+AI14+AP14 -> 556 | AX14: =H14+O14+V14+AC14+AJ14+AQ14 -> 560 | AY14: =I14+P14+W14+AD14+AK14+AR14 -> 577
A15: 2.1 | B15: Разходи за възнаграждения без граждански договори, хил.лв. | C15: ='12. Разходи'!C58+'12. Разходи'!C59 -> 3178 | D15: ='12. Разходи'!D58+'12. Разходи'!D59 -> 3598 | E15: ='12. Разходи'!E58+'12. Разходи'!E59 -> 4955 | F15: ='12. Разходи'!F58+'12. Разходи'!F59 -> 5139 | G15: ='12. Разходи'!G58+'12. Разходи'!G59 -> 5139 | H15: ='12. Разходи'!H58+'12. Разходи'!H59 -> 5139 | I15: ='12. Разходи'!I58+'12. Разходи'!I59 -> 5716 | J15: ='12. Разходи'!J58+'12. Разходи'!J59 -> 351 | ... AD15: ='12. Разходи'!AD58+'12. Разходи'!AD59 -> 132 | AE15: 0 | AF15: 0 | AG15: 0 | AH15: 0 | AI15: 0 | AJ15: 0 | AK15: 0 | AL15: 0 | AM15: 0 | AN15: 0 | AO15: 0 | AP15: 0 | AQ15: 0 | AR15: 0 | AS15: =C15+J15+Q15+X15+AE15+AL15 -> 3839 | AT15: =D15+K15+R15+Y15+AF15+AM15 -> 4335 | AU15: =E15+L15+S15+Z15+AG15+AN15 -> 5970 | AV15: =F15+M15+T15+AA15+AH15+AO15 -> 6216 | AW15: =G15+N15+U15+AB15+AI15+AP15 -> 6323 | AX15: =H15+O15+V15+AC15+AJ15+AQ15 -> 6415 | AY15: =I15+P15+W15+AD15+AK15+AR15 -> 7020
A16: 2.2 | B16: Разходи за социални осигуровки, хил.лв. | C16: ='12. Разходи'!C62+'12. Разходи'!C63 -> 567 | D16: ='12. Разходи'!D62+'12. Разходи'!D63 -> 689 | E16: ='12. Разходи'!E62+'12. Разходи'!E63 -> 893 | F16: ='12. Разходи'!F62+'12. Разходи'!F63 -> 895 | G16: ='12. Разходи'!G62+'12. Разходи'!G63 -> 925 | H16: ='12. Разходи'!H62+'12. Разходи'!H63 -> 925 | I16: ='12. Разходи'!I62+'12. Разходи'!I63 -> 1029 | J16: ='12. Разходи'!J62+'12. Разходи'!J63 -> 99 | ... AD16: ='12. Разходи'!AD62+'12. Разходи'!AD63 -> 24 | AE16: 0 | AF16: 0 | AG16: 0 | AH16: 0 | AI16: 0 | AJ16: 0 | AK16: 0 | AL16: 0 | AM16: 0 | AN16: 0 | AO16: 0 | AP16: 0 | AQ16: 0 | AR16: 0 | AS16: =C16+J16+Q16+X16+AE16+AL16 -> 729 | AT16: =D16+K16+R16+Y16+AF16+AM16 -> 834 | AU16: =E16+L16+S16+Z16+AG16+AN16 -> 1076 | AV16: =F16+M16+T16+AA16+AH16+AO16 -> 1089 | AW16: =G16+N16+U16+AB16+AI16+AP16 -> 1138 | AX16: =H16+O16+V16+AC16+AJ16+AQ16 -> 1155 | AY16: =I16+P16+W16+AD16+AK16+AR16 -> 1264
A17: 2.3 | B17: Социални разходи, хил.лв. | C17: ='12. Разходи'!C64+'12. Разходи'!C65 -> 216 | D17: ='12. Разходи'!D64+'12. Разходи'!D65 -> 360 | E17: ='12. Разходи'!E64+'12. Разходи'!E65 -> 397 | F17: ='12. Разходи'!F64+'12. Разходи'!F65 -> 411 | G17: ='12. Разходи'!G64+'12. Разходи'!G65 -> 411 | H17: ='12. Разходи'!H64+'12. Разходи'!H65 -> 411 | I17: ='12. Разходи'!I64+'12. Разходи'!I65 -> 457 | J17: ='12. Разходи'!J64+'12. Разходи'!J65 -> 15 | ... AD17: ='12. Разходи'!AD64+'12. Разходи'!AD65 -> 11 | AE17: 0 | AF17: 0 | AG17: 0 | AH17: 0 | AI17: 0 | AJ17: 0 | AK17: 0 | AL17: 0 | AM17: 0 | AN17: 0 | AO17: 0 | AP17: 0 | AQ17: 0 | AR17: 0 | AS17: =C17+J17+Q17+X17+AE17+AL17 -> 251 | AT17: =D17+K17+R17+Y17+AF17+AM17 -> 431 | AU17: =E17+L17+S17+Z17+AG17+AN17 -> 478 | AV17: =F17+M17+T17+AA17+AH17+AO17 -> 497 | AW17: =G17+N17+U17+AB17+AI17+AP17 -> 506 | AX17: =H17+O17+V17+AC17+AJ17+AQ17 -> 512 | AY17: =I17+P17+W17+AD17+AK17+AR17 -> 561
A18: 2.4 | B18: Капитализирани разходи за възнаграждения, хил.лв. | C18: 0 | D18: 0 | E18: 100 | F18: 100 | G18: 100 | H18: 100 | I18: 100 | J18: 0 | K18: 0 | L18: 0 | M18: 0 | N18: 0 | O18: 0 | P18: 0 | Q18: 0 | R18: 0 | S18: 0 | T18: 0 | U18: 0 | V18: 0 | W18: 0 | X18: 0 | Y18: 0 | Z18: 0 | AA18: 0 | AB18: 0 | AC18: 0 | AD18: 0 | AE18: 0 | AF18: 0 | AG18: 0 | AH18: 0 | AI18: 0 | AJ18: 0 | AK18: 0 | AL18: 0 | AM18: 0 | AN18: 0 | AO18: 0 | AP18: 0 | AQ18: 0 | AR18: 0 | AS18: =C18+J18+Q18+X18+AE18+AL18 -> 0 | AT18: =D18+K18+R18+Y18+AF18+AM18 -> 0 | AU18: =E18+L18+S18+Z18+AG18+AN18 -> 100 | AV18: =F18+M18+T18+AA18+AH18+AO18 -> 100 | AW18: =G18+N18+U18+AB18+AI18+AP18 -> 100 | AX18: =H18+O18+V18+AC18+AJ18+AQ18 -> 100 | AY18: =I18+P18+W18+AD18+AK18+AR18 -> 100
A19: 2.5 | B19: Капитализирани разходи за социални осигуровки, хил.лв. | C19: 0 | D19: 0 | E19: 18 | F19: 18 | G19: 18 | H19: 18 | I19: 18 | J19: 0 | K19: 0 | L19: 0 | M19: 0 | N19: 0 | O19: 0 | P19: 0 | Q19: 0 | R19: 0 | S19: 0 | T19: 0 | U19: 0 | V19: 0 | W19: 0 | X19: 0 | Y19: 0 | Z19: 0 | AA19: 0 | AB19: 0 | AC19: 0 | AD19: 0 | AE19: 0 | AF19: 0 | AG19: 0 | AH19: 0 | AI19: 0 | AJ19: 0 | AK19: 0 | AL19: 0 | AM19: 0 | AN19: 0 | AO19: 0 | AP19: 0 | AQ19: 0 | AR19: 0 | AS19: =C19+J19+Q19+X19+AE19+AL19 -> 0 | AT19: =D19+K19+R19+Y19+AF19+AM19 -> 0 | AU19: =E19+L19+S19+Z19+AG19+AN19 -> 18 | AV19: =F19+M19+T19+AA19+AH19+AO19 -> 18 | AW19: =G19+N19+U19+AB19+AI19+AP19 -> 18 | AX19: =H19+O19+V19+AC19+AJ19+AQ19 -> 18 | AY19: =I19+P19+W19+AD19+AK19+AR19 -> 18
A20: 2.6 | B20: Капитализирани социални разходи, хил.лв. | C20: 0 | D20: 0 | E20: 8 | F20: 8 | G20: 8 | H20: 8 | I20: 8 | J20: 0 | K20: 0 | L20: 0 | M20: 0 | N20: 0 | O20: 0 | P20: 0 | Q20: 0 | R20: 0 | S20: 0 | T20: 0 | U20: 0 | V20: 0 | W20: 0 | X20: 0 | Y20: 0 | Z20: 0 | AA20: 0 | AB20: 0 | AC20: 0 | AD20: 0 | AE20: 0 | AF20: 0 | AG20: 0 | AH20: 0 | AI20: 0 | AJ20: 0 | AK20: 0 | AL20: 0 | AM20: 0 | AN20: 0 | AO20: 0 | AP20: 0 | AQ20: 0 | AR20: 0 | AS20: =C20+J20+Q20+X20+AE20+AL20 -> 0 | AT20: =D20+K20+R20+Y20+AF20+AM20 -> 0 | AU20: =E20+L20+S20+Z20+AG20+AN20 -> 8 | AV20: =F20+M20+T20+AA20+AH20+AO20 -> 8 | AW20: =G20+N20+U20+AB20+AI20+AP20 -> 8 | AX20: =H20+O20+V20+AC20+AJ20+AQ20 -> 8 | AY20: =I20+P20+W20+AD20+AK20+AR20 -> 8
A21: 3.1 | B21: Разходи за възнаграждения за персонал на пълна заетост на база щатно разписание, хил.лв. | C21: =SUM(C22:C28) -> 3961 | D21: =SUM(D22:D28) -> 4647 | E21: =SUM(E22:E28) -> 6245 | F21: =SUM(F22:F28) -> 6475 | G21: =SUM(G22:G28) -> 6475 | H21: =SUM(H22:H28) -> 6475 | I21: =SUM(I22:I28) -> 7202 | J21: =SUM(J22:J28) -> 465 | ... AY21: =SUM(AY22:AY28) -> 8853.04
A22: 3.2 | B22: Разходи за основна заплата | C22: 2066 | D22: 2339 | E22: 3246 | F22: 3359 | G22: 3359 | H22: 3359 | I22: 3737 | J22: 228 | K22: 238 | L22: 244 | M22: 244 | N22: 268 | O22: 268 | P22: 301 | Q22: 147 | R22: 149 | S22: 333 | T22: 371 | U22: 418 | V22: 439 | W22: 439 | X22: 53 | Y22: 68 | Z22: 69 | AA22: 70 | AB22: 71 | AC22: 72 | AD22: 73 | AE22: 0 | AF22: 4 | AG22: 4 | AH22: 4 | AI22: 4 | AJ22: 4 | AK22: 4 | AL22: 17 | AM22: 15 | AN22: 15 | AO22: 15 | AP22: 15 | AQ22: 15 | AR22: 15 | AS22: =C22+J22+Q22+X22+AE22+AL22 -> 2511 | AT22: =D22+K22+R22+Y22+AF22+AM22 -> 2813 | AU22: =E22+L22+S22+Z22+AG22+AN22 -> 3911 | AV22: =F22+M22+T22+AA22+AH22+AO22 -> 4063 | AW22: =G22+N22+U22+AB22+AI22+AP22 -> 4135 | AX22: =H22+O22+V22+AC22+AJ22+AQ22 -> 4157 | AY22: =I22+P22+W22+AD22+AK22+AR22 -> 4569
A23: 3.3 | B23: Разходи за възнаграждения над основната заплата (наднормено и премии) | C23: 0 | D23: 0 | E23: 0 | F23: 0 | G23: 0 | H23: 0 | I23: 0 | X23: 0 | Y23: 0 | Z23: 0 | AA23: 0 | AB23: 0 | AC23: 0 | AD23: 0 | AE23: 0 | AF23: 0 | AG23: 0 | AH23: 0 | AI23: 0 | AJ23: 0 | AK23: 0 | AL23: 0 | AM23: 0 | AN23: 0 | AO23: 0 | AP23: 0 | AQ23: 0 | AR23: 0 | AS23: =C23+J23+Q23+X23+AE23+AL23 -> 0 | AT23: =D23+K23+R23+Y23+AF23+AM23 -> 0 | AU23: =E23+L23+S23+Z23+AG23+AN23 -> 0 | AV23: =F23+M23+T23+AA23+AH23+AO23 -> 0 | AW23: =G23+N23+U23+AB23+AI23+AP23 -> 0 | AX23: =H23+O23+V23+AC23+AJ23+AQ23 -> 0 | AY23: =I23+P23+W23+AD23+AK23+AR23 -> 0
A24: 3.4 | B24: Възнаграждения за платен отпуск | C24: 254 | D24: 288 | E24: 400 | F24: 408 | G24: 408 | H24: 408 | I24: 429 | J24: 3 | K24: 4 | L24: 5 | M24: 5 | N24: 9 | O24: 9 | P24: 10 | Q24: 18 | R24: 18 | S24: 26 | T24: 29 | U24: 35 | V24: 46 | W24: 46 | X24: 4 | Y24: 5 | Z24: 7 | AA24: 7 | AB24: 8 | AC24: 8 | AD24: 8 | AE24: 0 | AF24: 0 | AG24: 0 | AH24: 0 | AI24: 0 | AJ24: 0 | AK24: 0 | AL24: 1 | AM24: 1 | AN24: 1 | AO24: 1 | AP24: 1 | AQ24: 1 | AR24: 1 | AS24: =C24+J24+Q24+X24+AE24+AL24 -> 280 | AT24: =D24+K24+R24+Y24+AF24+AM24 -> 316 | AU24: =E24+L24+S24+Z24+AG24+AN24 -> 439 | AV24: =F24+M24+T24+AA24+AH24+AO24 -> 450 | AW24: =G24+N24+U24+AB24+AI24+AP24 -> 461 | AX24: =H24+O24+V24+AC24+AJ24+AQ24 -> 472 | AY24: =I24+P24+W24+AD24+AK24+AR24 -> 494
A25: 3.5 | B25: Допълнителни и други възнаграждения (нощен труд, професионален стаж, извънреден труд, други) | C25: 763 | D25: 863 | E25: 1158 | F25: 1200 | G25: 1200 | H25: 1200 | I25: 1352 | J25: 118 | K25: 126 | L25: 124 | M25: 124 | N25: 132 | O25: 132 | P25: 125 | Q25: 61 | R25: 61 | S25: 137 | T25: 154 | U25: 174 | V25: 222 | W25: 222 | X25: 25 | Y25: 32 | Z25: 24 | AA25: 24 | AB25: 23 | AC25: 23 | AD25: 23 | AE25: 0 | AF25: 0 | AG25: 0 | AH25: 0 | AI25: 0 | AJ25: 0 | AK25: 0 | AL25: 4 | AM25: 2 | AN25: 6 | AO25: 6 | AP25: 6 | AQ25: 6 | AR25: 6 | AS25: =C25+J25+Q25+X25+AE25+AL25 -> 971 | AT25: =D25+K25+R25+Y25+AF25+AM25 -> 1084 | AU25: =E25+L25+S25+Z25+AG25+AN25 -> 1449 | AV25: =F25+M25+T25+AA25+AH25+AO25 -> 1508 | AW25: =G25+N25+U25+AB25+AI25+AP25 -> 1535 | AX25: =H25+O25+V25+AC25+AJ25+AQ25 -> 1583 | AY25: =I25+P25+W25+AD25+AK25+AR25 -> 1728
A26: 3.6 | B26: Обезщетения по КТ, ЗДС и КСО | C26: 95 | D26: 108 | E26: 151 | F26: 172 | G26: 172 | H26: 172 | I26: 198 | J26: 2 | K26: 2 | L26: 3 | M26: 3 | N26: 4 | O26: 4 | P26: 5 | Q26: 1 | R26: 1 | S26: 14 | T26: 16 | U26: 18 | V26: 24 | W26: 24 | X26: 1 | Y26: 1 | Z26: 2 | AA26: 2 | AB26: 3 | AC26: 3 | AD26: 3 | AE26: 0 | AF26: 0 | AG26: 0 | AH26: 0 | AI26: 0 | AJ26: 0 | AK26: 0 | AL26: 1 | AM26: 1 | AN26: 1 | AO26: 1 | AP26: 1 | AQ26: 1 | AR26: 1 | AS26: =C26+J26+Q26+X26+AE26+AL26 -> 100 | AT26: =D26+K26+R26+Y26+AF26+AM26 -> 113 | AU26: =E26+L26+S26+Z26+AG26+AN26 -> 171 | AV26: =F26+M26+T26+AA26+AH26+AO26 -> 194 | AW26: =G26+N26+U26+AB26+AI26+AP26 -> 198 | AX26: =H26+O26+V26+AC26+AJ26+AQ26 -> 204 | AY26: =I26+P26+W26+AD26+AK26+AR26 -> 231
A27: 3.7 | B27: Социални и здравни осигуровки | C27: 567 | D27: 689 | E27: 893 | F27: 925 | G27: 925 | H27: 925 | I27: 1029 | J27: 99 | K27: 80 | L27: 68 | M27: 68 | N27: 74 | O27: 74 | P27: 79 | Q27: 46 | R27: 44 | S27: 92 | T27: 103 | U27: 116 | V27: 132 | W27: 132 | X27: 17 | Y27: 21 | Z27: 23 | AA27: 23 | AB27: 23 | AC27: 24 | AD27: 24 | AE27: 0 | AF27: 1 | AG27: 0.72 | AH27: 0.72 | AI27: 0.72 | AJ27: 0.72 | AK27: 0.72 | AL27: 3 | AM27: 3 | AN27: 3 | AO27: 3 | AP27: 3 | AQ27: 3 | AR27: 3 | AS27: =C27+J27+Q27+X27+AE27+AL27 -> 732 | AT27: =D27+K27+R27+Y27+AF27+AM27 -> 838 | AU27: =E27+L27+S27+Z27+AG27+AN27 -> 1079.72 | AV27: =F27+M27+T27+AA27+AH27+AO27 -> 1122.72 | AW27: =G27+N27+U27+AB27+AI27+AP27 -> 1141.72 | AX27: =H27+O27+V27+AC27+AJ27+AQ27 -> 1158.72 | AY27: =I27+P27+W27+AD27+AK27+AR27 -> 1267.72
A28: 3.8 | B28: Други социални разходи и надбавки | C28: 216 | D28: 360 | E28: 397 | F28: 411 | G28: 411 | H28: 411 | I28: 457 | J28: 15 | K28: 37 | L28: 30 | M28: 30 | N28: 33 | O28: 33 | P28: 35 | Q28: 14 | R28: 23 | S28: 41 | T28: 46 | U28: 52 | V28: 58 | W28: 58 | X28: 6 | Y28: 11 | Z28: 10 | AA28: 10 | AB28: 10 | AC28: 10 | AD28: 11 | AE28: 0 | AF28: 0.32 | AG28: 0.32 | AH28: 0.32 | AI28: 0.32 | AJ28: 0.32 | AK28: 0.32 | AL28: 2 | AM28: 2 | AN28: 2 | AO28: 2 | AP28: 2 | AQ28: 2 | AR28: 2 | AS28: =C28+J28+Q28+X28+AE28+AL28 -> 253 | AT28: =D28+K28+R28+Y28+AF28+AM28 -> 433.32 | AU28: =E28+L28+S28+Z28+AG28+AN28 -> 480.32 | AV28: =F28+M28+T28+AA28+AH28+AO28 -> 499.32 | AW28: =G28+N28+U28+AB28+AI28+AP28 -> 508.32 | AX28: =H28+O28+V28+AC28+AJ28+AQ28 -> 514.32 | AY28: =I28+P28+W28+AD28+AK28+AR28 -> 563.32
A29: 4.1 | B29: Общ размер на разходите за възнаграждения (без граждански договори), хил.лв. | C29: =C15+C18 -> 3178 | D29: =D15+D18 -> 3598 | E29: =E15+E18 -> 5055 | F29: =F15+F18 -> 5239 | G29: =G15+G18 -> 5239 | H29: =H15+H18 -> 5239 | I29: =I15+I18 -> 5816 | J29: =J15+J18 -> 351 | ... AR29: =AR15+AR18 -> 0 | AS29: =C29+J29+Q29+X29+AE29+AL29 -> 3839 | AT29: =D29+K29+R29+Y29+AF29+AM29 -> 4335 | AU29: =E29+L29+S29+Z29+AG29+AN29 -> 6070 | AV29: =F29+M29+T29+AA29+AH29+AO29 -> 6316 | AW29: =G29+N29+U29+AB29+AI29+AP29 -> 6423 | AX29: =H29+O29+V29+AC29+AJ29+AQ29 -> 6515 | AY29: =I29+P29+W29+AD29+AK29+AR29 -> 7120
A30: 4.2 | B30: Общ размер на разходите за социални осигуровки, хил.лв. | C30: =C16+C19 -> 567 | D30: =D16+D19 -> 689 | E30: =E16+E19 -> 911 | F30: =F16+F19 -> 913 | G30: =G16+G19 -> 943 | H30: =H16+H19 -> 943 | I30: =I16+I19 -> 1047 | J30: =J16+J19 -> 99 | ... AR30: =AR16+AR19 -> 0 | AS30: =C30+J30+Q30+X30+AE30+AL30 -> 729 | AT30: =D30+K30+R30+Y30+AF30+AM30 -> 834 | AU30: =E30+L30+S30+Z30+AG30+AN30 -> 1094 | AV30: =F30+M30+T30+AA30+AH30+AO30 -> 1107 | AW30: =G30+N30+U30+AB30+AI30+AP30 -> 1156 | AX30: =H30+O30+V30+AC30+AJ30+AQ30 -> 1173 | AY30: =I30+P30+W30+AD30+AK30+AR30 -> 1282
A31: 4.3 | B31: Общ размер на социалните разходи, хил.лв. | C31: =C17+C20 -> 216 | D31: =D17+D20 -> 360 | E31: =E17+E20 -> 405 | F31: =F17+F20 -> 419 | G31: =G17+G20 -> 419 | H31: =H17+H20 -> 419 | I31: =I17+I20 -> 465 | J31: =J17+J20 -> 15 | ... AR31: =AR17+AR20 -> 0 | AS31: =C31+J31+Q31+X31+AE31+AL31 -> 251 | AT31: =D31+K31+R31+Y31+AF31+AM31 -> 431 | AU31: =E31+L31+S31+Z31+AG31+AN31 -> 486 | AV31: =F31+M31+T31+AA31+AH31+AO31 -> 505 | AW31: =G31+N31+U31+AB31+AI31+AP31 -> 514 | AX31: =H31+O31+V31+AC31+AJ31+AQ31 -> 520 | AY31: =I31+P31+W31+AD31+AK31+AR31 -> 569
A32: 5.1 | B32: Среден размер на възнаграждение на единица персонал на ЕПЗ (хил.лв./ЕПЗ) | C32: =IFERROR(C29/C14,0) -> 7.4252336 | D32: =IFERROR(D29/D14,0) -> 8.4065421 | E32: =IFERROR(E29/E14,0) -> 11.62069 | F32: =IFERROR(F29/F14,0) -> 11.642222 | G32: =IFERROR(G29/G14,0) -> 11.642222 | H32: =IFERROR(H29/H14,0) -> 11.642222 | I32: =IFERROR(I29/I14,0) -> 12.507527 | J32: =IFERROR(J29/J14,0) -> 12.535714 | ... AY32: =IFERROR(AY29/AY14,0) -> 12.339688
A33: 5.2 | B33: Среден размер на социални осигуровки на единица персонал на ЕПЗ (хил.лв./ЕПЗ) | C33: =IFERROR(C30/C14,0) -> 1.3247664 | D33: =IFERROR(D30/D14,0) -> 1.6098131 | E33: =IFERROR(E30/E14,0) -> 2.0942529 | F33: =IFERROR(F30/F14,0) -> 2.0288889 | G33: =IFERROR(G30/G14,0) -> 2.0955556 | H33: =IFERROR(H30/H14,0) -> 2.0955556 | I33: =IFERROR(I30/I14,0) -> 2.2516129 | J33: =IFERROR(J30/J14,0) -> 3.5357143 | ... AY33: =IFERROR(AY30/AY14,0) -> 2.2218371
A34: 5.3 | B34: Среден размер на социални разходи на единица персонал на ЕПЗ (хил.лв./ЕПЗ) | C34: =IFERROR(C31/C14,0) -> 0.5046729 | D34: =IFERROR(D31/D14,0) -> 0.8411215 | E34: =IFERROR(E31/E14,0) -> 0.93103448 | F34: =IFERROR(F31/F14,0) -> 0.93111111 | G34: =IFERROR(G31/G14,0) -> 0.93111111 | H34: =IFERROR(H31/H14,0) -> 0.93111111 | I34: =IFERROR(I31/I14,0) -> 1 | J34: =IFERROR(J31/J14,0) -> 0.53571429 | ... AY34: =IFERROR(AY31/AY14,0) -> 0.98613518
A35: 5.4 | B35: Дял на разходите за социални осигуровки от разходите за възнаграждения, % | C35: =IFERROR(C30/C29,0) -> 0.1784141 | D35: =IFERROR(D30/D29,0) -> 0.19149528 | E35: =IFERROR(E30/E29,0) -> 0.18021761 | F35: =IFERROR(F30/F29,0) -> 0.1742699 | G35: =IFERROR(G30/G29,0) -> 0.17999618 | H35: =IFERROR(H30/H29,0) -> 0.17999618 | I35: =IFERROR(I30/I29,0) -> 0.18002063 | J35: =IFERROR(J30/J29,0) -> 0.28205128 | ... AY35: =IFERROR(AY30/AY29,0) -> 0.18005618
A36: 5.5 | B36: Дял на социалните разходи от разходите за възнаграждения, % | C36: =IFERROR(C31/C29,0) -> 0.067967275 | D36: =IFERROR(D31/D29,0) -> 0.10005559 | E36: =IFERROR(E31/E29,0) -> 0.080118694 | F36: =IFERROR(F31/F29,0) -> 0.079977095 | G36: =IFERROR(G31/G29,0) -> 0.079977095 | H36: =IFERROR(H31/H29,0) -> 0.079977095 | I36: =IFERROR(I31/I29,0) -> 0.079951857 | J36: =IFERROR(J31/J29,0) -> 0.042735043 | ... AY36: =IFERROR(AY31/AY29,0) -> 0.07991573
AR42: Главен счетоводител: | AS42: ..............................................
B43: ='Приложение '!B56 -> Дата: 27.06.2016г. | AT43: (подпис)
AR46: Управител: | AS46: ..............................................
AT47: (подпис и печат)
A48: Указания за попълване на справката
A49: 1. Попълват се само клетките в жълт цвят
A50: 2. Справка №5 се попълва за всички водоснабдителни системи - ВС основна, ВС "Вода с непитейни качества", и ВС "Вода за друг ВиК оператор". За ВС основна се попълват всички данни за персонал по услуги, включително и данни за ВС "Вода с непитейни качества", и ВС "Вода за друг ВиК оператор" (всички системи, ако са повече от една). За ВС "Вода за друг ВиК оператор" и ВС "Вода с непитейни качества" се попълват данни за персонала за съответната ВС след разпределение съгласно принципите на ЕСРО.

Sheet 6. Ел.Енергия
V1: Приложение №2
A2: Справка № 6 Отчет и прогнозно ниво на потребление на електроенергия за периода на бизнес плана
A3: ='1. Анкетна карта'!A3 -> на "Водоснабдяване и канализация" ООД , гр. Враца
A4: ='1. Анкетна карта'!A4 -> ЕИК по БУЛСТАТ: 816090199
A6: № | B6: Ел.енергия | C6: Доставяне на вода на потребителите
C7: кВтч | J7: Разход, хил.лв. | Q7: Средна цена на ел.енергия, лв/МВтч
C8: ='Приложение '!G12 -> 2015 г. | D8: ='Приложение '!$G13 -> 2016 г. | E8: ='Приложение '!$G14 -> 2017 г. | F8: ='Приложение '!$G15 -> 2018 г. | G8: ='Приложение '!$G16 -> 2019 г. | H8: ='Приложение '!$G17 -> 2020 г. | I8: ='Приложение '!$G18 -> 2021 г. | J8: =C8 -> 2015 г. | K8: =D8 -> 2016 г. | L8: =E8 -> 2017 г. | M8: =F8 -> 2018 г. | N8: =G8 -> 2019 г. | O8: =H8 -> 2020 г. | P8: =I8 -> 2021 г. | Q8: =J8 -> 2015 г. | ... W8: =P8 -> 2021 г.
A9: 1 | B9: Изразходвана ел. енергия "Ниско напрежение" | C9: 10675140 | D9: 10461574 | E9: 10500000 | F9: 10500000 | G9: 10500000 | H9: 10500000 | I9: 10500000 | J9: 1561.2837 | K9: 1544 | L9: 1530 | M9: 1530 | N9: 1530 | O9: 1530 | P9: 1530 | Q9: =IFERROR((J9*1000)/(C9/1000),0) -> 146.25417 | R9: =IFERROR((K9*1000)/(D9/1000),0) -> 147.58773 | S9: =IFERROR((L9*1000)/(E9/1000),0) -> 145.71429 | T9: =IFERROR((M9*1000)/(F9/1000),0) -> 145.71429 | U9: =IFERROR((N9*1000)/(G9/1000),0) -> 145.71429 | V9: =IFERROR((O9*1000)/(H9/1000),0) -> 145.71429 | W9: =IFERROR((P9*1000)/(I9/1000),0) -> 145.71429
A10: 2 | B10: Изразходвана ел. енергия "Средно напражение" | C10: 852657 | D10: 900000 | E10: 850000 | F10: 850000 | G10: 850000 | H10: 850000 | I10: 850000 | J10: 104.76244 | K10: 118 | L10: 112 | M10: 112 | N10: 112 | O10: 112 | P10: 112 | Q10: =IFERROR((J10*1000)/(C10/1000),0) -> 122.86587 | R10: =IFERROR((K10*1000)/(D10/1000),0) -> 131.11111 | S10: =IFERROR((L10*1000)/(E10/1000),0) -> 131.76471 | T10: =IFERROR((M10*1000)/(F10/1000),0) -> 131.76471 | U10: =IFERROR((N10*1000)/(G10/1000),0) -> 131.76471 | V10: =IFERROR((O10*1000)/(H10/1000),0) -> 131.76471 | W10: =IFERROR((P10*1000)/(I10/1000),0) -> 131.76471
A11: 3 | B11: Изразходвана ел. енергия "Високо напрежение" | C11: 0 | D11: 0 | E11: 0 | F11: 0 | G11: 0 | H11: 0 | I11: 0 | J11: 0 | K11: 0 | L11: 0 | M11: 0 | N11: 0 | O11: 0 | P11: 0 | Q11: =IFERROR((J11*1000)/(C11/1000),0) -> 0 | R11: =IFERROR((K11*1000)/(D11/1000),0) -> 0 | S11: =IFERROR((L11*1000)/(E11/1000),0) -> 0 | T11: =IFERROR((M11*1000)/(F11/1000),0) -> 0 | U11: =IFERROR((N11*1000)/(G11/1000),0) -> 0 | V11: =IFERROR((O11*1000)/(H11/1000),0) -> 0 | W11: =IFERROR((P11*1000)/(I11/1000),0) -> 0
A12: 4 | B12: Общо изразходвана ел.енергия | C12: =C9+C10+C11 -> 11527797 | D12: =D9+D10+D11 -> 11361574 | E12: =E9+E10+E11 -> 11350000 | F12: =F9+F10+F11 -> 11350000 | G12: =G9+G10+G11 -> 11350000 | H12: =H9+H10+H11 -> 11350000 | I12: =I9+I10+I11 -> 11350000 | J12: =J9+J10+J11 -> 1666.0461 | ... P12: =P9+P10+P11 -> 1642 | Q12: =IFERROR((J12*1000)/(C12/1000),0) -> 144.52424 | R12: =IFERROR((K12*1000)/(D12/1000),0) -> 146.28255 | S12: =IFERROR((L12*1000)/(E12/1000),0) -> 144.6696 | T12: =IFERROR((M12*1000)/(F12/1000),0) -> 144.6696 | U12: =IFERROR((N12*1000)/(G12/1000),0) -> 144.6696 | V12: =IFERROR((O12*1000)/(H12/1000),0) -> 144.6696 | W12: =IFERROR((P12*1000)/(I12/1000),0) -> 144.6696
A13: 5 | B13: Енергийна ефективност | D13: =D12-C12 -> -166223 | E13: =E12-D12 -> -11574 | F13: =F12-E12 -> 0 | G13: =G12-F12 -> 0 | H13: =H12-G12 -> 0 | I13: =I12-H12 -> 0 | K13: =K12-J12 -> -4.04613 | L13: =L12-K12 -> -20 | M13: =M12-L12 -> 0 | N13: =N12-M12 -> 0 | O13: =O12-N12 -> 0 | P13: =P12-O12 -> 0 | R13: =R12-Q12 -> 1.758306 | S13: =S12-R12 -> -1.612945 | T13: =T12-S12 -> 0 | U13: =U12-T12 -> 0 | V13: =V12-U12 -> 0 | W13: =W12-V12 -> 0
A14: 6 | B14: Специфичен разход кВтч/м3 вода на вход ВС | C14: =C12/'4. Отчет и прогн. потребление'!D10 -> 0.50412504 | D14: =D12/'4. Отчет и прогн. потребление'!E10 -> 0.51631784 | E14: =E12/'4. Отчет и прогн. потребление'!F10 -> 0.48919536 | F14: =F12/'4. Отчет и прогн. потребление'!G10 -> 0.48919536 | G14: =G12/'4. Отчет и прогн. потребление'!H10 -> 0.48919536 | H14: =H12/'4. Отчет и прогн. потребление'!I10 -> 0.51590909 | I14: =I12/'4. Отчет и прогн. потребление'!J10 -> 0.55231144
A15: 7 | B15: Специфичен разход кВтч/м3 фактурирана вода | C15: =C12/'4. Отчет и прогн. потребление'!D21 -> 1.4657422 | D15: =D12/'4. Отчет и прогн. потребление'!E21 -> 1.4689095 | E15: =E12/'4. Отчет и прогн. потребление'!F21 -> 1.3507394 | F15: =F12/'4. Отчет и прогн. потребление'!G21 -> 1.3507394 | G15: =G12/'4. Отчет и прогн. потребление'!H21 -> 1.3507394 | H15: =H12/'4. Отчет и прогн. потребление'!I21 -> 1.3916989 | I15: =I12/'4. Отчет и прогн. потребление'!J21 -> 1.454196
A17: Проверка/засичане на данни със справка 12: | J17: =J12-'12. Разходи'!C17 -> 0.04613 | K17: =K12-'12. Разходи'!D17 -> 0 | L17: =L12-'12. Разходи'!E17 -> 0 | M17: =M12-'12. Разходи'!F17 -> 0 | N17: =N12-'12. Разходи'!G17 -> 0 | O17: =O12-'12. Разходи'!H17 -> 0 | P17: =P12-'12. Разходи'!I17 -> 0
A19: № | B19: Ел.енергия | C19: Отвеждане на отпадъчните води
C20: кВтч | J20: Разход, хил.лв. | Q20: Средна цена на ел.енергия, лв/МВтч
C21: ='Приложение '!G12 -> 2015 г. | D21: ='Приложение '!$G13 -> 2016 г. | E21: ='Приложение '!$G14 -> 2017 г. | F21: ='Приложение '!$G15 -> 2018 г. | G21: ='Приложение '!$G16 -> 2019 г. | H21: ='Приложение '!$G17 -> 2020 г. | I21: ='Приложение '!$G18 -> 2021 г. | J21: =C21 -> 2015 г. | K21: =D21 -> 2016 г. | L21: =E21 -> 2017 г. | M21: =F21 -> 2018 г. | N21: =G21 -> 2019 г. | O21: =H21 -> 2020 г. | P21: =I21 -> 2021 г. | Q21: =J21 -> 2015 г. | ... W21: =P21 -> 2021 г.
A22: 1 | B22: Изразходвана ел. енергия "Ниско напрежение" | C22: 23383 | D22: 0 | E22: 50000 | F22: 50000 | G22: 50000 | H22: 50000 | I22: 50000 | J22: 3.53385 | K22: 0 | L22: 8.5 | M22: 8.5 | N22: 8.5 | O22: 8.5 | P22: 8.5 | Q22: =IFERROR((J22*1000)/(C22/1000),0) -> 151.12903 | R22: =IFERROR((K22*1000)/(D22/1000),0) -> 0 | S22: =IFERROR((L22*1000)/(E22/1000),0) -> 170 | T22: =IFERROR((M22*1000)/(F22/1000),0) -> 170 | U22: =IFERROR((N22*1000)/(G22/1000),0) -> 170 | V22: =IFERROR((O22*1000)/(H22/1000),0) -> 170 | W22: =IFERROR((P22*1000)/(I22/1000),0) -> 170
A23: 2 | B23: Изразходвана ел. енергия "Средно напражение" | C23: 102732 | D23: 230000 | E23: 100000 | F23: 100000 | G23: 100000 | H23: 100000 | I23: 100000 | J23: 20.73 | K23: 32 | L23: 19 | M23: 19 | N23: 19 | O23: 19 | P23: 19 | Q23: =IFERROR((J23*1000)/(C23/1000),0) -> 201.78717 | R23: =IFERROR((K23*1000)/(D23/1000),0) -> 139.13043 | S23: =IFERROR((L23*1000)/(E23/1000),0) -> 190 | T23: =IFERROR((M23*1000)/(F23/1000),0) -> 190 | U23: =IFERROR((N23*1000)/(G23/1000),0) -> 190 | V23: =IFERROR((O23*1000)/(H23/1000),0) -> 190 | W23: =IFERROR((P23*1000)/(I23/1000),0) -> 190
A24: 3 | B24: Изразходвана ел. енергия "Високо напрежение" | C24: 0 | D24: 0 | E24: 0 | F24: 0 | G24: 0 | H24: 0 | I24: 0 | J24: 0 | K24: 0 | L24: 0 | M24: 0 | N24: 0 | O24: 0 | P24: 0 | Q24: =IFERROR((J24*1000)/(C24/1000),0) -> 0 | R24: =IFERROR((K24*1000)/(D24/1000),0) -> 0 | S24: =IFERROR((L24*1000)/(E24/1000),0) -> 0 | T24: =IFERROR((M24*1000)/(F24/1000),0) -> 0 | U24: =IFERROR((N24*1000)/(G24/1000),0) -> 0 | V24: =IFERROR((O24*1000)/(H24/1000),0) -> 0 | W24: =IFERROR((P24*1000)/(I24/1000),0) -> 0
A25: 4 | B25: Общо изразходвана ел.енергия | C25: =C22+C23+C24 -> 126115 | D25: =D22+D23+D24 -> 230000 | E25: =E22+E23+E24 -> 150000 | F25: =F22+F23+F24 -> 150000 | G25: =G22+G23+G24 -> 150000 | H25: =H22+H23+H24 -> 150000 | I25: =I22+I23+I24 -> 150000 | J25: =J22+J23+J24 -> 24.26385 | ... P25: =P22+P23+P24 -> 27.5 | Q25: =IFERROR((J25*1000)/(C25/1000),0) -> 192.39464 | R25: =IFERROR((K25*1000)/(D25/1000),0) -> 139.13043 | S25: =IFERROR((L25*1000)/(E25/1000),0) -> 183.33333 | T25: =IFERROR((M25*1000)/(F25/1000),0) -> 183.33333 | U25: =IFERROR((N25*1000)/(G25/1000),0) -> 183.33333 | V25: =IFERROR((O25*1000)/(H25/1000),0) -> 183.33333 | W25: =IFERROR((P25*1000)/(I25/1000),0) -> 183.33333
A26: 5 | B26: Енергийна ефективност | D26: =D25-C25 -> 103885 | E26: =E25-D25 -> -80000 | F26: =F25-E25 -> 0 | G26: =G25-F25 -> 0 | H26: =H25-G25 -> 0 | I26: =I25-H25 -> 0 | K26: =K25-J25 -> 7.73615 | L26: =L25-K25 -> -4.5 | M26: =M25-L25 -> 0 | N26: =N25-M25 -> 0 | O26: =O25-N25 -> 0 | P26: =P25-O25 -> 0 | R26: =R25-Q25 -> -53.264205 | S26: =S25-R25 -> 44.202899 | T26: =T25-S25 -> 0 | U26: =U25-T25 -> 0 | V26: =V25-U25 -> 0 | W26: =W25-V25 -> 0
A27: 6 | B27: Специфичен разход кВтч/м3 фактурирана вода | C27: =C25/'4. Отчет и прогн. потребление'!D53 -> 0.030687453 | D27: =D25/'4. Отчет и прогн. потребление'!E53 -> 0.053488372 | E27: =E25/'4. Отчет и прогн. потребление'!F53 -> 0.037085064 | F27: =F25/'4. Отчет и прогн. потребление'!G53 -> 0.035629454 | G27: =G25/'4. Отчет и прогн. потребление'!H53 -> 0.035545024 | H27: =H25/'4. Отчет и прогн. потребление'!I53 -> 0.035460993 | I27: =I25/'4. Отчет и прогн. потребление'!J53 -> 0.035377358
A29: Проверка/засичане на данни със справка 12: | J29: =J25-'12. Разходи'!J17 -> 0.26385 | K29: =K25-'12. Разходи'!K17 -> 0 | L29: =L25-'12. Разходи'!L17 -> 0 | M29: =M25-'12. Разходи'!M17 -> 0 | N29: =N25-'12. Разходи'!N17 -> -0.5 | O29: =O25-'12. Разходи'!O17 -> 0 | P29: =P25-'12. Разходи'!P17 -> 0
A31: № | B31: Ел.енергия | C31: Пречистване на отпадъчните води
C32: кВтч | J32: Разход, лв. | Q32: Средна цена на ел.енергия, лв/кВтч
C33: =C21 -> 2015 г. | D33: =D21 -> 2016 г. | E33: =E21 -> 2017 г. | F33: =F21 -> 2018 г. | G33: =G21 -> 2019 г. | H33: =H21 -> 2020 г. | I33: =I21 -> 2021 г. | J33: =C33 -> 2015 г. | K33: =D33 -> 2016 г. | L33: =E33 -> 2017 г. | M33: =F33 -> 2018 г. | N33: =G33 -> 2019 г. | O33: =H33 -> 2020 г. | P33: =I33 -> 2021 г. | Q33: =J33 -> 2015 г. | ... W33: =P33 -> 2021 г.
A34: 1 | B34: Изразходвана ел. енергия "Ниско напрежение" | C34: 0 | D34: 0 | E34: 0 | F34: 0 | G34: 0 | H34: 0 | I34: 0 | J34: 0 | K34: 0 | L34: 0 | M34: 0 | N34: 0 | O34: 0 | P34: 0 | Q34: =IFERROR((J34*1000)/(C34/1000),0) -> 0 | R34: =IFERROR((K34*1000)/(D34/1000),0) -> 0 | S34: =IFERROR((L34*1000)/(E34/1000),0) -> 0 | T34: =IFERROR((M34*1000)/(F34/1000),0) -> 0 | U34: =IFERROR((N34*1000)/(G34/1000),0) -> 0 | V34: =IFERROR((O34*1000)/(H34/1000),0) -> 0 | W34: =IFERROR((P34*1000)/(I34/1000),0) -> 0
A35: 2 | B35: Изразходвана ел. енергия "Средно напражение" | C35: 2649109 | D35: 2600000 | E35: 3000000 | F35: 3000000 | G35: 3000000 | H35: 3000000 | I35: 3000000 | J35: 366.89767 | K35: 340 | L35: 415 | M35: 415 | N35: 415 | O35: 415 | P35: 415 | Q35: =IFERROR((J35*1000)/(C35/1000),0) -> 138.49852 | R35: =IFERROR((K35*1000)/(D35/1000),0) -> 130.76923 | S35: =IFERROR((L35*1000)/(E35/1000),0) -> 138.33333 | T35: =IFERROR((M35*1000)/(F35/1000),0) -> 138.33333 | U35: =IFERROR((N35*1000)/(G35/1000),0) -> 138.33333 | V35: =IFERROR((O35*1000)/(H35/1000),0) -> 138.33333 | W35: =IFERROR((P35*1000)/(I35/1000),0) -> 138.33333
A36: 3 | B36: Изразходвана ел. енергия "Високо напрежение" | C36: 0 | D36: 0 | E36: 0 | F36: 0 | G36: 0 | H36: 0 | I36: 0 | J36: 0 | K36: 0 | L36: 0 | M36: 0 | N36: 0 | O36: 0 | P36: 0 | Q36: =IFERROR((J36*1000)/(C36/1000),0) -> 0 | R36: =IFERROR((K36*1000)/(D36/1000),0) -> 0 | S36: =IFERROR((L36*1000)/(E36/1000),0) -> 0 | T36: =IFERROR((M36*1000)/(F36/1000),0) -> 0 | U36: =IFERROR((N36*1000)/(G36/1000),0) -> 0 | V36: =IFERROR((O36*1000)/(H36/1000),0) -> 0 | W36: =IFERROR((P36*1000)/(I36/1000),0) -> 0
A37: 4 | B37: Общо изразходвана ел.енергия | C37: =C34+C35+C36 -> 2649109 | D37: =D34+D35+D36 -> 2600000 | E37: =E34+E35+E36 -> 3000000 | F37: =F34+F35+F36 -> 3000000 | G37: =G34+G35+G36 -> 3000000 | H37: =H34+H35+H36 -> 3000000 | I37: =I34+I35+I36 -> 3000000 | J37: =J34+J35+J36 -> 366.89767 | ... P37: =P34+P35+P36 -> 415 | Q37: =IFERROR((J37*1000)/(C37/1000),0) -> 138.49852 | R37: =IFERROR((K37*1000)/(D37/1000),0) -> 130.76923 | S37: =IFERROR((L37*1000)/(E37/1000),0) -> 138.33333 | T37: =IFERROR((M37*1000)/(F37/1000),0) -> 138.33333 | U37: =IFERROR((N37*1000)/(G37/1000),0) -> 138.33333 | V37: =IFERROR((O37*1000)/(H37/1000),0) -> 138.33333 | W37: =IFERROR((P37*1000)/(I37/1000),0) -> 138.33333
A38: 5 | B38: Енергийна ефективност | D38: =D37-C37 -> -49109 | E38: =E37-D37 -> 400000 | F38: =F37-E37 -> 0 | G38: =G37-F37 -> 0 | H38: =H37-G37 -> 0 | I38: =I37-H37 -> 0 | K38: =K37-J37 -> -26.89767 | L38: =L37-K37 -> 75 | M38: =M37-L37 -> 0 | N38: =N37-M37 -> 0 | O38: =O37-N37 -> 0 | P38: =P37-O37 -> 0 | R38: =R37-Q37 -> -7.729287 | S38: =S37-R37 -> 7.5641026 | T38: =T37-S37 -> 0 | U38: =U37-T37 -> 0 | V38: =V37-U37 -> 0 | W38: =W37-V37 -> 0
A39: 6 | B39: Специфичен разход кВтч/м3 вода на вход ПСОВ | C39: =C37/'2. Променливи'!E64 -> 0.1492829 | D39: =D37/'2. Променливи'!F64 -> 0.13368709 | E39: =E37/'2. Променливи'!G64 -> 0.15425433 | F39: =F37/'2. Променливи'!H64 -> 0.14808672 | G39: =G37/'2. Променливи'!I64 -> 0.14808672 | H39: =H37/'2. Променливи'!J64 -> 0.14808672 | I39: =I37/'2. Променливи'!K64 -> 0.14808672
A40: 7 | B40: Специфичен разход кВтч/м3 фактурирана вода | C40: =C37/'4. Отчет и прогн. потребление'!D63 -> 0.81733815 | D40: =D37/'4. Отчет и прогн. потребление'!E63 -> 0.83601286 | E40: =E37/'4. Отчет и прогн. потребление'!F63 -> 1.1666438 | F40: =F37/'4. Отчет и прогн. потребление'!G63 -> 1.039141 | G40: =G37/'4. Отчет и прогн. потребление'!H63 -> 1.039141 | H40: =H37/'4. Отчет и прогн. потребление'!I63 -> 1.039141 | I40: =I37/'4. Отчет и прогн. потребление'!J63 -> 1.039141
A42: Проверка/засичане на данни със справка 12: | J42: =J37-'12. Разходи'!Q17 -> -0.10233 | K42: =K37-'12. Разходи'!R17 -> 0 | L42: =L37-'12. Разходи'!S17 -> 0 | M42: =M37-'12. Разходи'!T17 -> 0 | N42: =N37-'12. Разходи'!U17 -> 0 | O42: =O37-'12. Разходи'!V17 -> 0 | P42: =P37-'12. Разходи'!W17 -> 0
A44: № | B44: Ел.енергия | C44: Обобщена справка за консумацията и производството на ел.енергия
C45: кВтч | J45: Разход, лв. | Q45: Средна цена на ел.енергия, лв/кВтч
C46: =C33 -> 2015 г. | D46: =D33 -> 2016 г. | E46: =E33 -> 2017 г. | F46: =F33 -> 2018 г. | G46: =G33 -> 2019 г. | H46: =H33 -> 2020 г. | I46: =I33 -> 2021 г. | J46: =C46 -> 2015 г. | K46: =D46 -> 2016 г. | L46: =E46 -> 2017 г. | M46: =F46 -> 2018 г. | N46: =G46 -> 2019 г. | O46: =H46 -> 2020 г. | P46: =I46 -> 2021 г. | Q46: =J46 -> 2015 г. | ... W46: =P46 -> 2021 г.
A47: 1 | B47: Изразходвана ел. енергия "Ниско напрежение" | C47: =C9+C22+C34 -> 10698523 | D47: =D9+D22+D34 -> 10461574 | E47: =E9+E22+E34 -> 10550000 | F47: =F9+F22+F34 -> 10550000 | G47: =G9+G22+G34 -> 10550000 | H47: =H9+H22+H34 -> 10550000 | I47: =I9+I22+I34 -> 10550000 | J47: =J9+J22+J34 -> 1564.8175 | ... P47: =P9+P22+P34 -> 1538.5 | Q47: =IFERROR((J47*1000)/(C47/1000),0) -> 146.26482 | R47: =IFERROR((K47*1000)/(D47/1000),0) -> 147.58773 | S47: =IFERROR((L47*1000)/(E47/1000),0) -> 145.82938 | T47: =IFERROR((M47*1000)/(F47/1000),0) -> 145.82938 | U47: =IFERROR((N47*1000)/(G47/1000),0) -> 145.82938 | V47: =IFERROR((O47*1000)/(H47/1000),0) -> 145.82938 | W47: =IFERROR((P47*1000)/(I47/1000),0) -> 145.82938
A48: 2 | B48: Изразходвана ел. енергия "Средно напражение" | C48: =C10+C23+C35 -> 3604498 | D48: =D10+D23+D35 -> 3730000 | E48: =E10+E23+E35 -> 3950000 | F48: =F10+F23+F35 -> 3950000 | G48: =G10+G23+G35 -> 3950000 | H48: =H10+H23+H35 -> 3950000 | I48: =I10+I23+I35 -> 3950000 | J48: =J10+J23+J35 -> 492.39011 | ... P48: =P10+P23+P35 -> 546 | Q48: =IFERROR((J48*1000)/(C48/1000),0) -> 136.60435 | R48: =IFERROR((K48*1000)/(D48/1000),0) -> 131.36729 | S48: =IFERROR((L48*1000)/(E48/1000),0) -> 138.22785 | T48: =IFERROR((M48*1000)/(F48/1000),0) -> 138.22785 | U48: =IFERROR((N48*1000)/(G48/1000),0) -> 138.22785 | V48: =IFERROR((O48*1000)/(H48/1000),0) -> 138.22785 | W48: =IFERROR((P48*1000)/(I48/1000),0) -> 138.22785
A49: 3 | B49: Изразходвана ел. енергия "Високо напрежение" | C49: =C11+C24+C36 -> 0 | D49: =D11+D24+D36 -> 0 | E49: =E11+E24+E36 -> 0 | F49: =F11+F24+F36 -> 0 | G49: =G11+G24+G36 -> 0 | H49: =H11+H24+H36 -> 0 | I49: =I11+I24+I36 -> 0 | J49: =J11+J24+J36 -> 0 | ... P49: =P11+P24+P36 -> 0 | Q49: =IFERROR((J49*1000)/(C49/1000),0) -> 0 | R49: =IFERROR((K49*1000)/(D49/1000),0) -> 0 | S49: =IFERROR((L49*1000)/(E49/1000),0) -> 0 | T49: =IFERROR((M49*1000)/(F49/1000),0) -> 0 | U49: =IFERROR((N49*1000)/(G49/1000),0) -> 0 | V49: =IFERROR((O49*1000)/(H49/1000),0) -> 0 | W49: =IFERROR((P49*1000)/(I49/1000),0) -> 0
A50: 4 | B50: Общо изразходвана ел.енергия за технологични нужди | C50: =C47+C48+C49 -> 14303021 | D50: =D47+D48+D49 -> 14191574 | E50: =E47+E48+E49 -> 14500000 | F50: =F47+F48+F49 -> 14500000 | G50: =G47+G48+G49 -> 14500000 | H50: =H47+H48+H49 -> 14500000 | I50: =I47+I48+I49 -> 14500000 | J50: =J47+J48+J49 -> 2057.2077 | ... P50: =P47+P48+P49 -> 2084.5 | Q50: =IFERROR((J50*1000)/(C50/1000),0) -> 143.83029 | R50: =IFERROR((K50*1000)/(D50/1000),0) -> 143.32448 | S50: =IFERROR((L50*1000)/(E50/1000),0) -> 143.75862 | T50: =IFERROR((M50*1000)/(F50/1000),0) -> 143.75862 | U50: =IFERROR((N50*1000)/(G50/1000),0) -> 143.75862 | V50: =IFERROR((O50*1000)/(H50/1000),0) -> 143.75862 | W50: =IFERROR((P50*1000)/(I50/1000),0) -> 143.75862
A51: 5 | B51: Изразходвана ел.енергия за административни нужди | C51: 78809 | D51: 140000 | E51: 100000 | F51: 100000 | G51: 100000 | H51: 100000 | I51: 100000 | J51: 15.84917 | K51: 28 | L51: 20 | M51: 20 | N51: 20 | O51: 20 | P51: 20 | Q51: =IFERROR((J51*1000)/(C51/1000),0) -> 201.10863 | R51: =IFERROR((K51*1000)/(D51/1000),0) -> 200 | S51: =IFERROR((L51*1000)/(E51/1000),0) -> 200 | T51: =IFERROR((M51*1000)/(F51/1000),0) -> 200 | U51: =IFERROR((N51*1000)/(G51/1000),0) -> 200 | V51: =IFERROR((O51*1000)/(H51/1000),0) -> 200 | W51: =IFERROR((P51*1000)/(I51/1000),0) -> 200
A52: 6 | B52: Изразходвана ел.енергия за нерегулирана дейност | C52: 266272 | D52: 185000 | E52: 250000 | F52: 250000 | G52: 250000 | H52: 250000 | I52: 250000 | J52: 36.07 | K52: 27 | L52: 36.63 | M52: 36.63 | N52: 36.63 | O52: 36.63 | P52: 36.63 | Q52: =IFERROR((J52*1000)/(C52/1000),0) -> 135.46299 | R52: =IFERROR((K52*1000)/(D52/1000),0) -> 145.94595 | S52: =IFERROR((L52*1000)/(E52/1000),0) -> 146.52 | T52: =IFERROR((M52*1000)/(F52/1000),0) -> 146.52 | U52: =IFERROR((N52*1000)/(G52/1000),0) -> 146.52 | V52: =IFERROR((O52*1000)/(H52/1000),0) -> 146.52 | W52: =IFERROR((P52*1000)/(I52/1000),0) -> 146.52
A53: 7 | B53: Изразходвана ел.енергия за услугата доставяне вода на друг ВиК оператор | C53: 0 | D53: 0 | E53: 0 | F53: 0 | G53: 0 | H53: 0 | I53: 0 | J53: 0 | K53: 0 | L53: 0 | M53: 0 | N53: 0 | O53: 0 | P53: 0 | Q53: =IFERROR((J53*1000)/(C53/1000),0) -> 0 | R53: =IFERROR((K53*1000)/(D53/1000),0) -> 0 | S53: =IFERROR((L53*1000)/(E53/1000),0) -> 0 | T53: =IFERROR((M53*1000)/(F53/1000),0) -> 0 | U53: =IFERROR((N53*1000)/(G53/1000),0) -> 0 | V53: =IFERROR((O53*1000)/(H53/1000),0) -> 0 | W53: =IFERROR((P53*1000)/(I53/1000),0) -> 0
A54: 8 | B54: Изразходвана ел.енергия за услугата доставяне вода с непитейни качества | C54: 51108 | D54: 38426 | E54: 58080 | F54: 58080 | G54: 58080 | H54: 58080 | I54: 58080 | J54: 9.79487 | K54: 7 | L54: 10.235 | M54: 10.235 | N54: 10.235 | O54: 10.235 | P54: 10.235 | Q54: =IFERROR((J54*1000)/(C54/1000),0) -> 191.65043 | R54: =IFERROR((K54*1000)/(D54/1000),0) -> 182.16832 | S54: =IFERROR((L54*1000)/(E54/1000),0) -> 176.22245 | T54: =IFERROR((M54*1000)/(F54/1000),0) -> 176.22245 | U54: =IFERROR((N54*1000)/(G54/1000),0) -> 176.22245 | V54: =IFERROR((O54*1000)/(H54/1000),0) -> 176.22245 | W54: =IFERROR((P54*1000)/(I54/1000),0) -> 176.22245
A55: 9 | B55: Общо изразходвана ел.енергия | C55: =C47+C48+C49+C51+C52+C53+C54 -> 14699210 | D55: =D47+D48+D49+D51+D52+D53+D54 -> 14555000 | E55: =E47+E48+E49+E51+E52+E53+E54 -> 14908080 | F55: =F47+F48+F49+F51+F52+F53+F54 -> 14908080 | G55: =G47+G48+G49+G51+G52+G53+G54 -> 14908080 | H55: =H47+H48+H49+H51+H52+H53+H54 -> 14908080 | I55: =I47+I48+I49+I51+I52+I53+I54 -> 14908080 | J55: =J47+J48+J49+J51+J52+J53+J54 -> 2118.9217 | ... P55: =P47+P48+P49+P51+P52+P53+P54 -> 2151.365 | Q55: =IFERROR((J55*1000)/(C55/1000),0) -> 144.15208 | R55: =IFERROR((K55*1000)/(D55/1000),0) -> 144.0055 | S55: =IFERROR((L55*1000)/(E55/1000),0) -> 144.30866 | T55: =IFERROR((M55*1000)/(F55/1000),0) -> 144.30866 | U55: =IFERROR((N55*1000)/(G55/1000),0) -> 144.30866 | V55: =IFERROR((O55*1000)/(H55/1000),0) -> 144.30866 | W55: =IFERROR((P55*1000)/(I55/1000),0) -> 144.30866
A57: № | B57: Ел.енергия | C57: Обобщена справка за произведена и оползотворена/продадена ел.енергия
C58: кВтч | J58: Приход, хил.лв.
C59: =C46 -> 2015 г. | D59: =D46 -> 2016 г. | E59: =E46 -> 2017 г. | F59: =F46 -> 2018 г. | G59: =G46 -> 2019 г. | H59: =H46 -> 2020 г. | I59: =I46 -> 2021 г. | J59: =C59 -> 2015 г. | K59: =D59 -> 2016 г. | L59: =E59 -> 2017 г. | M59: =F59 -> 2018 г. | N59: =G59 -> 2019 г. | O59: =H59 -> 2020 г. | P59: =I59 -> 2021 г.
A60: 1 | B60: Произведена ел.енергия от собствени източници | C60: 0 | D60: 0 | E60: 0 | F60: 0 | G60: 0 | H60: 0 | I60: 0
A61: 2 | B61: Използвана ел.енергия от собствени източници за вътрешни нужди | C61: 0 | D61: 0 | E61: 0 | F61: 0 | G61: 0 | H61: 0 | I61: 0
A62: 3 | B62: Продадена ел. енергия от собствени източници на външния пазар | C62: 0 | D62: 0 | E62: 0 | F62: 0 | G62: 0 | H62: 0 | I62: 0 | J62: 0 | K62: 0 | L62: 0 | M62: 0 | N62: 0 | O62: 0 | P62: 0
A63: 4 | B63: Описание на технически параметри на когенерация
A65: № | B65: Данни за договори на свободен пазар | C65: =C59 -> 2015 г. | D65: =D59 -> 2016 г. | E65: =E59 -> 2017 г. | F65: =F59 -> 2018 г. | G65: =G59 -> 2019 г. | H65: =H59 -> 2020 г. | I65: =I59 -> 2021 г.
A66: 1 | B66: Цена по договор на свободен пазар за доставка на ел.енергия "Ниско напрежение" лв./мВтч | C66: 0.07453 | D66: 0.07203 | E66: 0.07203 | F66: 0.07203 | G66: 0.07203 | H66: 0.07203 | I66: 0.07203
A67: 2 | B67: Цена по договор на свободен пазар за доставка на ел.енергия "Средно напражение" лв./мВтч | C67: 0.07533 | D67: 0.07403 | E67: 0.07403 | F67: 0.07403 | G67: 0.07403 | H67: 0.07403 | I67: 0.07403
A68: 3 | B68: Цена по договор на свободен пазар за доставка на ел.енергия "Високо напрежение" лв./мВтч | C68: =J50+J51 -> 2073.0568 | D68: 0 | E68: 0 | F68: 0 | G68: 0 | H68: 0 | I68: 0
B71: ='5. Персонал'!B43 -> Дата: 27.06.2016г.
E72: ='5. Персонал'!AR42 -> Главен счетоводител: | F72: ..............................................
G73: (попис)
E76: ='5. Персонал'!AR46 -> Управител: | F76: ..............................................
G77: (подпис и печат)
A80: Указания за попълване на справката
A81: 1. Попълват се само клетките в жълт цвят
A82: 2. Справка №6 се попълва за всички водоснабдителни системи - ВС основна, ВС "Вода с непитейни качества", и ВС "Вода за друг ВиК оператор". За ВС основна се попълват всички данни за електроенергия по услуги, включително и данни за ВС "Вода с непитейни качества", и ВС "Вода за друг ВиК оператор" (всички системи, ако са повече от една). За ВС "Вода за друг ВиК оператор" и ВС "Вода с непитейни качества" се попълват данни за електроенергия за съответната ВС след разпределение съгласно принципите на ЕСРО.

Sheet 7. Утайки от ПСОВ
I1: Приложение №2
A2: Справка № 7 Оползотворяване на утайките от ПСОВ
A5: ='1. Анкетна карта'!A3:J3 -> на "Водоснабдяване и канализация" ООД , гр. Враца
A6: ='1. Анкетна карта'!A4:J4 -> ЕИК по БУЛСТАТ: 816090199
A8: № | B8: Описание | C8: Мярка | D8: ='Приложение '!$G12 -> 2015 г. | E8: ='Приложение '!$G13 -> 2016 г. | F8: ='Приложение '!$G14 -> 2017 г. | G8: ='Приложение '!$G15 -> 2018 г. | H8: ='Приложение '!$G16 -> 2019 г. | I8: ='Приложение '!$G17 -> 2020 г. | J8: ='Приложение '!$G18 -> 2021 г.
A10: 1 | B10: Общо утайки за оползотворяване и депониране | C10: хил.тон с.в. | D10: =SUM(D11:D13) -> 122 | E10: =SUM(E11:E13) -> 357 | F10: =SUM(F11:F13) -> 634 | G10: =SUM(G11:G13) -> 634 | H10: =SUM(H11:H13) -> 634 | I10: =SUM(I11:I13) -> 634 | J10: =SUM(J11:J13) -> 634
A11: 1.1 | B11: Налични утайки в началото на годината, които са произведени преди 2015 г. | C11: тон с.в. | D11: 0 | E11: =IF(D26<0,"error",D26) -> 0 | F11: =IF(E26<0,"error",E26) -> 0 | G11: =IF(F26<0,"error",F26) -> 0 | H11: =IF(G26<0,"error",G26) -> 0 | I11: =IF(H26<0,"error",H26) -> 0 | J11: =IF(I26<0,"error",I26) -> 0
A12: 1.2 | B12: Налични утайки в началото на годината, които са произведени през периода 2015-2021 г. | C12: тон с.в. | E12: =IF(D27<0,"error",D27) -> 35 | F12: =IF(E27<0,"error",E27) -> 0 | G12: =IF(F27<0,"error",F27) -> 0 | H12: =IF(G27<0,"error",G27) -> 0 | I12: =IF(H27<0,"error",H27) -> 0 | J12: =IF(I27<0,"error",I27) -> 0
A13: 1.3 | B13: Произведени утайки от ПСОВ през годината | C13: тон с.в. | D13: 122 | E13: 322 | F13: 634 | G13: 634 | H13: 634 | I13: 634 | J13: 634
A14: 1.4 | B14: Процент влажност на произведените утайки | C14: % | D14: 0.75 | E14: 0.75 | F14: 0.75 | G14: 0.75 | H14: 0.75 | I14: 0.75 | J14: 0.75
A15: 2 | B15: Общо ополозтворени утайки съгласно методите, описани в Национален план за управление на утайките от градските пречиствателни станции за отпадъчни води, в т.ч.: | C15: тон с.в. | D15: =SUM(D16:D18) -> 0 | E15: =SUM(E16:E18) -> 357 | F15: =SUM(F16:F18) -> 634 | G15: =SUM(G16:G18) -> 634 | H15: =SUM(H16:H18) -> 634 | I15: =SUM(I16:I18) -> 634 | J15: =SUM(J16:J18) -> 634
A16: 2.1 | B16: Оползотворени утайки, произведени преди 2015 г. | C16: тон с.в. | D16: 0 | E16: 0 | F16: 0 | G16: 0 | H16: 0 | I16: 0 | J16: 0
A17: 2.2 | B17: Оползотворени утайки, произведени в предходната година | C17: тон с.в. | E17: 35 | F17: 0 | G17: 0 | H17: 0 | I17: 0
A18: 2.3 | B18: Оползотворени утайки, произведени през текущата година | C18: тон с.в. | D18: 0 | E18: 322 | F18: 634 | G18: 634 | H18: 634 | I18: 634 | J18: 634
A19: 2.4 | B19: Процент влажност на оползотворените утайки | C19: % | D19: 0 | E19: 0.75 | F19: 0.75 | G19: 0.75 | H19: 0.75 | I19: 0.75 | J19: 0.75
A20: 3 | B20: Депонирани утайки, в т.ч.: | C20: тон с.в. | D20: =SUM(D21:D23) -> 87 | E20: =SUM(E21:E23) -> 0 | F20: =SUM(F21:F23) -> 0 | G20: =SUM(G21:G23) -> 0 | H20: =SUM(H21:H23) -> 0 | I20: =SUM(I21:I23) -> 0 | J20: =SUM(J21:J23) -> 0
A21: 3.1 | B21: Депонирани утайки, произведени преди 2015 г. | C21: тон с.в. | D21: 0 | E21: 0 | F21: 0 | G21: 0 | H21: 0 | I21: 0 | J21: 0
A22: 3.2 | B22: Депонирани утайки, произведени в предходната година | C22: тон с.в. | E22: 0 | F22: 0 | G22: 0 | H22: 0 | I22: 0 | J22: 0
A23: 3.3 | B23: Депонирани утайки, произведени през текущата година | C23: тон с.в. | D23: 87 | E23: 0 | F23: 0 | G23: 0 | H23: 0 | I23: 0 | J23: 0
A24: 3.4 | B24: Процент влажност на депонираните утайки | C24: % | D24: 0.75 | E24: 0 | F24: 0 | G24: 0 | H24: 0 | I24: 0 | J24: 0
A25: 4 | B25: Остатък утайки към края на периода, в.т.ч.: | C25: тон с.в. | D25: =IF(D10-D15-D20>=0,D10-D15-D20,0) -> 35 | E25: =IF(E10-E15-E20>=0,E10-E15-E20,0) -> 0 | F25: =IF(F10-F15-F20>=0,F10-F15-F20,0) -> 0 | G25: =IF(G10-G15-G20>=0,G10-G15-G20,0) -> 0 | H25: =IF(H10-H15-H20>=0,H10-H15-H20,0) -> 0 | I25: =IF(I10-I15-I20>=0,I10-I15-I20,0) -> 0 | J25: =IF(J10-J15-J20>=0,J10-J15-J20,0) -> 0
A26: 4.1 | B26: Остатък утайки, които са произведени преди 2015 г. | C26: тон с.в. | D26: =D11-D16-D21 -> 0 | E26: =E11-E16-E21 -> 0 | F26: =F11-F16-F21 -> 0 | G26: =G11-G16-G21 -> 0 | H26: =H11-H16-H21 -> 0 | I26: =I11-I16-I21 -> 0 | J26: =J11-J16-J21 -> 0
A27: 4.2 | B27: Остатък утайки, произведени през периода 2015-2021 г. | C27: тон с.в. | D27: =D12+D13-D17-D22-D18-D23 -> 35 | E27: =E12+E13-E17-E22-E18-E23 -> 0 | F27: =F12+F13-F17-F22-F18-F23 -> 0 | G27: =G12+G13-G17-G22-G18-G23 -> 0 | H27: =H12+H13-H17-H22-H18-H23 -> 0 | I27: =I12+I13-I17-I22-I18-I23 -> 0 | J27: =J12+J13-J17-J22-J18-J23 -> 0
A28: 5 | B28: Разходи за оползотворяване и депониране на утайки, в т.ч.: | C28: хил.лв. | D28: =SUM(D29:D32) -> 0 | E28: =SUM(E29:E32) -> 0 | F28: =SUM(F29:F32) -> 0 | G28: =SUM(G29:G32) -> 0 | H28: =SUM(H29:H32) -> 0 | I28: =SUM(I29:I32) -> 0 | J28: =SUM(J29:J32) -> 0
A29: 5.1 | B29: Собствени разходи за депониране на утайките | C29: хил.лв. | D29: 0 | E29: 0 | F29: 0 | G29: 0 | H29: 0 | I29: 0 | J29: 0
A30: 5.2 | B30: Разходи за външни услуги за депониране на утайките | C30: хил.лв. | D30: 0 | E30: 0 | F30: 0 | G30: 0 | H30: 0 | I30: 0 | J30: 0
A31: 5.3 | B31: Собствени разходи за оползотворяване на утайките | C31: хил.лв. | D31: 0 | E31: 0 | F31: 0 | G31: 0 | H31: 0 | I31: 0 | J31: 0
A32: 5.4 | B32: Разходи за външни услуги за оползотворяване на утайките | C32: хил.лв. | D32: 0 | E32: 0 | F32: 0 | G32: 0 | H32: 0 | I32: 0 | J32: 0
A33: 6 | B33: Разход за оползотворяване и депониране на тон с.в. утайка | C33: лв/тон с.в. | D33: =IFERROR(D28*1000/(D15+D20),0) -> 0 | E33: =IFERROR(E28*1000/(E15+E20),0) -> 0 | F33: =IFERROR(F28*1000/(F15+F20),0) -> 0 | G33: =IFERROR(G28*1000/(G15+G20),0) -> 0 | H33: =IFERROR(H28*1000/(H15+H20),0) -> 0 | I33: =IFERROR(I28*1000/(I15+I20),0) -> 0 | J33: =IFERROR(J28*1000/(J15+J20),0) -> 0
A35: Проверка/засичане на данни със справка 12: | D35: =(D30+D32)-('12. Разходи'!Q47+'12. Разходи'!Q48) -> 0 | E35: =(E30+E32)-('12. Разходи'!R47+'12. Разходи'!R48) -> 0 | F35: =(F30+F32)-('12. Разходи'!S47+'12. Разходи'!S48) -> 0 | G35: =(G30+G32)-('12. Разходи'!T47+'12. Разходи'!T48) -> 0 | H35: =(H30+H32)-('12. Разходи'!U47+'12. Разходи'!U48) -> 0 | I35: =(I30+I32)-('12. Разходи'!V47+'12. Разходи'!V48) -> 0 | J35: =(J30+J32)-('12. Разходи'!W47+'12. Разходи'!W48) -> 0
B37: ='6. Ел.Енергия'!B71 -> Дата: 27.06.2016г.
D38: ='6. Ел.Енергия'!E72 -> Главен счетоводител: | F38: ..............................................
G39: (попис)
E42: ='6. Ел.Енергия'!E76 -> Управител: | F42: ..............................................
G43: (подпис и печат)
A45: Указания за попълване на справката
A46: 1. Попълват се само клетките в жълт цвят
A47: 2. Справка №7 се попълва само за ВС основна.

Sheet 8. Ремонтна програма
Q1: Приложение №2
A2: Справка № 8 Ремонтна програма
A3: ='1. Анкетна карта'!A3:J3 -> на "Водоснабдяване и канализация" ООД , гр. Враца
A4: ='1. Анкетна карта'!A4:J4 -> ЕИК по БУЛСТАТ: 816090199
A6: № | B6: Вид оперативен ремонт / Направление на оперативен ремонт | C6: Количества (единица мярка) | D6: Брой | K6: Обща стойност на обектите (хил.лв.)
D7: ='Приложение '!$G12 -> 2015 г. | E7: ='Приложение '!$G13 -> 2016 г. | F7: ='Приложение '!$G14 -> 2017 г. | G7: ='Приложение '!$G15 -> 2018 г. | H7: ='Приложение '!$G16 -> 2019 г. | I7: ='Приложение '!$G17 -> 2020 г. | J7: ='Приложение '!$G18 -> 2021 г. | K7: =D7 -> 2015 г. | L7: =E7 -> 2016 г. | M7: =F7 -> 2017 г. | N7: =G7 -> 2018 г. | O7: =H7 -> 2019 г. | P7: =I7 -> 2020 г. | Q7: =J7 -> 2021 г.
A8: 1 | B8: ВОДОСНАБДЯВАНЕ
A9: 1.1. | B9: Ремонт на водоизточници | C9: бр. | D9: 0 | E9: 0 | F9: 0 | G9: 0 | H9: 0 | I9: 0 | J9: 0 | K9: 0 | L9: 0 | M9: 0 | N9: 0 | O9: 0 | P9: 0 | Q9: 0
A10: 1.2. | B10: Ремонт на довеждащи водопроводи | C10: бр. | D10: 151 | E10: 138 | F10: 140 | G10: 137 | H10: 133 | I10: 130 | J10: 127 | K10: 66 | L10: 85 | M10: 89 | N10: 94 | O10: 99 | P10: 99 | Q10: 104
A11: 1.3. | B11: Ремонт на участъци от водопроводната мрежа под 10 м | C11: бр. | D11: 1222 | E11: 1200 | F11: 1188 | G11: 1176 | H11: 1168 | I11: 1161 | J11: 1155 | K11: 607 | L11: 687 | M11: 748 | N11: 743 | O11: 738 | P11: 733 | Q11: 728
A12: 1.4. | B12: Ремонт на СВО | C12: бр. | D12: 1825 | E12: 1960 | F12: 1760 | G12: 1760 | H12: 1760 | I12: 1760 | J12: 1760 | K12: 83 | L12: 34 | M12: 34 | N12: 34 | O12: 34 | P12: 34 | Q12: 29
A13: 1.5. | B13: Ремонт на спирателни кранове и хидранти | C13: бр. | D13: 0 | E13: 0 | F13: 0 | G13: 0 | H13: 0 | I13: 0 | J13: 0 | K13: 22 | L13: 12 | M13: 14 | N13: 14 | O13: 14 | P13: 14 | Q13: 14
A14: 1.6. | B14: Ремонт на помпи за водоснабдяване | C14: бр. | D14: 0 | E14: 0 | F14: 0 | G14: 0 | H14: 0 | I14: 0 | J14: 0 | K14: 68 | L14: 14 | M14: 12 | N14: 12 | O14: 12 | P14: 12 | Q14: 12
A15: 1.7. | B15: Ремонт на други съоръжения за водоснабдяване | C15: бр. | D15: 0 | E15: 0 | F15: 0 | G15: 0 | H15: 0 | I15: 0 | J15: 0 | K15: 21 | L15: 13 | M15: 16 | N15: 16 | O15: 21 | P15: 26 | Q15: 31
A16: 1.8. | B16: Ремонт на оборудване, апаратура и машини за водоснабдяване | C16: бр. | D16: 0 | E16: 0 | F16: 0 | G16: 0 | H16: 0 | I16: 0 | J16: 0 | K16: 38 | L16: 5 | M16: 10 | N16: 10 | O16: 10 | P16: 10 | Q16: 10
A17: 1.9. | B17: Ремонт на сгради за водоснабдяване | C17: бр. | D17: 34 | E17: 35 | F17: 20 | G17: 20 | H17: 20 | I17: 20 | J17: 20 | K17: 42 | L17: 34 | M17: 39 | N17: 39 | O17: 34 | P17: 34 | Q17: 34
A18: 1.10. | B18: Ремонт на механизация и транспортни средства за водоснабдяване | C18: бр. | D18: 0 | E18: 0 | F18: 0 | G18: 0 | H18: 0 | I18: 0 | J18: 0 | K18: 33 | L18: 8 | M18: 8 | N18: 8 | O18: 8 | P18: 8 | Q18: 8
A19: 1.11. | B19: Профилактика (почистване, продухване, други) | C19: бр. | D19: 0 | E19: 0 | F19: 0 | G19: 0 | H19: 0 | I19: 0 | J19: 0 | K19: 0 | L19: 0 | M19: 0 | N19: 0 | O19: 0 | P19: 0 | Q19: 0
A20: 1.12. | B20: Шурфове (изкопни дейности);пътни настилки | C20: бр. | D20: 0 | E20: 0 | F20: 0 | G20: 0 | H20: 0 | I20: 0 | J20: 0 | K20: 0 | L20: 0 | M20: 0 | N20: 0 | O20: 0 | P20: 0 | Q20: 0
... A22: 1.14. | B22: Други оперативни ремонти, общи за услугите - разпределение за водоснабдяване | C22: - | D22: 0 | E22: 0 | F22: 0 | G22: 0 | H22: 0 | I22: 0 | J22: 0 | K22: 0 | L22: 0 | M22: 0 | N22: 0 | O22: 0 | P22: 0 | Q22: 0
B23: Общо ремонти водоснабдяване | D23: =SUM(D9:D22) -> 3232 | E23: =SUM(E9:E22) -> 3333 | F23: =SUM(F9:F22) -> 3108 | G23: =SUM(G9:G22) -> 3093 | H23: =SUM(H9:H22) -> 3081 | I23: =SUM(I9:I22) -> 3071 | J23: =SUM(J9:J22) -> 3062 | K23: =SUM(K9:K22) -> 980 | ... Q23: =SUM(Q9:Q22) -> 980
B24: Проверка/ засичане на данни със справка 12 | K24: =K23-'12. Разходи'!C86 -> 0 | L24: =L23-'12. Разходи'!D86 -> 0 | M24: =M23-'12. Разходи'!E86 -> 0 | N24: =N23-'12. Разходи'!F86 -> 0 | O24: =O23-'12. Разходи'!G86 -> 0 | P24: =P23-'12. Разходи'!H86 -> 0 | Q24: =Q23-'12. Разходи'!I86 -> 0
A25: 2 | B25: КАНАЛИЗАЦИЯ
A26: 2.1. | B26: Ремонт на участъци от канализационна мрежа под 10 м | C26: бр. | D26: 0 | E26: 0 | F26: 0 | G26: 0 | H26: 0 | I26: 0 | J26: 0 | K26: 5 | L26: 8 | M26: 5 | N26: 5 | O26: 5 | P26: 5 | Q26: 5
A27: 2.2. | B27: Ремонт на СКО | C27: бр. | D27: 0 | E27: 0 | F27: 0 | G27: 0 | H27: 0 | I27: 0 | J27: 0 | K27: 5 | L27: 5 | M27: 5 | N27: 5 | O27: 5 | P27: 5 | Q27: 5
A28: 2.3. | B28: Ремонт на помпи за канализация | C28: бр. | D28: 0 | E28: 0 | F28: 0 | G28: 0 | H28: 0 | I28: 0 | J28: 0 | K28: 0 | L28: 0 | M28: 0 | N28: 0 | O28: 0 | P28: 0 | Q28: 0
A29: 2.4. | B29: Ремонт на оборудване, апаратура и машини за канализация | C29: бр. | D29: 0 | E29: 0 | F29: 0 | G29: 0 | H29: 0 | I29: 0 | J29: 0 | K29: 0 | L29: 0 | M29: 0 | N29: 0 | O29: 0 | P29: 0 | Q29: 0
A30: 2.5. | B30: Ремонт на сгради за канализация | C30: бр. | D30: 0 | E30: 0 | F30: 0 | G30: 0 | H30: 0 | I30: 0 | J30: 0 | K30: 0 | L30: 0 | M30: 0 | N30: 0 | O30: 0 | P30: 0 | Q30: 0
A31: 2.6. | B31: Ремонт на механизация и транспортни средства за канализация | C31: бр. | D31: 0 | E31: 0 | F31: 0 | G31: 0 | H31: 0 | I31: 0 | J31: 0 | K31: 0 | L31: 0 | M31: 0 | N31: 0 | O31: 0 | P31: 0 | Q31: 0
A32: 2.7. | B32: Профилактика (почистване, продухване, други) | C32: бр. | D32: 0 | E32: 0 | F32: 0 | G32: 0 | H32: 0 | I32: 0 | J32: 0 | K32: 5 | L32: 5 | M32: 5 | N32: 5 | O32: 5 | P32: 5 | Q32: 5
A33: 2.8. | B33: Шурфове (изкопни дейности) разпределение от спомаг.д-ст | C33: бр. | D33: 0 | E33: 0 | F33: 0 | G33: 0 | H33: 0 | I33: 0 | J33: 0 | K33: 0 | L33: 0 | M33: 0 | N33: 0 | O33: 0 | P33: 0 | Q33: 0
A34: 2.9. | B34: Други оперативни ремонти за канализация | C34: бр. | D34: 0 | E34: 0 | F34: 0 | G34: 0 | H34: 0 | I34: 0 | J34: 0 | K34: 0 | L34: 0 | M34: 0 | N34: 0 | O34: 0 | P34: 0 | Q34: 0
A35: 2.10. | B35: Други оперативни ремонти, общи за услугите - разпределение за канализация | C35: - | D35: 0 | E35: 0 | F35: 0 | G35: 0 | H35: 0 | I35: 0 | J35: 0 | K35: 0 | L35: 0 | M35: 0 | N35: 0 | O35: 0 | P35: 0 | Q35: 0
B36: Общо ремонти канализация | D36: =SUM(D26:D35) -> 0 | E36: =SUM(E26:E35) -> 0 | F36: =SUM(F26:F35) -> 0 | G36: =SUM(G26:G35) -> 0 | H36: =SUM(H26:H35) -> 0 | I36: =SUM(I26:I35) -> 0 | J36: =SUM(J26:J35) -> 0 | K36: =SUM(K26:K35) -> 15 | ... Q36: =SUM(Q26:Q35) -> 15
B37: Проверка/ засичане на данни със справка 12 | K37: =K36-'12. Разходи'!J86 -> 0 | L37: =L36-'12. Разходи'!K86 -> 0 | M37: =M36-'12. Разходи'!L86 -> 0 | N37: =N36-'12. Разходи'!M86 -> 0 | O37: =O36-'12. Разходи'!N86 -> 0 | P37: =P36-'12. Разходи'!O86 -> 0 | Q37: =Q36-'12. Разходи'!P86 -> 0
A38: 3 | B38: ПСОВ
A39: 3.1. | B39: Ремонт на съоръжения за пречистване | C39: бр. | D39: 0 | E39: 0 | F39: 0 | G39: 0 | H39: 0 | I39: 0 | J39: 0 | K39: 10 | L39: 10 | M39: 10 | N39: 45 | O39: 10 | P39: 10 | Q39: 10
A40: 3.2. | B40: Ремонт на помпи за пречистване | C40: бр. | D40: 0 | E40: 0 | F40: 0 | G40: 0 | H40: 0 | I40: 0 | J40: 0 | K40: 0 | L40: 10 | M40: 0 | N40: 0 | O40: 0 | P40: 0 | Q40: 0
A41: 3.3. | B41: Ремонт на оборудване, апаратура и машини за пречистване | C41: бр. | D41: 0 | E41: 0 | F41: 0 | G41: 0 | H41: 0 | I41: 0 | J41: 0 | K41: 6 | L41: 19 | M41: 6 | N41: 6 | O41: 6 | P41: 6 | Q41: 6
A42: 3.4. | B42: Ремонт на сгради за пречистване | C42: бр. | D42: 0 | E42: 0 | F42: 0 | G42: 0 | H42: 0 | I42: 0 | J42: 0 | K42: 0 | L42: 0 | M42: 0 | N42: 0 | O42: 0 | P42: 0 | Q42: 0
A43: 3.5. | B43: Ремонт на механизация и транспортни средства за пречистване | C43: бр. | D43: 0 | E43: 0 | F43: 0 | G43: 0 | H43: 0 | I43: 0 | J43: 0 | K43: 0 | L43: 15 | M43: 0 | N43: 0 | O43: 0 | P43: 0 | Q43: 0
A44: 3.6. | B44: Профилактика (почистване, продухване, други) | C44: бр. | D44: 0 | E44: 0 | F44: 0 | G44: 0 | H44: 0 | I44: 0 | J44: 0 | K44: 5 | L44: 5 | M44: 5 | N44: 5 | O44: 5 | P44: 5 | Q44: 5
A45: 3.7. | B45: Шурфове (изкопни дейности)разпределение от спомаг.д-ст и у-ние | C45: бр. | D45: 0 | E45: 0 | F45: 0 | G45: 0 | H45: 0 | I45: 0 | J45: 0 | K45: 0 | L45: 0 | M45: 0 | N45: 0 | O45: 0 | P45: 0 | Q45: 0
A46: 3.8. | B46: Други оперативни ремонти за пречистване | C46: бр. | D46: 0 | E46: 0 | F46: 0 | G46: 0 | H46: 0 | I46: 0 | J46: 0 | K46: 0 | L46: 0 | M46: 0 | N46: 0 | O46: 0 | P46: 0 | Q46: 0
A47: 3.9. | B47: Други оперативни ремонти, общи за услугите - разпределение за пречистване | C47: - | D47: 0 | E47: 0 | F47: 0 | G47: 0 | H47: 0 | I47: 0 | J47: 0 | K47: 0 | L47: 0 | M47: 0 | N47: 0 | O47: 0 | P47: 0 | Q47: 0
B48: Общо ремонти ПСОВ | D48: =SUM(D39:D47) -> 0 | E48: =SUM(E39:E47) -> 0 | F48: =SUM(F39:F47) -> 0 | G48: =SUM(G39:G47) -> 0 | H48: =SUM(H39:H47) -> 0 | I48: =SUM(I39:I47) -> 0 | J48: =SUM(J39:J47) -> 0 | K48: =SUM(K39:K47) -> 21 | ... Q48: =SUM(Q39:Q47) -> 21
B49: Проверка/ засичане на данни със справка 12 | K49: =K48-'12. Разходи'!Q86 -> 0 | L49: =L48-'12. Разходи'!R86 -> 0 | M49: =M48-'12. Разходи'!S86 -> 0 | N49: =N48-'12. Разходи'!T86 -> 0 | O49: =O48-'12. Разходи'!U86 -> 0 | P49: =P48-'12. Разходи'!V86 -> 0 | Q49: =Q48-'12. Разходи'!W86 -> 0
A51: ='7. Утайки от ПСОВ'!B37 -> Дата: 27.06.2016г.
B52: ='7. Утайки от ПСОВ'!D38 -> Главен счетоводител: | C52: ..............................................
C53: (подпис)
B56: ='7. Утайки от ПСОВ'!E42 -> Управител: | C56: ..............................................
C57: (подпис и печат)
A60: Указания за попълване на справката
A61: 1. Попълват се само клетките в жълт цвят
A62: 2. Цифрите в редове "Проверка/ засичане на данни със справка 12" трябва да са нули, в противен случай ще трябва данните за разходи да се ревизират
A63: 2. Справка №8 се попълва за ВС основна и ВС "Вода с непитейни качества". За ВС "Вода за друг ВиК оператор" се попълват данни само ако системата е обособена и работи изцяло за друг ВиК оператор. Ако ВС "Вода за друг ВиК оператор" подава вода и към ВС основна, то Справка №8 не се попълва, а се посочват разпределените разходи за ремонт съгласно принципите на ЕСРО в Справка №12 и 12.1.

Sheet 9.Инвестиционна програма
AJ1: Приложение № 3
A2: Справка № 9 Инвестиционна програма
A3: Инвестиционна програма
A4: ='1. Анкетна карта'!A3:J3 -> на "Водоснабдяване и канализация" ООД , гр. Враца
A5: ='1. Анкетна карта'!A4:J4 -> ЕИК по БУЛСТАТ: 816090199
A8: № | B8: Код счетоводна сметка ДМА | C8: % годишна аморти-зация | D8: Наименование | E8: График за изграждане по години, (хил.лв.) | L8: Стойност на проекта 2017-2021 (хил.лв.) | M8: Собствени средства (хил.лв.) | T8: Заеми (хил.лв.) | AA8: Разлика | AB8: Проектна готовност в т.ч. предварително проучване | AC8: Очакван ефект във връзка с нивата на услугите | AD8: Натурални показатели | AL8: Описание на проекта
E9: ='Приложение '!$G12 -> 2015 г. | F9: ='Приложение '!$G13 -> 2016 г. | G9: ='Приложение '!$G14 -> 2017 г. | H9: ='Приложение '!$G15 -> 2018 г. | I9: ='Приложение '!$G16 -> 2019 г. | J9: ='Приложение '!$G17 -> 2020 г. | K9: ='Приложение '!$G18 -> 2021 г. | M9: =E9 -> 2015 г. | N9: =F9 -> 2016 г. | O9: =G9 -> 2017 г. | P9: =H9 -> 2018 г. | Q9: =I9 -> 2019 г. | R9: =J9 -> 2020 г. | S9: =K9 -> 2021 г. | T9: =M9 -> 2015 г. | U9: =N9 -> 2016 г. | V9: =O9 -> 2017 г. | W9: =P9 -> 2018 г. | X9: =Q9 -> 2019 г. | Y9: =R9 -> 2020 г. | Z9: =S9 -> 2021 г. | AD9: Ед. мярка | AE9: =E9 -> 2015 г. | AF9: =F9 -> 2016 г. | AG9: =G9 -> 2017 г. | AH9: =H9 -> 2018 г. | AI9: =I9 -> 2019 г. | AJ9: =J9 -> 2020 г. | AK9: =K9 -> 2021 г.
A10: 1.1 | D10: ВОДОСНАБДЯВАНЕ: | E10: =SUM(E11:E34) -> 1696 | F10: =SUM(F11:F34) -> 3128 | G10: =SUM(G11:G34) -> 949 | H10: =SUM(H11:H34) -> 914 | I10: =SUM(I11:I34) -> 839 | J10: =SUM(J11:J34) -> 789 | K10: =SUM(K11:K34) -> 744 | L10: =SUM(L11:L34) -> 4235 | ... Z10: =SUM(Z11:Z34) -> 0 | AA10: =L10-SUM(O10:S10)-SUM(V10:Z10) -> 0
B11: 2040201 | C11: 0.02 | D11: Язовири | E11: 0 | F11: 0 | G11: 0 | H11: 0 | I11: 0 | J11: 0 | K11: 0 | L11: =SUM(G11:K11) -> 0 | M11: =E11-T11 -> 0 | N11: =F11-U11 -> 0 | O11: =G11-V11 -> 0 | P11: =H11-W11 -> 0 | Q11: =I11-X11 -> 0 | R11: =J11-Y11 -> 0 | S11: =K11-Z11 -> 0 | T11: 0 | U11: 0 | V11: 0 | W11: 0 | X11: 0 | Y11: 0 | Z11: 0 | AA11: =L11-SUM(O11:S11)-SUM(V11:Z11) -> 0 | AD11: бр. | AL11: рехабилитация и изграждане на нови
B12: 2040202 | C12: 0.02 | D12: Водоеми и речни водохващания | E12: 0 | F12: 0 | G12: 0 | H12: 0 | I12: 0 | J12: 0 | K12: 0 | L12: =SUM(G12:K12) -> 0 | M12: =E12-T12 -> 0 | N12: =F12-U12 -> 0 | O12: =G12-V12 -> 0 | P12: =H12-W12 -> 0 | Q12: =I12-X12 -> 0 | R12: =J12-Y12 -> 0 | S12: =K12-Z12 -> 0 | T12: 0 | U12: 0 | V12: 0 | W12: 0 | X12: 0 | Y12: 0 | Z12: 0 | AA12: =L12-SUM(O12:S12)-SUM(V12:Z12) -> 0 | AD12: бр. | AL12: рехабилитация и изграждане на нови
B13: 2040204 | C13: 0.02 | D13: Сондажи и каптажи | E13: 21 | F13: 0 | G13: 10 | H13: 10 | I13: 10 | J13: 10 | K13: 10 | L13: =SUM(G13:K13) -> 50 | M13: =E13-T13 -> 21 | N13: =F13-U13 -> 0 | O13: =G13-V13 -> 10 | P13: =H13-W13 -> 10 | Q13: =I13-X13 -> 10 | R13: =J13-Y13 -> 10 | S13: =K13-Z13 -> 10 | T13: 0 | U13: 0 | V13: 0 | W13: 0 | X13: 0 | Y13: 0 | Z13: 0 | AA13: =L13-SUM(O13:S13)-SUM(V13:Z13) -> 0 | AD13: бр. | AL13: рехабилитация и изграждане на нови
B14: 20202 | C14: 0.03 | D14: Санитарно-охранителни зони | E14: 10 | F14: 0 | G14: 20 | H14: 10 | I14: 10 | J14: 10 | K14: 10 | L14: =SUM(G14:K14) -> 60 | M14: =E14-T14 -> 10 | N14: =F14-U14 -> 0 | O14: =G14-V14 -> 20 | P14: =H14-W14 -> 10 | Q14: =I14-X14 -> 10 | R14: =J14-Y14 -> 10 | S14: =K14-Z14 -> 10 | T14: 0 | U14: 0 | V14: 0 | W14: 0 | X14: 0 | Y14: 0 | Z14: 0 | AA14: =L14-SUM(O14:S14)-SUM(V14:Z14) -> 0 | AD14: бр. | AL14: рехабилитация и изграждане на нови
B15: 2040205 | C15: 0.02 | D15: Довеждащи съоръжения | E15: 900 | F15: 880 | G15: 370 | H15: 350 | I15: 280 | J15: 350 | K15: 300 | L15: =SUM(G15:K15) -> 1650 | M15: =E15-T15 -> 900 | N15: =F15-U15 -> 880 | O15: =G15-V15 -> 370 | P15: =H15-W15 -> 350 | Q15: =I15-X15 -> 280 | R15: =J15-Y15 -> 350 | S15: =K15-Z15 -> 300 | T15: 0 | U15: 0 | V15: 0 | W15: 0 | X15: 0 | Y15: 0 | Z15: 0 | AA15: =L15-SUM(O15:S15)-SUM(V15:Z15) -> 0 | AD15: м. | AL15: реконструкции и изграждане на нови довеждащи водопроводи
B16: 2040207 | C16: 0.04 | D16: Пречиствателни станции за питейни води | E16: 0 | F16: 0 | G16: 0 | H16: 0 | I16: 0 | J16: 0 | K16: 0 | L16: =SUM(G16:K16) -> 0 | M16: =E16-T16 -> 0 | N16: =F16-U16 -> 0 | O16: =G16-V16 -> 0 | P16: =H16-W16 -> 0 | Q16: =I16-X16 -> 0 | R16: =J16-Y16 -> 0 | S16: =K16-Z16 -> 0 | T16: 0 | U16: 0 | V16: 0 | W16: 0 | X16: 0 | Y16: 0 | Z16: 0 | AA16: =L16-SUM(O16:S16)-SUM(V16:Z16) -> 0 | AD16: бр. | AL16: сгради,съоръжения и оборудване
B17: 2040207 | C17: 0.04 | D17: Резервоари | E17: 283 | F17: 230 | G17: 70 | H17: 60 | I17: 60 | J17: 60 | K17: 60 | L17: =SUM(G17:K17) -> 310 | M17: =E17-T17 -> 283 | N17: =F17-U17 -> 230 | O17: =G17-V17 -> 70 | P17: =H17-W17 -> 60 | Q17: =I17-X17 -> 60 | R17: =J17-Y17 -> 60 | S17: =K17-Z17 -> 60 | T17: 0 | U17: 0 | V17: 0 | W17: 0 | X17: 0 | Y17: 0 | Z17: 0 | AA17: =L17-SUM(O17:S17)-SUM(V17:Z17) -> 0 | AD17: бр. | AL17: сгради,съоръжения и оборудване
B18: 2040207 | C18: 0.04 | D18: Хлораторни станциии | E18: 0 | F18: 0 | G18: 0 | H18: 0 | I18: 0 | J18: 0 | K18: 0 | L18: =SUM(G18:K18) -> 0 | M18: =E18-T18 -> 0 | N18: =F18-U18 -> 0 | O18: =G18-V18 -> 0 | P18: =H18-W18 -> 0 | Q18: =I18-X18 -> 0 | R18: =J18-Y18 -> 0 | S18: =K18-Z18 -> 0 | T18: 0 | U18: 0 | V18: 0 | W18: 0 | X18: 0 | Y18: 0 | Z18: 0 | AA18: =L18-SUM(O18:S18)-SUM(V18:Z18) -> 0 | AD18: бр. | AL18: сгради,съоръжения и оборудване
B19: 2040207 | C19: 0.04 | D19: Помпени станции | E19: 46 | F19: 47 | G19: 30 | H19: 35 | I19: 40 | J19: 30 | K19: 25 | L19: =SUM(G19:K19) -> 160 | M19: =E19-T19 -> 46 | N19: =F19-U19 -> 47 | O19: =G19-V19 -> 30 | P19: =H19-W19 -> 35 | Q19: =I19-X19 -> 40 | R19: =J19-Y19 -> 30 | S19: =K19-Z19 -> 25 | T19: 0 | U19: 0 | V19: 0 | W19: 0 | X19: 0 | Y19: 0 | Z19: 0 | AA19: =L19-SUM(O19:S19)-SUM(V19:Z19) -> 0 | AD19: бр. | AL19: сгради,съоръжения и оборудване
B20: 2030401 | C20: 0.1 | D20: Хидрофори | E20: 0 | F20: 0 | G20: 0 | H20: 0 | I20: 0 | J20: 0 | K20: 0 | L20: =SUM(G20:K20) -> 0 | M20: =E20-T20 -> 0 | N20: =F20-U20 -> 0 | O20: =G20-V20 -> 0 | P20: =H20-W20 -> 0 | Q20: =I20-X20 -> 0 | R20: =J20-Y20 -> 0 | S20: =K20-Z20 -> 0 | T20: 0 | U20: 0 | V20: 0 | W20: 0 | X20: 0 | Y20: 0 | Z20: 0 | AA20: =L20-SUM(O20:S20)-SUM(V20:Z20) -> 0 | AD20: бр. | AL20: сгради,съоръжения и оборудване
B21: 2040205 | C21: 0.02 | D21: Рехабилитация и разширение на водопроводната мрежа над 10 м | E21: 110 | F21: 196 | G21: 110 | H21: 110 | I21: 110 | J21: 100 | K21: 100 | L21: =SUM(G21:K21) -> 530 | M21: =E21-T21 -> 110 | N21: =F21-U21 -> 196 | O21: =G21-V21 -> 110 | P21: =H21-W21 -> 110 | Q21: =I21-X21 -> 110 | R21: =J21-Y21 -> 100 | S21: =K21-Z21 -> 100 | T21: 0 | U21: 0 | V21: 0 | W21: 0 | X21: 0 | Y21: 0 | Z21: 0 | AA21: =L21-SUM(O21:S21)-SUM(V21:Z21) -> 0 | AD21: м. | AL21: реконструкции и изграждане на нови водопроводи над 10 м
B22: 2040205 | C22: 0.02 | D22: Сградни водопроводни отклонения | E22: 0 | F22: 0 | G22: 0 | H22: 0 | I22: 0 | J22: 0 | K22: 0 | L22: =SUM(G22:K22) -> 0 | M22: =E22-T22 -> 0 | N22: =F22-U22 -> 0 | O22: =G22-V22 -> 0 | P22: =H22-W22 -> 0 | Q22: =I22-X22 -> 0 | R22: =J22-Y22 -> 0 | S22: =K22-Z22 -> 0 | T22: 0 | U22: 0 | V22: 0 | W22: 0 | X22: 0 | Y22: 0 | Z22: 0 | AA22: =L22-SUM(O22:S22)-SUM(V22:Z22) -> 0 | AD22: бр. | AL22: подмяна и изграждане на нови
... B34: 20306 | C34: 0.1 | D34: Друго специализирано оборудване за водоснабдяване | E34: 112 | F34: 518 | G34: 19 | H34: 19 | I34: 19 | J34: 19 | K34: 19 | L34: =SUM(G34:K34) -> 95 | M34: =E34-T34 -> 112 | N34: =F34-U34 -> 518 | O34: =G34-V34 -> 19 | P34: =H34-W34 -> 19 | Q34: =I34-X34 -> 19 | R34: =J34-Y34 -> 19 | S34: =K34-Z34 -> 19 | T34: 0 | U34: 0 | V34: 0 | W34: 0 | X34: 0 | Y34: 0 | Z34: 0 | AA34: =L34-SUM(O34:S34)-SUM(V34:Z34) -> 0 | AD34: бр. | AL34: покупка на нови и капиталов ремонт на съществуващи, за извършване на СМР по водопроводната мрежа
A35: 1.2 | D35: ОТВЕЖДАНЕ НА ОТПАДЪЧНИ ВОДИ: | E35: =SUM(E36:E46) -> 4 | F35: =SUM(F36:F46) -> 55 | G35: =SUM(G36:G46) -> 1713 | H35: =SUM(H36:H46) -> 38 | I35: =SUM(I36:I46) -> 72 | J35: =SUM(J36:J46) -> 61 | K35: =SUM(K36:K46) -> 43 | L35: =SUM(L36:L46) -> 1927 | ... Z35: =SUM(Z36:Z46) -> 0 | AA35: =L35-SUM(O35:S35)-SUM(V35:Z35) -> 0
B36: 2040207 | C36: 0.04 | D36: Канализационни помпени станции | E36: 0 | F36: 0 | G36: 0 | H36: 0 | I36: 0 | J36: 0 | K36: 0 | L36: =SUM(G36:K36) -> 0 | M36: =E36-T36 -> 0 | N36: =F36-U36 -> 0 | O36: =G36-V36 -> 0 | P36: =H36-W36 -> 0 | Q36: =I36-X36 -> 0 | R36: =J36-Y36 -> 0 | S36: =K36-Z36 -> 0 | T36: 0 | U36: 0 | V36: 0 | W36: 0 | X36: 0 | Y36: 0 | Z36: 0 | AA36: =L36-SUM(O36:S36)-SUM(V36:Z36) -> 0 | AD36: бр. | AL36: сгради,съоръжения
B37: 2040206 | C37: 0.02 | D37: Рехабилитация и разширение на главни канализационни колектори и клонове | E37: 0 | F37: 0 | G37: 0 | H37: 0 | I37: 0 | J37: 0 | K37: 0 | L37: =SUM(G37:K37) -> 0 | M37: =E37-T37 -> 0 | N37: =F37-U37 -> 0 | O37: =G37-V37 -> 0 | P37: =H37-W37 -> 0 | Q37: =I37-X37 -> 0 | R37: =J37-Y37 -> 0 | S37: =K37-Z37 -> 0 | T37: 0 | U37: 0 | V37: 0 | W37: 0 | X37: 0 | Y37: 0 | Z37: 0 | AA37: =L37-SUM(O37:S37)-SUM(V37:Z37) -> 0 | AD37: м | AL37: реконструкции и изграждане на главни канализационни колектори и клонове
B38: 2040206 | C38: 0.02 | D38: Рехабилитация и разширение на канализационната мрежа над 10 м | E38: 4 | F38: 55 | G38: 43 | H38: 38 | I38: 72 | J38: 61 | K38: 43 | L38: =SUM(G38:K38) -> 257 | M38: =E38-T38 -> 4 | N38: =F38-U38 -> 55 | O38: =G38-V38 -> 43 | P38: =H38-W38 -> 38 | Q38: =I38-X38 -> 72 | R38: =J38-Y38 -> 61 | S38: =K38-Z38 -> 43 | T38: 0 | U38: 0 | V38: 0 | W38: 0 | X38: 0 | Y38: 0 | Z38: 0 | AA38: =L38-SUM(O38:S38)-SUM(V38:Z38) -> 0 | AD38: м | AL38: реконструкции и изграждане на нови канали над 10 м
B39: 2040206 | C39: 0.02 | D39: Сградни канализационни отклонения | E39: 0 | F39: 0 | G39: 0 | H39: 0 | I39: 0 | J39: 0 | K39: 0 | L39: =SUM(G39:K39) -> 0 | M39: =E39-T39 -> 0 | N39: =F39-U39 -> 0 | O39: =G39-V39 -> 0 | P39: =H39-W39 -> 0 | Q39: =I39-X39 -> 0 | R39: =J39-Y39 -> 0 | S39: =K39-Z39 -> 0 | T39: 0 | U39: 0 | V39: 0 | W39: 0 | X39: 0 | Y39: 0 | Z39: 0 | AA39: =L39-SUM(O39:S39)-SUM(V39:Z39) -> 0 | AD39: бр. | AL39: подмяна и изграждане на нови
B40: 2030503 | C40: 0.1 | D40: СКАДА за отвеждане на отпадъчни води | E40: 0 | F40: 0 | G40: 0 | H40: 0 | I40: 0 | J40: 0 | K40: 0 | L40: =SUM(G40:K40) -> 0 | M40: =E40-T40 -> 0 | N40: =F40-U40 -> 0 | O40: =G40-V40 -> 0 | P40: =H40-W40 -> 0 | Q40: =I40-X40 -> 0 | R40: =J40-Y40 -> 0 | S40: =K40-Z40 -> 0 | T40: 0 | U40: 0 | V40: 0 | W40: 0 | X40: 0 | Y40: 0 | Z40: 0 | AA40: =L40-SUM(O40:S40)-SUM(V40:Z40) -> 0 | AD40: бр. | AL40: разширение на СКАДА и оборудване
B41: 215 | C41: 0.2 | D41: Проучване и моделиране на канализационната мрежа | E41: 0 | F41: 0 | G41: 0 | H41: 0 | I41: 0 | J41: 0 | K41: 0 | L41: =SUM(G41:K41) -> 0 | M41: =E41-T41 -> 0 | N41: =F41-U41 -> 0 | O41: =G41-V41 -> 0 | P41: =H41-W41 -> 0 | Q41: =I41-X41 -> 0 | R41: =J41-Y41 -> 0 | S41: =K41-Z41 -> 0 | T41: 0 | U41: 0 | V41: 0 | W41: 0 | X41: 0 | Y41: 0 | Z41: 0 | AA41: =L41-SUM(O41:S41)-SUM(V41:Z41) -> 0 | AD41: - | AL41: разходи за персонал, външни услуги и СМР за проучване и моделиране
B42: 20502 | C42: 0.1 | D42: Лекотоварни автомобили за канализация | E42: 0 | F42: 0 | G42: 0 | H42: 0 | I42: 0 | J42: 0 | K42: 0 | L42: =SUM(G42:K42) -> 0 | M42: =E42-T42 -> 0 | N42: =F42-U42 -> 0 | O42: =G42-V42 -> 0 | P42: =H42-W42 -> 0 | Q42: =I42-X42 -> 0 | R42: =J42-Y42 -> 0 | S42: =K42-Z42 -> 0 | T42: 0 | U42: 0 | V42: 0 | W42: 0 | X42: 0 | Y42: 0 | Z42: 0 | AA42: =L42-SUM(O42:S42)-SUM(V42:Z42) -> 0 | AD42: бр. | AL42: покупка на нови и капиталов ремонт на съществуващи
B43: 20501 | C43: 0.08 | D43: Тежкотоварни автомобили за канализация | E43: 0 | F43: 0 | G43: 250 | H43: 0 | I43: 0 | J43: 0 | K43: 0 | L43: =SUM(G43:K43) -> 250 | M43: =E43-T43 -> 0 | N43: =F43-U43 -> 0 | O43: =G43-V43 -> 250 | P43: =H43-W43 -> 0 | Q43: =I43-X43 -> 0 | R43: =J43-Y43 -> 0 | S43: =K43-Z43 -> 0 | T43: 0 | U43: 0 | V43: 0 | W43: 0 | X43: 0 | Y43: 0 | Z43: 0 | AA43: =L43-SUM(O43:S43)-SUM(V43:Z43) -> 0 | AD43: бр. | AL43: покупка на нови и капиталов ремонт на съществуващи
B44: 20503 | C44: 0.1 | D44: Автомобили за канализация | E44: 0 | F44: 0 | G44: 1200 | H44: 0 | I44: 0 | J44: 0 | K44: 0 | L44: =SUM(G44:K44) -> 1200 | M44: =E44-T44 -> 0 | N44: =F44-U44 -> 0 | O44: =G44-V44 -> 1200 | P44: =H44-W44 -> 0 | Q44: =I44-X44 -> 0 | R44: =J44-Y44 -> 0 | S44: =K44-Z44 -> 0 | T44: 0 | U44: 0 | V44: 0 | W44: 0 | X44: 0 | Y44: 0 | Z44: 0 | AA44: =L44-SUM(O44:S44)-SUM(V44:Z44) -> 0 | AD44: бр. | AL44: покупка на нови и капиталов ремонт на съществуващи
B45: 20303 | C45: 0.1 | D45: Строителна и специализирана механизация за канализация | E45: 0 | F45: 0 | G45: 220 | H45: 0 | I45: 0 | J45: 0 | K45: 0 | L45: =SUM(G45:K45) -> 220 | M45: =E45-T45 -> 0 | N45: =F45-U45 -> 0 | O45: =G45-V45 -> 220 | P45: =H45-W45 -> 0 | Q45: =I45-X45 -> 0 | R45: =J45-Y45 -> 0 | S45: =K45-Z45 -> 0 | T45: 0 | U45: 0 | V45: 0 | W45: 0 | X45: 0 | Y45: 0 | Z45: 0 | AA45: =L45-SUM(O45:S45)-SUM(V45:Z45) -> 0 | AD45: бр. | AL45: покупка на нова и капиталов ремонт на съществуваща (каналочистачни машини, др.)
B46: 20306 | C46: 0.1 | D46: Друго специализирано оборудване за канализация | E46: 0 | F46: 0 | G46: 0 | H46: 0 | I46: 0 | J46: 0 | K46: 0 | L46: =SUM(G46:K46) -> 0 | M46: =E46-T46 -> 0 | N46: =F46-U46 -> 0 | O46: =G46-V46 -> 0 | P46: =H46-W46 -> 0 | Q46: =I46-X46 -> 0 | R46: =J46-Y46 -> 0 | S46: =K46-Z46 -> 0 | T46: 0 | U46: 0 | V46: 0 | W46: 0 | X46: 0 | Y46: 0 | Z46: 0 | AA46: =L46-SUM(O46:S46)-SUM(V46:Z46) -> 0 | AD46: бр. | AL46: покупка на ново и капиталов ремонт на съществуващо за извършване на СМР по канализационната мрежа
A47: 1.3 | D47: ПРЕЧИСТВАНЕ НА ОТПАДЪЧНИ ВОДИ: | E47: =SUM(E48:E55) -> 65 | F47: =SUM(F48:F55) -> 30 | G47: =SUM(G48:G55) -> 59 | H47: =SUM(H48:H55) -> 444 | I47: =SUM(I48:I55) -> 66 | J47: =SUM(J48:J55) -> 51 | K47: =SUM(K48:K55) -> 61 | L47: =SUM(L48:L55) -> 681 | ... Z47: =SUM(Z48:Z55) -> 0 | AA47: =L47-SUM(O47:S47)-SUM(V47:Z47) -> 0
B48: 2040207 | C48: 0.04 | D48: Пречиствателни станции за отпадъчни води | E48: 0 | F48: 0 | G48: 39 | H48: 34 | I48: 46 | J48: 31 | K48: 41 | L48: =SUM(G48:K48) -> 191 | M48: =E48-T48 -> 0 | N48: =F48-U48 -> 0 | O48: =G48-V48 -> 39 | P48: =H48-W48 -> 34 | Q48: =I48-X48 -> 46 | R48: =J48-Y48 -> 31 | S48: =K48-Z48 -> 41 | T48: 0 | U48: 0 | V48: 0 | W48: 0 | X48: 0 | Y48: 0 | Z48: 0 | AA48: =L48-SUM(O48:S48)-SUM(V48:Z48) -> 0 | AD48: бр. | AL48: сгради, съоръжения
B49: 20302 | C49: 0.1 | D49: Лаборатория за отпадъчни води | E49: 0 | F49: 0 | G49: 0 | H49: 0 | I49: 0 | J49: 0 | K49: 0 | L49: =SUM(G49:K49) -> 0 | M49: =E49-T49 -> 0 | N49: =F49-U49 -> 0 | O49: =G49-V49 -> 0 | P49: =H49-W49 -> 0 | Q49: =I49-X49 -> 0 | R49: =J49-Y49 -> 0 | S49: =K49-Z49 -> 0 | T49: 0 | U49: 0 | V49: 0 | W49: 0 | X49: 0 | Y49: 0 | Z49: 0 | AA49: =L49-SUM(O49:S49)-SUM(V49:Z49) -> 0 | AD49: бр. | AL49: апаратура и оборудване
B50: 2030503 | C50: 0.1 | D50: СКАДА за пречистване на отпадъчни води | E50: 0 | F50: 0 | G50: 0 | H50: 0 | I50: 0 | J50: 0 | K50: 0 | L50: =SUM(G50:K50) -> 0 | M50: =E50-T50 -> 0 | N50: =F50-U50 -> 0 | O50: =G50-V50 -> 0 | P50: =H50-W50 -> 0 | Q50: =I50-X50 -> 0 | R50: =J50-Y50 -> 0 | S50: =K50-Z50 -> 0 | T50: 0 | U50: 0 | V50: 0 | W50: 0 | X50: 0 | Y50: 0 | Z50: 0 | AA50: =L50-SUM(O50:S50)-SUM(V50:Z50) -> 0 | AD50: бр. | AL50: разширение на СКАДА и оборудване
B51: 20502 | C51: 0.1 | D51: Лекотоварни автомобили за ПСОВ | E51: 17 | F51: 0 | G51: 0 | H51: 0 | I51: 0 | J51: 0 | K51: 0 | L51: =SUM(G51:K51) -> 0 | M51: =E51-T51 -> 17 | N51: =F51-U51 -> 0 | O51: =G51-V51 -> 0 | P51: =H51-W51 -> 0 | Q51: =I51-X51 -> 0 | R51: =J51-Y51 -> 0 | S51: =K51-Z51 -> 0 | T51: 0 | U51: 0 | V51: 0 | W51: 0 | X51: 0 | Y51: 0 | Z51: 0 | AA51: =L51-SUM(O51:S51)-SUM(V51:Z51) -> 0 | AD51: бр. | AL51: покупка на нови и капиталов ремонт на съществуващи
B52: 20501 | C52: 0.08 | D52: Тежкотоварни автомобили за ПСОВ | E52: 0 | F52: 0 | G52: 0 | H52: 250 | I52: 0 | J52: 0 | K52: 0 | L52: =SUM(G52:K52) -> 250 | M52: =E52-T52 -> 0 | N52: =F52-U52 -> 0 | O52: =G52-V52 -> 0 | P52: =H52-W52 -> 250 | Q52: =I52-X52 -> 0 | R52: =J52-Y52 -> 0 | S52: =K52-Z52 -> 0 | T52: 0 | U52: 0 | V52: 0 | W52: 0 | X52: 0 | Y52: 0 | Z52: 0 | AA52: =L52-SUM(O52:S52)-SUM(V52:Z52) -> 0 | AD52: бр. | AL52: покупка на нови и капиталов ремонт на съществуващи
B53: 20503 | C53: 0.1 | D53: Автомобили за ПСОВ | E53: 0 | F53: 0 | G53: 0 | H53: 0 | I53: 0 | J53: 0 | K53: 0 | L53: =SUM(G53:K53) -> 0 | M53: =E53-T53 -> 0 | N53: =F53-U53 -> 0 | O53: =G53-V53 -> 0 | P53: =H53-W53 -> 0 | Q53: =I53-X53 -> 0 | R53: =J53-Y53 -> 0 | S53: =K53-Z53 -> 0 | T53: 0 | U53: 0 | V53: 0 | W53: 0 | X53: 0 | Y53: 0 | Z53: 0 | AA53: =L53-SUM(O53:S53)-SUM(V53:Z53) -> 0 | AD53: бр. | AL53: покупка на нови и капиталов ремонт на съществуващи
B54: 20303 | C54: 0.1 | D54: Строителна и специализирана механизация за ПСОВ | E54: 0 | F54: 20 | G54: 10 | H54: 150 | I54: 10 | J54: 10 | K54: 10 | L54: =SUM(G54:K54) -> 190 | M54: =E54-T54 -> 0 | N54: =F54-U54 -> 20 | O54: =G54-V54 -> 10 | P54: =H54-W54 -> 150 | Q54: =I54-X54 -> 10 | R54: =J54-Y54 -> 10 | S54: =K54-Z54 -> 10 | T54: 0 | U54: 0 | V54: 0 | W54: 0 | X54: 0 | Y54: 0 | Z54: 0 | AA54: =L54-SUM(O54:S54)-SUM(V54:Z54) -> 0 | AD54: бр. | AL54: покупка на нови и капиталов ремонт на съществуващи
B55: 20306 | C55: 0.1 | D55: Друго специализирано оборудване за ПСОВ | E55: 48 | F55: 10 | G55: 10 | H55: 10 | I55: 10 | J55: 10 | K55: 10 | L55: =SUM(G55:K55) -> 50 | M55: =E55-T55 -> 48 | N55: =F55-U55 -> 10 | O55: =G55-V55 -> 10 | P55: =H55-W55 -> 10 | Q55: =I55-X55 -> 10 | R55: =J55-Y55 -> 10 | S55: =K55-Z55 -> 10 | T55: 0 | U55: 0 | V55: 0 | W55: 0 | X55: 0 | Y55: 0 | Z55: 0 | AA55: =L55-SUM(O55:S55)-SUM(V55:Z55) -> 0 | AD55: бр. | AL55: покупка на нови и капиталов ремонт на съществуващи
A56: 1.4 | D56: ОБСЛУЖВАНЕ НА КЛИЕНТИ: | E56: =SUM(E57:E58) -> 0 | F56: =SUM(F57:F58) -> 0 | G56: =SUM(G57:G58) -> 0 | H56: =SUM(H57:H58) -> 0 | I56: =SUM(I57:I58) -> 0 | J56: =SUM(J57:J58) -> 0 | K56: =SUM(K57:K58) -> 0 | L56: =SUM(L57:L58) -> 0 | ... Z56: =SUM(Z57:Z58) -> 0 | AA56: =L56-SUM(O56:S56)-SUM(V56:Z56) -> 0
B57: 2030501 | C57: 0.1 | D57: Приходни водомери | E57: 0 | F57: 0 | G57: 0 | H57: 0 | I57: 0 | J57: 0 | K57: 0 | L57: =SUM(G57:K57) -> 0 | M57: =E57-T57 -> 0 | N57: =F57-U57 -> 0 | O57: =G57-V57 -> 0 | P57: =H57-W57 -> 0 | Q57: =I57-X57 -> 0 | R57: =J57-Y57 -> 0 | S57: =K57-Z57 -> 0 | T57: 0 | U57: 0 | V57: 0 | W57: 0 | X57: 0 | Y57: 0 | Z57: 0 | AA57: =L57-SUM(O57:S57)-SUM(V57:Z57) -> 0 | AD57: бр. | AL57: подмяна на съществуващи и монтаж на нови приходни водомери на СВО, шахти и водомерни възли
B58: 2030501 | C58: 0.1 | D58: Приходни водомери с дистанционно отчитане | E58: 0 | F58: 0 | G58: 0 | H58: 0 | I58: 0 | J58: 0 | K58: 0 | L58: =SUM(G58:K58) -> 0 | M58: =E58-T58 -> 0 | N58: =F58-U58 -> 0 | O58: =G58-V58 -> 0 | P58: =H58-W58 -> 0 | Q58: =I58-X58 -> 0 | R58: =J58-Y58 -> 0 | S58: =K58-Z58 -> 0 | T58: 0 | U58: 0 | V58: 0 | W58: 0 | X58: 0 | Y58: 0 | Z58: 0 | AA58: =L58-SUM(O58:S58)-SUM(V58:Z58) -> 0 | AD58: бр. | AL58: оборудване за дистанционно отчитане на приходни водомери
A59: 1.5 | D59: ТРАНСПОРТ, АДМИНИСТРАЦИЯ и ИТ: | E59: =SUM(E60:E67) -> 392 | F59: =SUM(F60:F67) -> 427 | G59: =SUM(G60:G67) -> 240 | H59: =SUM(H60:H67) -> 235 | I59: =SUM(I60:I67) -> 230 | J59: =SUM(J60:J67) -> 240 | K59: =SUM(K60:K67) -> 250 | L59: =SUM(L60:L67) -> 1195 | ... Z59: =SUM(Z60:Z67) -> 0 | AA59: =L59-SUM(O59:S59)-SUM(V59:Z59) -> 0
B60: 20201 | C60: 0.03 | D60: Административни и обслужващи сгради и конструкции | E60: 339 | F60: 335 | G60: 150 | H60: 150 | I60: 150 | J60: 150 | K60: 150 | L60: =SUM(G60:K60) -> 750 | M60: =E60-T60 -> 339 | N60: =F60-U60 -> 335 | O60: =G60-V60 -> 150 | P60: =H60-W60 -> 150 | Q60: =I60-X60 -> 150 | R60: =J60-Y60 -> 150 | S60: =K60-Z60 -> 150 | T60: 0 | U60: 0 | V60: 0 | W60: 0 | X60: 0 | Y60: 0 | Z60: 0 | AA60: =L60-SUM(O60:S60)-SUM(V60:Z60) -> 0 | AD60: бр. | AL60: изграждане на нови и капиталов ремонт на съществуващи
B61: 20601 | C61: 0.1 | D61: Стопански инвентар и офис оборудване | E61: 53 | F61: 88 | G61: 80 | H61: 75 | I61: 70 | J61: 80 | K61: 90 | L61: =SUM(G61:K61) -> 395 | M61: =E61-T61 -> 53 | N61: =F61-U61 -> 88 | O61: =G61-V61 -> 80 | P61: =H61-W61 -> 75 | Q61: =I61-X61 -> 70 | R61: =J61-Y61 -> 80 | S61: =K61-Z61 -> 90 | T61: 0 | U61: 0 | V61: 0 | W61: 0 | X61: 0 | Y61: 0 | Z61: 0 | AA61: =L61-SUM(O61:S61)-SUM(V61:Z61) -> 0 | AD61: бр. | AL61: покупка на нов и капиталов ремонт на съществуващ
B62: 20502 | C62: 0.1 | D62: Лекотоварни автомобили | E62: 0 | F62: 0 | G62: 0 | H62: 0 | I62: 0 | J62: 0 | K62: 0 | L62: =SUM(G62:K62) -> 0 | M62: =E62-T62 -> 0 | N62: =F62-U62 -> 0 | O62: =G62-V62 -> 0 | P62: =H62-W62 -> 0 | Q62: =I62-X62 -> 0 | R62: =J62-Y62 -> 0 | S62: =K62-Z62 -> 0 | T62: 0 | U62: 0 | V62: 0 | W62: 0 | X62: 0 | Y62: 0 | Z62: 0 | AA62: =L62-SUM(O62:S62)-SUM(V62:Z62) -> 0 | AD62: бр. | AL62: покупка на нови и капиталов ремонт на съществуващи
B63: 20503 | C63: 0.1 | D63: Автомобили | E63: 0 | F63: 0 | G63: 0 | H63: 0 | I63: 0 | J63: 0 | K63: 0 | L63: =SUM(G63:K63) -> 0 | M63: =E63-T63 -> 0 | N63: =F63-U63 -> 0 | O63: =G63-V63 -> 0 | P63: =H63-W63 -> 0 | Q63: =I63-X63 -> 0 | R63: =J63-Y63 -> 0 | S63: =K63-Z63 -> 0 | T63: 0 | U63: 0 | V63: 0 | W63: 0 | X63: 0 | Y63: 0 | Z63: 0 | AA63: =L63-SUM(O63:S63)-SUM(V63:Z63) -> 0 | AD63: бр. | AL63: покупка на нови и капиталов ремонт на съществуващи
B64: 212 | C64: 0.2 | D64: Информационни системи - собствени активи | E64: 0 | F64: 4 | G64: 10 | H64: 10 | I64: 10 | J64: 10 | K64: 10 | L64: =SUM(G64:K64) -> 50 | M64: =E64-T64 -> 0 | N64: =F64-U64 -> 4 | O64: =G64-V64 -> 10 | P64: =H64-W64 -> 10 | Q64: =I64-X64 -> 10 | R64: =J64-Y64 -> 10 | S64: =K64-Z64 -> 10 | T64: 0 | U64: 0 | V64: 0 | W64: 0 | X64: 0 | Y64: 0 | Z64: 0 | AA64: =L64-SUM(O64:S64)-SUM(V64:Z64) -> 0 | AD64: бр. | AL64: покупка на нови и надграждане и разширяване на съществуващи
B65: 215 | C65: 0.2 | D65: Информационни системи - публични активи | E65: 0 | F65: 0 | G65: 0 | H65: 0 | I65: 0 | J65: 0 | K65: 0 | L65: =SUM(G65:K65) -> 0 | M65: =E65-T65 -> 0 | N65: =F65-U65 -> 0 | O65: =G65-V65 -> 0 | P65: =H65-W65 -> 0 | Q65: =I65-X65 -> 0 | R65: =J65-Y65 -> 0 | S65: =K65-Z65 -> 0 | T65: 0 | U65: 0 | V65: 0 | W65: 0 | X65: 0 | Y65: 0 | Z65: 0 | AA65: =L65-SUM(O65:S65)-SUM(V65:Z65) -> 0 | AD65: бр. | AL65: покупка на нова система и надграждане и разширяване на съществуваща
B66: 215 | C66: 0.2 | D66: ГИС | E66: 0 | F66: 0 | G66: 0 | H66: 0 | I66: 0 | J66: 0 | K66: 0 | L66: =SUM(G66:K66) -> 0 | M66: =E66-T66 -> 0 | N66: =F66-U66 -> 0 | O66: =G66-V66 -> 0 | P66: =H66-W66 -> 0 | Q66: =I66-X66 -> 0 | R66: =J66-Y66 -> 0 | S66: =K66-Z66 -> 0 | T66: 0 | U66: 0 | V66: 0 | W66: 0 | X66: 0 | Y66: 0 | Z66: 0 | AA66: =L66-SUM(O66:S66)-SUM(V66:Z66) -> 0 | AD66: - | AL66: разходи за персонал и външни услуги за изграждане, надграждане и разширение на ГИС
B67: 208 | C67: 0.2 | D67: ИТ хардуер | E67: 0 | F67: 0 | G67: 0 | H67: 0 | I67: 0 | J67: 0 | K67: 0 | L67: =SUM(G67:K67) -> 0 | M67: =E67-T67 -> 0 | N67: =F67-U67 -> 0 | O67: =G67-V67 -> 0 | P67: =H67-W67 -> 0 | Q67: =I67-X67 -> 0 | R67: =J67-Y67 -> 0 | S67: =K67-Z67 -> 0 | T67: 0 | U67: 0 | V67: 0 | W67: 0 | X67: 0 | Y67: 0 | Z67: 0 | AA67: =L67-SUM(O67:S67)-SUM(V67:Z67) -> 0 | AD67: бр. | AL67: покупка на нов и капиталов ремонт на съществуващ
A68: 1 | D68: ОБЩО ИНВЕСТИЦИИ: | E68: =E59+E56+E47+E35+E10 -> 2157 | F68: =F59+F56+F47+F35+F10 -> 3640 | G68: =G59+G56+G47+G35+G10 -> 2961 | H68: =H59+H56+H47+H35+H10 -> 1631 | I68: =I59+I56+I47+I35+I10 -> 1207 | J68: =J59+J56+J47+J35+J10 -> 1141 | K68: =K59+K56+K47+K35+K10 -> 1098 | L68: =L59+L56+L47+L35+L10 -> 8038 | M68: =M86 -> 2157 | N68: =N86 -> 3640 | O68: =O86 -> 2961 | P68: =P86 -> 1631 | Q68: =Q86 -> 1207 | R68: =R86 -> 1141 | S68: =S86 -> 1098 | T68: =T86 -> 0 | ... Z68: =Z86 -> 0 | AA68: =L68-SUM(O68:S68)-SUM(V68:Z68) -> 0
D69: Инвестиции в Собствени активи: | E69: =SUM(E29:E34)+SUM(E42:E46)+E49+SUM(E51:E55)+E59-E65-E66 -> 704 | F69: =SUM(F29:F34)+SUM(F42:F46)+F49+SUM(F51:F55)+F59-F65-F66 -> 1530 | G69: =SUM(G29:G34)+SUM(G42:G46)+G49+SUM(G51:G55)+G59-G65-G66 -> 2119 | H69: =SUM(H29:H34)+SUM(H42:H46)+H49+SUM(H51:H55)+H59-H65-H66 -> 834 | I69: =SUM(I29:I34)+SUM(I42:I46)+I49+SUM(I51:I55)+I59-I65-I66 -> 429 | J69: =SUM(J29:J34)+SUM(J42:J46)+J49+SUM(J51:J55)+J59-J65-J66 -> 379 | K69: =SUM(K29:K34)+SUM(K42:K46)+K49+SUM(K51:K55)+K59-K65-K66 -> 399 | L69: =SUM(L29:L34)+SUM(L42:L46)+L49+SUM(L51:L55)+L59-L65-L66 -> 4160 | ... Z69: =SUM(Z29:Z34)+SUM(Z42:Z46)+Z49+SUM(Z51:Z55)+Z59-Z65-Z66 -> 0 | AA69: =L69-SUM(O69:S69)-SUM(V69:Z69) -> 0
D70: Инвестиции в Публични активи: | E70: =SUM(E11:E28)+SUM(E36:E41)+E48+E50+E56+E65+E66 -> 1453 | F70: =SUM(F11:F28)+SUM(F36:F41)+F48+F50+F56+F65+F66 -> 2110 | G70: =SUM(G11:G28)+SUM(G36:G41)+G48+G50+G56+G65+G66 -> 842 | H70: =SUM(H11:H28)+SUM(H36:H41)+H48+H50+H56+H65+H66 -> 797 | I70: =SUM(I11:I28)+SUM(I36:I41)+I48+I50+I56+I65+I66 -> 778 | J70: =SUM(J11:J28)+SUM(J36:J41)+J48+J50+J56+J65+J66 -> 762 | K70: =SUM(K11:K28)+SUM(K36:K41)+K48+K50+K56+K65+K66 -> 699 | L70: =SUM(L11:L28)+SUM(L36:L41)+L48+L50+L56+L65+L66 -> 3878 | ... Z70: =SUM(Z11:Z28)+SUM(Z36:Z41)+Z48+Z50+Z56+Z65+Z66 -> 0 | AA70: =L70-SUM(O70:S70)-SUM(V70:Z70) -> 0
D73: ИНВЕСТИЦИИ Водоснабдяване, Отвеждане и Пречистване: | E73: =SUM(E74:E76) -> 1765 | F73: =SUM(F74:F76) -> 3213 | G73: =SUM(G74:G76) -> 2721 | H73: =SUM(H74:H76) -> 1396 | I73: =SUM(I74:I76) -> 977 | J73: =SUM(J74:J76) -> 901 | K73: =SUM(K74:K76) -> 848 | L73: =SUM(G73:K73) -> 6843 | M73: =SUM(M74:M76) -> 1765 | N73: =SUM(N74:N76) -> 3213 | O73: =SUM(O74:O76) -> 2721 | P73: =SUM(P74:P76) -> 1396 | Q73: =SUM(Q74:Q76) -> 977 | R73: =SUM(R74:R76) -> 901 | S73: =SUM(S74:S76) -> 848 | T73: =SUM(T74:T76) -> 0 | ... Z73: =SUM(Z74:Z76) -> 0 | AA73: =L73-SUM(O73:S73)-SUM(V73:Z73) -> 0
D74: Водоснабдяване: | E74: =E10 -> 1696 | F74: =F10 -> 3128 | G74: =G10 -> 949 | H74: =H10 -> 914 | I74: =I10 -> 839 | J74: =J10 -> 789 | K74: =K10 -> 744 | L74: =SUM(G74:K74) -> 4235 | M74: =M10 -> 1696 | N74: =N10 -> 3128 | O74: =O10 -> 949 | P74: =P10 -> 914 | Q74: =Q10 -> 839 | R74: =R10 -> 789 | S74: =S10 -> 744 | T74: =T10 -> 0 | ... Z74: =Z10 -> 0 | AA74: =L74-SUM(O74:S74)-SUM(V74:Z74) -> 0
D75: Отвеждане: | E75: =E35 -> 4 | F75: =F35 -> 55 | G75: =G35 -> 1713 | H75: =H35 -> 38 | I75: =I35 -> 72 | J75: =J35 -> 61 | K75: =K35 -> 43 | L75: =SUM(G75:K75) -> 1927 | M75: =M35 -> 4 | N75: =N35 -> 55 | O75: =O35 -> 1713 | P75: =P35 -> 38 | Q75: =Q35 -> 72 | R75: =R35 -> 61 | S75: =S35 -> 43 | T75: =T35 -> 0 | ... Z75: =Z35 -> 0 | AA75: =L75-SUM(O75:S75)-SUM(V75:Z75) -> 0
D76: Пречистване: | E76: =E47 -> 65 | F76: =F47 -> 30 | G76: =G47 -> 59 | H76: =H47 -> 444 | I76: =I47 -> 66 | J76: =J47 -> 51 | K76: =K47 -> 61 | L76: =SUM(G76:K76) -> 681 | M76: =M47 -> 65 | N76: =N47 -> 30 | O76: =O47 -> 59 | P76: =P47 -> 444 | Q76: =Q47 -> 66 | R76: =R47 -> 51 | S76: =S47 -> 61 | T76: =T47 -> 0 | ... Z76: =Z47 -> 0 | AA76: =L76-SUM(O76:S76)-SUM(V76:Z76) -> 0
D77: % Водоснабдяване: | E77: =IFERROR(E74/E$73,0) -> 0.96090652 | F77: =IFERROR(F74/F$73,0) -> 0.97354497 | G77: =IFERROR(G74/G$73,0) -> 0.34876883 | H77: =IFERROR(H74/H$73,0) -> 0.65472779 | I77: =IFERROR(I74/I$73,0) -> 0.85875128 | J77: =IFERROR(J74/J$73,0) -> 0.87569367 | K77: =IFERROR(K74/K$73,0) -> 0.87735849 | L77: =SUM(G77:K77) -> 3.6153001 | M77: =IFERROR(M74/M$73,0) -> 0.96090652 | N77: =IFERROR(N74/N$73,0) -> 0.97354497 | O77: =IFERROR(O74/O$73,0) -> 0.34876883 | P77: =IFERROR(P74/P$73,0) -> 0.65472779 | Q77: =IFERROR(Q74/Q$73,0) -> 0.85875128 | R77: =IFERROR(R74/R$73,0) -> 0.87569367 | S77: =IFERROR(S74/S$73,0) -> 0.87735849 | T77: =IFERROR(T74/T$73,0) -> 0 | ... Z77: =IFERROR(Z74/Z$73,0) -> 0
D78: % Отвеждане: | E78: =IFERROR(E75/E$73,0) -> 0.002266289 | F78: =IFERROR(F75/F$73,0) -> 0.017117958 | G78: =IFERROR(G75/G$73,0) -> 0.62954796 | H78: =IFERROR(H75/H$73,0) -> 0.02722063 | I78: =IFERROR(I75/I$73,0) -> 0.073694985 | J78: =IFERROR(J75/J$73,0) -> 0.067702553 | K78: =IFERROR(K75/K$73,0) -> 0.050707547 | L78: =SUM(G78:K78) -> 0.84887368 | M78: =IFERROR(M75/M$73,0) -> 0.002266289 | N78: =IFERROR(N75/N$73,0) -> 0.017117958 | O78: =IFERROR(O75/O$73,0) -> 0.62954796 | P78: =IFERROR(P75/P$73,0) -> 0.02722063 | Q78: =IFERROR(Q75/Q$73,0) -> 0.073694985 | R78: =IFERROR(R75/R$73,0) -> 0.067702553 | S78: =IFERROR(S75/S$73,0) -> 0.050707547 | T78: =IFERROR(T75/T$73,0) -> 0 | ... Z78: =IFERROR(Z75/Z$73,0) -> 0
D79: % Пречистване: | E79: =IFERROR(E76/E$73,0) -> 0.036827195 | F79: =IFERROR(F76/F$73,0) -> 0.0093370682 | G79: =IFERROR(G76/G$73,0) -> 0.021683205 | H79: =IFERROR(H76/H$73,0) -> 0.31805158 | I79: =IFERROR(I76/I$73,0) -> 0.067553736 | J79: =IFERROR(J76/J$73,0) -> 0.056603774 | K79: =IFERROR(K76/K$73,0) -> 0.071933962 | L79: =SUM(G79:K79) -> 0.53582625 | M79: =IFERROR(M76/M$73,0) -> 0.036827195 | N79: =IFERROR(N76/N$73,0) -> 0.0093370682 | O79: =IFERROR(O76/O$73,0) -> 0.021683205 | P79: =IFERROR(P76/P$73,0) -> 0.31805158 | Q79: =IFERROR(Q76/Q$73,0) -> 0.067553736 | R79: =IFERROR(R76/R$73,0) -> 0.056603774 | S79: =IFERROR(S76/S$73,0) -> 0.071933962 | T79: =IFERROR(T76/T$73,0) -> 0 | ... Z79: =IFERROR(Z76/Z$73,0) -> 0
D81: ДРУГИ ИНВЕСТИЦИИ- разпределение: | E81: =E56+E59 -> 392 | F81: =F56+F59 -> 427 | G81: =G56+G59 -> 240 | H81: =H56+H59 -> 235 | I81: =I56+I59 -> 230 | J81: =J56+J59 -> 240 | K81: =K56+K59 -> 250 | L81: =SUM(G81:K81) -> 1195 | M81: =M56+M59 -> 392 | N81: =N56+N59 -> 427 | O81: =O56+O59 -> 240 | P81: =P56+P59 -> 235 | Q81: =Q56+Q59 -> 230 | R81: =R56+R59 -> 240 | S81: =S56+S59 -> 250 | T81: =T56+T59 -> 0 | ... Z81: =Z56+Z59 -> 0 | AA81: =L81-SUM(O81:S81)-SUM(V81:Z81) -> 0
D82: Водоснабдяване: | E82: =E77*E$81 -> 376.67535 | F82: =F77*F$81 -> 415.7037 | G82: =G77*G$81 -> 83.70452 | H82: =H77*H$81 -> 153.86103 | I82: =I77*I$81 -> 197.51279 | J82: =J77*J$81 -> 210.16648 | K82: =K77*K$81 -> 219.33962 | L82: =SUM(G82:K82) -> 864.58445 | M82: =E77*M$81 -> 376.67535 | N82: =F77*N$81 -> 415.7037 | O82: =G77*O$81 -> 83.70452 | P82: =H77*P$81 -> 153.86103 | Q82: =I77*Q$81 -> 197.51279 | R82: =J77*R$81 -> 210.16648 | S82: =K77*S$81 -> 219.33962 | T82: =E77*T$81 -> 0 | U82: =F77*U$81 -> 0 | V82: =G77*V$81 -> 0 | W82: =H77*W$81 -> 0 | X82: =I77*X$81 -> 0 | Y82: =J77*Y$81 -> 0 | Z82: =K77*Z$81 -> 0 | AA82: =L82-SUM(O82:S82)-SUM(V82:Z82) -> 0
D83: Отвеждане: | E83: =E78*E$81 -> 0.88838527 | F83: =F78*F$81 -> 7.3093682 | G83: =G78*G$81 -> 151.09151 | H83: =H78*H$81 -> 6.3968481 | I83: =I78*I$81 -> 16.949846 | J83: =J78*J$81 -> 16.248613 | K83: =K78*K$81 -> 12.676887 | L83: =SUM(G83:K83) -> 203.3637 | M83: =E78*M$81 -> 0.88838527 | N83: =F78*N$81 -> 7.3093682 | O83: =G78*O$81 -> 151.09151 | P83: =H78*P$81 -> 6.3968481 | Q83: =I78*Q$81 -> 16.949846 | R83: =J78*R$81 -> 16.248613 | S83: =K78*S$81 -> 12.676887 | T83: =E78*T$81 -> 0 | U83: =F78*U$81 -> 0 | V83: =G78*V$81 -> 0 | W83: =H78*W$81 -> 0 | X83: =I78*X$81 -> 0 | Y83: =J78*Y$81 -> 0 | Z83: =K78*Z$81 -> 0 | AA83: =L83-SUM(O83:S83)-SUM(V83:Z83) -> 0
D84: Пречистване: | E84: =E79*E$81 -> 14.436261 | F84: =F79*F$81 -> 3.9869281 | G84: =G79*G$81 -> 5.2039691 | H84: =H79*H$81 -> 74.74212 | I84: =I79*I$81 -> 15.537359 | J84: =J79*J$81 -> 13.584906 | K84: =K79*K$81 -> 17.983491 | L84: =SUM(G84:K84) -> 127.05184 | M84: =E79*M$81 -> 14.436261 | N84: =F79*N$81 -> 3.9869281 | O84: =G79*O$81 -> 5.2039691 | P84: =H79*P$81 -> 74.74212 | Q84: =I79*Q$81 -> 15.537359 | R84: =J79*R$81 -> 13.584906 | S84: =K79*S$81 -> 17.983491 | T84: =E79*T$81 -> 0 | U84: =F79*U$81 -> 0 | V84: =G79*V$81 -> 0 | W84: =H79*W$81 -> 0 | X84: =I79*X$81 -> 0 | Y84: =J79*Y$81 -> 0 | Z84: =K79*Z$81 -> 0 | AA84: =L84-SUM(O84:S84)-SUM(V84:Z84) -> 0
D86: ОБЩО ИНВЕСТИЦИИ след разпределение: | E86: =SUM(E87:E89) -> 2157 | F86: =SUM(F87:F89) -> 3640 | G86: =SUM(G87:G89) -> 2961 | H86: =SUM(H87:H89) -> 1631 | I86: =SUM(I87:I89) -> 1207 | J86: =SUM(J87:J89) -> 1141 | K86: =SUM(K87:K89) -> 1098 | L86: =SUM(G86:K86) -> 8038 | M86: =SUM(M87:M89) -> 2157 | N86: =SUM(N87:N89) -> 3640 | O86: =SUM(O87:O89) -> 2961 | P86: =SUM(P87:P89) -> 1631 | Q86: =SUM(Q87:Q89) -> 1207 | R86: =SUM(R87:R89) -> 1141 | S86: =SUM(S87:S89) -> 1098 | T86: =SUM(T87:T89) -> 0 | ... Z86: =SUM(Z87:Z89) -> 0 | AA86: =L86-SUM(O86:S86)-SUM(V86:Z86) -> 0
D87: Водоснабдяване: | E87: =E74+E82 -> 2072.6754 | F87: =F74+F82 -> 3543.7037 | G87: =G74+G82 -> 1032.7045 | H87: =H74+H82 -> 1067.861 | I87: =I74+I82 -> 1036.5128 | J87: =J74+J82 -> 999.16648 | K87: =K74+K82 -> 963.33962 | L87: =SUM(G87:K87) -> 5099.5845 | M87: =M74+M82 -> 2072.6754 | N87: =N74+N82 -> 3543.7037 | O87: =O74+O82 -> 1032.7045 | P87: =P74+P82 -> 1067.861 | Q87: =Q74+Q82 -> 1036.5128 | R87: =R74+R82 -> 999.16648 | S87: =S74+S82 -> 963.33962 | T87: =T74+T82 -> 0 | ... Z87: =Z74+Z82 -> 0 | AA87: =L87-SUM(O87:S87)-SUM(V87:Z87) -> 0
D88: Отвеждане: | E88: =E75+E83 -> 4.8883853 | F88: =F75+F83 -> 62.309368 | G88: =G75+G83 -> 1864.0915 | H88: =H75+H83 -> 44.396848 | I88: =I75+I83 -> 88.949846 | J88: =J75+J83 -> 77.248613 | K88: =K75+K83 -> 55.676887 | L88: =SUM(G88:K88) -> 2130.3637 | M88: =M75+M83 -> 4.8883853 | N88: =N75+N83 -> 62.309368 | O88: =O75+O83 -> 1864.0915 | P88: =P75+P83 -> 44.396848 | Q88: =Q75+Q83 -> 88.949846 | R88: =R75+R83 -> 77.248613 | S88: =S75+S83 -> 55.676887 | T88: =T75+T83 -> 0 | ... Z88: =Z75+Z83 -> 0 | AA88: =L88-SUM(O88:S88)-SUM(V88:Z88) -> 0
D89: Пречистване: | E89: =E76+E84 -> 79.436261 | F89: =F76+F84 -> 33.986928 | G89: =G76+G84 -> 64.203969 | H89: =H76+H84 -> 518.74212 | I89: =I76+I84 -> 81.537359 | J89: =J76+J84 -> 64.584906 | K89: =K76+K84 -> 78.983491 | L89: =SUM(G89:K89) -> 808.05184 | M89: =M76+M84 -> 79.436261 | N89: =N76+N84 -> 33.986928 | O89: =O76+O84 -> 64.203969 | P89: =P76+P84 -> 518.74212 | Q89: =Q76+Q84 -> 81.537359 | R89: =R76+R84 -> 64.584906 | S89: =S76+S84 -> 78.983491 | T89: =T76+T84 -> 0 | ... Z89: =Z76+Z84 -> 0 | AA89: =L89-SUM(O89:S89)-SUM(V89:Z89) -> 0
D91: Инвестиции в собствени активи | E91: =SUM(E92:E94) -> 704 | F91: =SUM(F92:F94) -> 1530 | G91: =SUM(G92:G94) -> 2119 | H91: =SUM(H92:H94) -> 834 | I91: =SUM(I92:I94) -> 429 | J91: =SUM(J92:J94) -> 379 | K91: =SUM(K92:K94) -> 399 | L91: =SUM(G91:K91) -> 4160 | M91: =SUM(M92:M94) -> 704 | N91: =SUM(N92:N94) -> 1530 | O91: =SUM(O92:O94) -> 2119 | P91: =SUM(P92:P94) -> 834 | Q91: =SUM(Q92:Q94) -> 429 | R91: =SUM(R92:R94) -> 379 | S91: =SUM(S92:S94) -> 399 | T91: =SUM(T92:T94) -> 0 | ... Z91: =SUM(Z92:Z94) -> 0 | AA91: =L91-SUM(O91:S91)-SUM(V91:Z91) -> 0
D92: Водоснабдяване: | E92: =SUM(E30:E34)+(E59-E65-E66)*E77 -> 623.67535 | F92: =SUM(F30:F34)+(F59-F65-F66)*F77 -> 1488.7037 | G92: =SUM(G30:G34)+(G59-G65-G66)*G77 -> 272.70452 | H92: =SUM(H30:H34)+(H59-H65-H66)*H77 -> 342.86103 | I92: =SUM(I30:I34)+(I59-I65-I66)*I77 -> 376.51279 | J92: =SUM(J30:J34)+(J59-J65-J66)*J77 -> 329.16648 | K92: =SUM(K30:K34)+(K59-K65-K66)*K77 -> 348.33962 | L92: =SUM(G92:K92) -> 1669.5845 | M92: =SUM(M30:M34)+(M59-M65-M66)*M77 -> 623.67535 | N92: =SUM(N30:N34)+(N59-N65-N66)*N77 -> 1488.7037 | O92: =SUM(O30:O34)+(O59-O65-O66)*O77 -> 272.70452 | P92: =SUM(P30:P34)+(P59-P65-P66)*P77 -> 342.86103 | Q92: =SUM(Q30:Q34)+(Q59-Q65-Q66)*Q77 -> 376.51279 | R92: =SUM(R30:R34)+(R59-R65-R66)*R77 -> 329.16648 | S92: =SUM(S30:S34)+(S59-S65-S66)*S77 -> 348.33962 | T92: =SUM(T30:T34)+(T59-T65-T66)*T77 -> 0 | ... Z92: =SUM(Z30:Z34)+(Z59-Z65-Z66)*Z77 -> 0 | AA92: =L92-SUM(O92:S92)-SUM(V92:Z92) -> 0
D93: Отвеждане: | E93: =SUM(E42:E46)+(E59-E65-E66)*E78 -> 0.88838527 | F93: =SUM(F42:F46)+(F59-F65-F66)*F78 -> 7.3093682 | G93: =SUM(G42:G46)+(G59-G65-G66)*G78 -> 1821.0915 | H93: =SUM(H42:H46)+(H59-H65-H66)*H78 -> 6.3968481 | I93: =SUM(I42:I46)+(I59-I65-I66)*I78 -> 16.949846 | J93: =SUM(J42:J46)+(J59-J65-J66)*J78 -> 16.248613 | K93: =SUM(K42:K46)+(K59-K65-K66)*K78 -> 12.676887 | L93: =SUM(G93:K93) -> 1873.3637 | M93: =SUM(M42:M46)+(M59-M65-M66)*M78 -> 0.88838527 | N93: =SUM(N42:N46)+(N59-N65-N66)*N78 -> 7.3093682 | O93: =SUM(O42:O46)+(O59-O65-O66)*O78 -> 1821.0915 | P93: =SUM(P42:P46)+(P59-P65-P66)*P78 -> 6.3968481 | Q93: =SUM(Q42:Q46)+(Q59-Q65-Q66)*Q78 -> 16.949846 | R93: =SUM(R42:R46)+(R59-R65-R66)*R78 -> 16.248613 | S93: =SUM(S42:S46)+(S59-S65-S66)*S78 -> 12.676887 | T93: =SUM(T42:T46)+(T59-T65-T66)*T78 -> 0 | ... Z93: =SUM(Z42:Z46)+(Z59-Z65-Z66)*Z78 -> 0 | AA93: =L93-SUM(O93:S93)-SUM(V93:Z93) -> 0
D94: Пречистване: | E94: =SUM(E51:E55)+(E59-E65-E66)*E79 -> 79.436261 | F94: =SUM(F51:F55)+(F59-F65-F66)*F79 -> 33.986928 | G94: =SUM(G51:G55)+(G59-G65-G66)*G79 -> 25.203969 | H94: =SUM(H51:H55)+(H59-H65-H66)*H79 -> 484.74212 | I94: =SUM(I51:I55)+(I59-I65-I66)*I79 -> 35.537359 | J94: =SUM(J51:J55)+(J59-J65-J66)*J79 -> 33.584906 | K94: =SUM(K51:K55)+(K59-K65-K66)*K79 -> 37.983491 | L94: =SUM(G94:K94) -> 617.05184 | M94: =SUM(M51:M55)+(M59-M65-M66)*M79 -> 79.436261 | N94: =SUM(N51:N55)+(N59-N65-N66)*N79 -> 33.986928 | O94: =SUM(O51:O55)+(O59-O65-O66)*O79 -> 25.203969 | P94: =SUM(P51:P55)+(P59-P65-P66)*P79 -> 484.74212 | Q94: =SUM(Q51:Q55)+(Q59-Q65-Q66)*Q79 -> 35.537359 | R94: =SUM(R51:R55)+(R59-R65-R66)*R79 -> 33.584906 | S94: =SUM(S51:S55)+(S59-S65-S66)*S79 -> 37.983491 | T94: =SUM(T51:T55)+(T59-T65-T66)*T79 -> 0 | ... Z94: =SUM(Z51:Z55)+(Z59-Z65-Z66)*Z79 -> 0 | AA94: =L94-SUM(O94:S94)-SUM(V94:Z94) -> 0
D95: Инвестиции в публични активи | E95: =SUM(E96:E98) -> 1453 | F95: =SUM(F96:F98) -> 2110 | G95: =SUM(G96:G98) -> 842 | H95: =SUM(H96:H98) -> 797 | I95: =SUM(I96:I98) -> 778 | J95: =SUM(J96:J98) -> 762 | K95: =SUM(K96:K98) -> 699 | L95: =SUM(G95:K95) -> 3878 | M95: =SUM(M96:M98) -> 1453 | N95: =SUM(N96:N98) -> 2110 | O95: =SUM(O96:O98) -> 842 | P95: =SUM(P96:P98) -> 797 | Q95: =SUM(Q96:Q98) -> 778 | R95: =SUM(R96:R98) -> 762 | S95: =SUM(S96:S98) -> 699 | T95: =SUM(T96:T98) -> 0 | ... Z95: =SUM(Z96:Z98) -> 0 | AA95: =L95-SUM(O95:S95)-SUM(V95:Z95) -> 0
D96: Водоснабдяване: | E96: =E87-E92 -> 1449 | F96: =F87-F92 -> 2055 | G96: =G87-G92 -> 760 | H96: =H87-H92 -> 725 | I96: =I87-I92 -> 660 | J96: =J87-J92 -> 670 | K96: =K87-K92 -> 615 | L96: =SUM(G96:K96) -> 3430 | M96: =M87-M92 -> 1449 | N96: =N87-N92 -> 2055 | O96: =O87-O92 -> 760 | P96: =P87-P92 -> 725 | Q96: =Q87-Q92 -> 660 | R96: =R87-R92 -> 670 | S96: =S87-S92 -> 615 | T96: =T87-T92 -> 0 | ... Z96: =Z87-Z92 -> 0 | AA96: =L96-SUM(O96:S96)-SUM(V96:Z96) -> 0
D97: Отвеждане: | E97: =E88-E93 -> 4 | F97: =F88-F93 -> 55 | G97: =G88-G93 -> 43 | H97: =H88-H93 -> 38 | I97: =I88-I93 -> 72 | J97: =J88-J93 -> 61 | K97: =K88-K93 -> 43 | L97: =SUM(G97:K97) -> 257 | M97: =M88-M93 -> 4 | N97: =N88-N93 -> 55 | O97: =O88-O93 -> 43 | P97: =P88-P93 -> 38 | Q97: =Q88-Q93 -> 72 | R97: =R88-R93 -> 61 | S97: =S88-S93 -> 43 | T97: =T88-T93 -> 0 | ... Z97: =Z88-Z93 -> 0 | AA97: =L97-SUM(O97:S97)-SUM(V97:Z97) -> 0
D98: Пречистване: | E98: =E89-E94 -> 0 | F98: =F89-F94 -> 0 | G98: =G89-G94 -> 39 | H98: =H89-H94 -> 34 | I98: =I89-I94 -> 46 | J98: =J89-J94 -> 31 | K98: =K89-K94 -> 41 | L98: =SUM(G98:K98) -> 191 | M98: =M89-M94 -> 0 | N98: =N89-N94 -> 0 | O98: =O89-O94 -> 39 | P98: =P89-P94 -> 34 | Q98: =Q89-Q94 -> 46 | R98: =R89-R94 -> 31 | S98: =S89-S94 -> 41 | T98: =T89-T94 -> 0 | ... Z98: =Z89-Z94 -> 0 | AA98: =L98-SUM(O98:S98)-SUM(V98:Z98) -> 0
AC99: ='8. Ремонтна програма'!B52 -> Главен счетоводител: | AE99: ='8. Ремонтна програма'!C52 -> ..............................................
AE100: ='8. Ремонтна програма'!C53 -> (подпис)
B101: ='8. Ремонтна програма'!A51 -> Дата: 27.06.2016г.
AC105: ='8. Ремонтна програма'!B56 -> Управител: | AE105: ='8. Ремонтна програма'!C56 -> ..............................................
A106: Указания за попълване на справката | AE106: ='8. Ремонтна програма'!C57 -> (подпис и печат)
A107: 1. Попълват се само клетките в жълт цвят
A108: 2. Справка №9 се попълва за всички ВС. В случай, че има ВС "Вода за друг ВиК оператор" в която се предвиждат инвестиции, то във ВС основна се посочва и дела на разпределените инвестиции съгласно принципите на ЕСРО, и общите натурални показатели, а за ВС "Вода за друг ВиК оператор" се посочва само стойността на разпределените инвестиции съгласно принципите на ЕСРО. Ако ВС "Вода за друг ВиК оператор" е обособена и работи изцяло за друг ВиК оператор, тогава се посочват инвестициите и натуралните показатели.

Sheet 10. Финансиране на ИП
A1: Приложение № 3
A2: Справка № 10 Инвестиции и източници на финансиране
A3: ='1. Анкетна карта'!A3 -> на "Водоснабдяване и канализация" ООД , гр. Враца
A4: ='1. Анкетна карта'!A4 -> ЕИК по БУЛСТАТ: 816090199
W5: (хил. лв.)
A6: № | B6: Дейности | C6: Доставяне вода на потребителите | J6: Отвеждане на отпадъчни води | Q6: Пречистване на отпадъчни води
C7: ='Приложение '!G12 -> 2015 г. | D7: ='Приложение '!G13 -> 2016 г. | E7: ='Приложение '!G14 -> 2017 г. | F7: ='Приложение '!G15 -> 2018 г. | G7: ='Приложение '!G16 -> 2019 г. | H7: ='Приложение '!G17 -> 2020 г. | I7: ='Приложение '!G18 -> 2021 г. | J7: =C7 -> 2015 г. | K7: =D7 -> 2016 г. | L7: =E7 -> 2017 г. | M7: =F7 -> 2018 г. | N7: =G7 -> 2019 г. | O7: =H7 -> 2020 г. | P7: =I7 -> 2021 г. | Q7: =J7 -> 2015 г. | ... W7: =P7 -> 2021 г.
A8: 1 | B8: Планирани инвестиции, общо: | C8: ='9.Инвестиционна програма'!E87 -> 2072.6754 | D8: ='9.Инвестиционна програма'!F87 -> 3543.7037 | E8: ='9.Инвестиционна програма'!G87 -> 1032.7045 | F8: ='9.Инвестиционна програма'!H87 -> 1067.861 | G8: ='9.Инвестиционна програма'!I87 -> 1036.5128 | H8: ='9.Инвестиционна програма'!J87 -> 999.16648 | I8: ='9.Инвестиционна програма'!K87 -> 963.33962 | J8: ='9.Инвестиционна програма'!E88 -> 4.8883853 | K8: ='9.Инвестиционна програма'!F88 -> 62.309368 | L8: ='9.Инвестиционна програма'!G88 -> 1864.0915 | M8: ='9.Инвестиционна програма'!H88 -> 44.396848 | N8: ='9.Инвестиционна програма'!I88 -> 88.949846 | O8: ='9.Инвестиционна програма'!J88 -> 77.248613 | P8: ='9.Инвестиционна програма'!K88 -> 55.676887 | Q8: ='9.Инвестиционна програма'!E89 -> 79.436261 | R8: ='9.Инвестиционна програма'!F89 -> 33.986928 | S8: ='9.Инвестиционна програма'!G89 -> 64.203969 | T8: ='9.Инвестиционна програма'!H89 -> 518.74212 | U8: ='9.Инвестиционна програма'!I89 -> 81.537359 | V8: ='9.Инвестиционна програма'!J89 -> 64.584906 | W8: ='9.Инвестиционна програма'!K89 -> 78.983491
A9: 1.1. | B9: в т.ч. в собствени активи | C9: ='9.Инвестиционна програма'!E92 -> 623.67535 | D9: ='9.Инвестиционна програма'!F92 -> 1488.7037 | E9: ='9.Инвестиционна програма'!G92 -> 272.70452 | F9: ='9.Инвестиционна програма'!H92 -> 342.86103 | G9: ='9.Инвестиционна програма'!I92 -> 376.51279 | H9: ='9.Инвестиционна програма'!J92 -> 329.16648 | I9: ='9.Инвестиционна програма'!K92 -> 348.33962 | J9: ='9.Инвестиционна програма'!E93 -> 0.88838527 | K9: ='9.Инвестиционна програма'!F93 -> 7.3093682 | L9: ='9.Инвестиционна програма'!G93 -> 1821.0915 | M9: ='9.Инвестиционна програма'!H93 -> 6.3968481 | N9: ='9.Инвестиционна програма'!I93 -> 16.949846 | O9: ='9.Инвестиционна програма'!J93 -> 16.248613 | P9: ='9.Инвестиционна програма'!K93 -> 12.676887 | Q9: ='9.Инвестиционна програма'!E94 -> 79.436261 | R9: ='9.Инвестиционна програма'!F94 -> 33.986928 | S9: ='9.Инвестиционна програма'!G94 -> 25.203969 | T9: ='9.Инвестиционна програма'!H94 -> 484.74212 | U9: ='9.Инвестиционна програма'!I94 -> 35.537359 | V9: ='9.Инвестиционна програма'!J94 -> 33.584906 | W9: ='9.Инвестиционна програма'!K94 -> 37.983491
A10: 1.2. | B10: в т.ч. в публични активи | C10: ='9.Инвестиционна програма'!E96 -> 1449 | D10: ='9.Инвестиционна програма'!F96 -> 2055 | E10: ='9.Инвестиционна програма'!G96 -> 760 | F10: ='9.Инвестиционна програма'!H96 -> 725 | G10: ='9.Инвестиционна програма'!I96 -> 660 | H10: ='9.Инвестиционна програма'!J96 -> 670 | I10: ='9.Инвестиционна програма'!K96 -> 615 | J10: ='9.Инвестиционна програма'!E97 -> 4 | K10: ='9.Инвестиционна програма'!F97 -> 55 | L10: ='9.Инвестиционна програма'!G97 -> 43 | M10: ='9.Инвестиционна програма'!H97 -> 38 | N10: ='9.Инвестиционна програма'!I97 -> 72 | O10: ='9.Инвестиционна програма'!J97 -> 61 | P10: ='9.Инвестиционна програма'!K97 -> 43 | Q10: ='9.Инвестиционна програма'!E98 -> 0 | R10: ='9.Инвестиционна програма'!F98 -> 0 | S10: ='9.Инвестиционна програма'!G98 -> 39 | T10: ='9.Инвестиционна програма'!H98 -> 34 | U10: ='9.Инвестиционна програма'!I98 -> 46 | V10: ='9.Инвестиционна програма'!J98 -> 31 | W10: ='9.Инвестиционна програма'!K98 -> 41
A12: 2 | B12: Източници за финансиране, общо, в т.ч.: | C12: =C13+C16 -> 2072.6754 | D12: =D13+D16 -> 3543.7037 | E12: =E13+E16 -> 1032.7045 | F12: =F13+F16 -> 1067.861 | G12: =G13+G16 -> 1036.5128 | H12: =H13+H16 -> 999.16648 | I12: =I13+I16 -> 963.33962 | J12: =J13+J16 -> 4.8883853 | ... W12: =W13+W16 -> 78.983491
A13: 2.1. | B13: Собствени активи | C13: =C14+C15 -> 623.67535 | D13: =D14+D15 -> 1488.7037 | E13: =E14+E15 -> 272.70452 | F13: =F14+F15 -> 342.86103 | G13: =G14+G15 -> 376.51279 | H13: =H14+H15 -> 329.16648 | I13: =I14+I15 -> 348.33962 | J13: =J14+J15 -> 0.88838527 | ... W13: =W14+W15 -> 37.983491
A14: 2.1.1. | B14: в т.ч. със собствени средства | C14: ='9.Инвестиционна програма'!M92 -> 623.67535 | D14: ='9.Инвестиционна програма'!N92 -> 1488.7037 | E14: ='9.Инвестиционна програма'!O92 -> 272.70452 | F14: ='9.Инвестиционна програма'!P92 -> 342.86103 | G14: ='9.Инвестиционна програма'!Q92 -> 376.51279 | H14: ='9.Инвестиционна програма'!R92 -> 329.16648 | I14: ='9.Инвестиционна програма'!S92 -> 348.33962 | J14: ='9.Инвестиционна програма'!M93 -> 0.88838527 | K14: ='9.Инвестиционна програма'!N93 -> 7.3093682 | L14: ='9.Инвестиционна програма'!O93 -> 1821.0915 | M14: ='9.Инвестиционна програма'!P93 -> 6.3968481 | N14: ='9.Инвестиционна програма'!Q93 -> 16.949846 | O14: ='9.Инвестиционна програма'!R93 -> 16.248613 | P14: ='9.Инвестиционна програма'!S93 -> 12.676887 | Q14: ='9.Инвестиционна програма'!M94 -> 79.436261 | R14: ='9.Инвестиционна програма'!N94 -> 33.986928 | S14: ='9.Инвестиционна програма'!O94 -> 25.203969 | T14: ='9.Инвестиционна програма'!P94 -> 484.74212 | U14: ='9.Инвестиционна програма'!Q94 -> 35.537359 | V14: ='9.Инвестиционна програма'!R94 -> 33.584906 | W14: ='9.Инвестиционна програма'!S94 -> 37.983491
A15: 2.2.2. | B15: в т.ч. с привлечени средства | C15: ='9.Инвестиционна програма'!T92 -> 0 | D15: ='9.Инвестиционна програма'!U92 -> 0 | E15: ='9.Инвестиционна програма'!V92 -> 0 | F15: ='9.Инвестиционна програма'!W92 -> 0 | G15: ='9.Инвестиционна програма'!X92 -> 0 | H15: ='9.Инвестиционна програма'!Y92 -> 0 | I15: ='9.Инвестиционна програма'!Z92 -> 0 | J15: ='9.Инвестиционна програма'!T93 -> 0 | K15: ='9.Инвестиционна програма'!U93 -> 0 | L15: ='9.Инвестиционна програма'!V93 -> 0 | M15: ='9.Инвестиционна програма'!W93 -> 0 | N15: ='9.Инвестиционна програма'!X93 -> 0 | O15: ='9.Инвестиционна програма'!Y93 -> 0 | P15: ='9.Инвестиционна програма'!Z93 -> 0 | Q15: ='9.Инвестиционна програма'!T94 -> 0 | R15: ='9.Инвестиционна програма'!U94 -> 0 | S15: ='9.Инвестиционна програма'!V94 -> 0 | T15: ='9.Инвестиционна програма'!W94 -> 0 | U15: ='9.Инвестиционна програма'!X94 -> 0 | V15: ='9.Инвестиционна програма'!Y94 -> 0 | W15: ='9.Инвестиционна програма'!Z94 -> 0
A16: 2.2. | B16: Публични активи | C16: =C17+C18 -> 1449 | D16: =D17+D18 -> 2055 | E16: =E17+E18 -> 760 | F16: =F17+F18 -> 725 | G16: =G17+G18 -> 660 | H16: =H17+H18 -> 670 | I16: =I17+I18 -> 615 | J16: =J17+J18 -> 4 | ... W16: =W17+W18 -> 41
A17: 2.2.1. | B17: в т.ч. със собствени средства | C17: ='9.Инвестиционна програма'!M96 -> 1449 | D17: ='9.Инвестиционна програма'!N96 -> 2055 | E17: ='9.Инвестиционна програма'!O96 -> 760 | F17: ='9.Инвестиционна програма'!P96 -> 725 | G17: ='9.Инвестиционна програма'!Q96 -> 660 | H17: ='9.Инвестиционна програма'!R96 -> 670 | I17: ='9.Инвестиционна програма'!S96 -> 615 | J17: ='9.Инвестиционна програма'!M97 -> 4 | K17: ='9.Инвестиционна програма'!N97 -> 55 | L17: ='9.Инвестиционна програма'!O97 -> 43 | M17: ='9.Инвестиционна програма'!P97 -> 38 | N17: ='9.Инвестиционна програма'!Q97 -> 72 | O17: ='9.Инвестиционна програма'!R97 -> 61 | P17: ='9.Инвестиционна програма'!S97 -> 43 | Q17: ='9.Инвестиционна програма'!M98 -> 0 | R17: ='9.Инвестиционна програма'!N98 -> 0 | S17: ='9.Инвестиционна програма'!O98 -> 39 | T17: ='9.Инвестиционна програма'!P98 -> 34 | U17: ='9.Инвестиционна програма'!Q98 -> 46 | V17: ='9.Инвестиционна програма'!R98 -> 31 | W17: ='9.Инвестиционна програма'!S98 -> 41
A18: 2.2.2. | B18: в т.ч. с привлечени средства | C18: ='9.Инвестиционна програма'!T96 -> 0 | D18: ='9.Инвестиционна програма'!U96 -> 0 | E18: ='9.Инвестиционна програма'!V96 -> 0 | F18: ='9.Инвестиционна програма'!W96 -> 0 | G18: ='9.Инвестиционна програма'!X96 -> 0 | H18: ='9.Инвестиционна програма'!Y96 -> 0 | I18: ='9.Инвестиционна програма'!Z96 -> 0 | J18: ='9.Инвестиционна програма'!T97 -> 0 | K18: ='9.Инвестиционна програма'!U97 -> 0 | L18: ='9.Инвестиционна програма'!V97 -> 0 | M18: ='9.Инвестиционна програма'!W97 -> 0 | N18: ='9.Инвестиционна програма'!X97 -> 0 | O18: ='9.Инвестиционна програма'!Y97 -> 0 | P18: ='9.Инвестиционна програма'!Z97 -> 0 | Q18: ='9.Инвестиционна програма'!T98 -> 0 | R18: ='9.Инвестиционна програма'!U98 -> 0 | S18: ='9.Инвестиционна програма'!V98 -> 0 | T18: ='9.Инвестиционна програма'!W98 -> 0 | U18: ='9.Инвестиционна програма'!X98 -> 0 | V18: ='9.Инвестиционна програма'!Y98 -> 0 | W18: ='9.Инвестиционна програма'!Z98 -> 0
A20: 3.1. | B20: Разлика планирани инвестиции спрямо източници на финансиране | C20: =C12-C8 -> 0 | D20: =D12-D8 -> 0 | E20: =E12-E8 -> 0 | F20: =F12-F8 -> 0 | G20: =G12-G8 -> 0 | H20: =H12-H8 -> 0 | I20: =I12-I8 -> 0 | J20: =J12-J8 -> 0 | ... W20: =W12-W8 -> 0
A21: 3.2. | B21: Разлика планирано финансиране на инвестиционната програма със заемни средства, и планирани заеми | C21: =C15+C18-C67*C61-J67*J61 -> 0 | D21: =D15+D18-D67*D61-K67*K61 -> 0 | E21: =E15+E18-E67*E61-L67*L61 -> 0 | F21: =F15+F18-F67*F61-M67*M61 -> 0 | G21: =G15+G18-G67*G61-N67*N61 -> 0 | H21: =H15+H18-H67*H61-O67*O61 -> 0 | I21: =I15+I18-I67*I61-P67*P61 -> 0 | J21: =J15+J18-C68*C61-J68*J61 -> 0 | K21: =K15+K18-D68*D61-K68*K61 -> 0 | L21: =L15+L18-E68*E61-L68*L61 -> 0 | M21: =M15+M18-F68*F61-M68*M61 -> 0 | N21: =N15+N18-G68*G61-N68*N61 -> 0 | O21: =O15+O18-H68*H61-O68*O61 -> 0 | P21: =P15+P18-I68*I61-P68*P61 -> 0 | Q21: =Q15+Q18-C69*C61-J69*J61 -> 0 | R21: =R15+R18-D69*D61-K69*K61 -> 0 | S21: =S15+S18-E69*E61-L69*L61 -> 0 | T21: =T15+T18-F69*F61-M69*M61 -> 0 | U21: =U15+U18-G69*G61-N69*N61 -> 0 | V21: =V15+V18-H69*H61-O69*O61 -> 0 | W21: =W15+W18-I69*I61-P69*P61 -> 0
A23: 4 | B23: Разходи за главници на съществуващи дългосрочни заеми за изграждане на ДА (инвестиционни заеми) | C23: =C38*C43+J38*J43+Q38*Q43+C50*C55+J50*J55+C62*C67+J62*J67 -> 0 | D23: =D38*D43+K38*K43+R38*R43+D50*D55+K50*K55+D62*D67+K62*K67 -> 0 | E23: =E38*E43+L38*L43+S38*S43+E50*E55+L50*L55+E62*E67+L62*L67 -> 0 | F23: =F38*F43+M38*M43+T38*T43+F50*F55+M50*M55+F62*F67+M62*M67 -> 0 | G23: =G38*G43+N38*N43+U38*U43+G50*G55+N50*N55+G62*G67+N62*N67 -> 0 | H23: =H38*H43+O38*O43+V38*V43+H50*H55+O50*O55+H62*H67+O62*O67 -> 0 | I23: =I38*I43+P38*P43+W38*W43+I50*I55+P50*P55+I62*I67+P62*P67 -> 0 | J23: =C38*C44+J38*J44+Q38*Q44+C50*C56+J50*J56+C62*C68+J62*J68 -> 0 | K23: =D38*D44+K38*K44+R38*R44+D50*D56+K50*K56+D62*D68+K62*K68 -> 0 | L23: =E38*E44+L38*L44+S38*S44+E50*E56+L50*L56+E62*E68+L62*L68 -> 0 | M23: =F38*F44+M38*M44+T38*T44+F50*F56+M50*M56+F62*F68+M62*M68 -> 0 | N23: =G38*G44+N38*N44+U38*U44+G50*G56+N50*N56+G62*G68+N62*N68 -> 0 | O23: =H38*H44+O38*O44+V38*V44+H50*H56+O50*O56+H62*H68+O62*O68 -> 0 | P23: =I38*I44+P38*P44+W38*W44+I50*I56+P50*P56+I62*I68+P62*P68 -> 0 | Q23: =C38*C45+J38*J45+Q38*Q45+C50*C57+J50*J57+C62*C69+J62*J69 -> 0 | R23: =D38*D45+K38*K45+R38*R45+D50*D57+K50*K57+D62*D69+K62*K69 -> 0 | S23: =E38*E45+L38*L45+S38*S45+E50*E57+L50*L57+E62*E69+L62*L69 -> 0 | T23: =F38*F45+M38*M45+T38*T45+F50*F57+M50*M57+F62*F69+M62*M69 -> 0 | U23: =G38*G45+N38*N45+U38*U45+G50*G57+N50*N57+G62*G69+N62*N69 -> 0 | V23: =H38*H45+O38*O45+V38*V45+H50*H57+O50*O57+H62*H69+O62*O69 -> 0 | W23: =I38*I45+P38*P45+W38*W45+I50*I57+P50*P57+I62*I69+P62*P69 -> 0
A25: 5.1. | B25: Разходи за амортизации на собствени активи | C25: ='11. Амортиз. план'!E34 -> 706 | D25: ='11. Амортиз. план'!F34 -> 785.64252 | E25: ='11. Амортиз. план'!G34 -> 851.10912 | F25: ='11. Амортиз. план'!H34 -> 854.08558 | G25: ='11. Амортиз. план'!I34 -> 848.47531 | H25: ='11. Амортиз. план'!J34 -> 847.91938 | I25: ='11. Амортиз. план'!K34 -> 843.08778 | J25: ='11. Амортиз. план'!L34 -> 67 | ... W25: ='11. Амортиз. план'!Y34 -> 66.540997
A26: 5.2. | B26: Разлика на разходи за амортизации на собствени активи към инвестиции в собствени активи | C26: =C25-C14 -> 82.324646 | D26: =D25-D14 -> -703.06119 | E26: =E25-E14 -> 578.4046 | F26: =F25-F14 -> 511.22455 | G26: =G25-G14 -> 471.96252 | H26: =H25-H14 -> 518.75289 | I26: =I25-I14 -> 494.74816 | J26: =J25-J14 -> 66.111615 | ... W26: =W25-W14 -> 28.557506
A27: 6.1. | B27: Разходи за амортизации на публични активи, изградени със собствени средства | C27: ='11. Амортиз. план'!E130 -> 0 | D27: ='11. Амортиз. план'!F130 -> 85.89 | E27: ='11. Амортиз. план'!G130 -> 151.99 | F27: ='11. Амортиз. план'!H130 -> 180.94 | G27: ='11. Амортиз. план'!I130 -> 208.84 | H27: ='11. Амортиз. план'!J130 -> 234.54 | I27: ='11. Амортиз. план'!K130 -> 258.04 | J27: ='11. Амортиз. план'!L130 -> 0 | ... W27: ='11. Амортиз. план'!Y130 -> 6.82
A28: 6.2. | B28: Разлика на разходи за амортизации на публични активи, изградени със собствени средства към инвестиции в публични активи и разходи за главници по инвестиционни заеми | C28: =C27-C17-C23 -> -1449 | D28: =D27-D17-D23 -> -1969.11 | E28: =E27-E17-E23 -> -608.01 | F28: =F27-F17-F23 -> -544.06 | G28: =G27-G17-G23 -> -451.16 | H28: =H27-H17-H23 -> -435.46 | I28: =I27-I17-I23 -> -356.96 | J28: =J27-J17-J23 -> -4 | ... W28: =W27-W17-W23 -> -34.18
A29: 7.1. | B29: Разходи за амортизации на публични активи, приети за експлоатация и поддръжка | C29: ='11. Амортиз. план'!E213 -> 774.6 | D29: ='11. Амортиз. план'!F213 -> 774.6 | E29: ='11. Амортиз. план'!G213 -> 774.6 | F29: ='11. Амортиз. план'!H213 -> 773.6 | G29: ='11. Амортиз. план'!I213 -> 771.6 | H29: ='11. Амортиз. план'!J213 -> 771.6 | I29: ='11. Амортиз. план'!K213 -> 757.6 | J29: ='11. Амортиз. план'!L213 -> 323 | ... W29: ='11. Амортиз. план'!Y213 -> 780.5
A30: 7.2. | B30: Разходи за амортизации на публични активи от Група 3 включени в цените на ВиК услуги за финансиране на инвестиции в публични активи и изплащане на главници на инвестиционни заеми | C30: 775 | D30: 775 | E30: 806 | F30: 768 | G30: 680 | H30: 683 | I30: 640 | J30: 4 | K30: 54 | L30: 41 | M30: 36 | N30: 68 | O30: 56 | P30: 37 | S30: 38 | T30: 32 | U30: 42 | V30: 26 | W30: 34
A31: 7.3. | B31: Дял на разходите за амортизации на публични активи, приети за експлоатация и поддръжка, включени в цените | C31: =IF(C30=0,0,C30/C29) -> 1.0005164 | D31: =IF(D30=0,0,D30/D29) -> 1.0005164 | E31: =IF(E30=0,0,E30/E29) -> 1.0405371 | F31: =IF(F30=0,0,F30/F29) -> 0.99276112 | G31: =IF(G30=0,0,G30/G29) -> 0.88128564 | H31: =IF(H30=0,0,H30/H29) -> 0.88517367 | I31: =IF(I30=0,0,I30/I29) -> 0.84477297 | J31: =IF(J30=0,0,J30/J29) -> 0.012383901 | ... W31: =IF(W30=0,0,W30/W29) -> 0.043561819
A32: 8 | B32: Недостиг на собствени средства спрямо предвидените инвестиции в публични ДА | C32: =C28+C30 -> -674 | D32: =D28+D30 -> -1194.11 | E32: =E28+E30 -> 197.99 | F32: =F28+F30 -> 223.94 | G32: =G28+G30 -> 228.84 | H32: =H28+H30 -> 247.54 | I32: =I28+I30 -> 283.04 | J32: =J28+J30 -> 0 | ... W32: =W28+W30 -> -0.18
A34: 9 | B34: Съществуващ дългосрочен заем за изграждане на ДА | C34: Съществуващ дългосрочен заем 1 за изграждане на ДА | J34: Съществуващ дългосрочен заем 2 за изграждане на ДА | Q34: Съществуващ дългосрочен заем 3 за изграждане на ДА
C35: =C7 -> 2015 г. | D35: =D7 -> 2016 г. | E35: =E7 -> 2017 г. | F35: =F7 -> 2018 г. | G35: =G7 -> 2019 г. | H35: =H7 -> 2020 г. | I35: =I7 -> 2021 г. | J35: =J7 -> 2015 г. | ... W35: =W7 -> 2021 г.
A36: 9.1. | B36: Остатъчна стойност от предишния период | C36: 0 | D36: =C42 -> 0 | E36: =D42 -> 0 | F36: =E42 -> 0 | G36: =F42 -> 0 | H36: =G42 -> 0 | I36: =H42 -> 0 | J36: 0 | K36: =J42 -> 0 | L36: =K42 -> 0 | M36: =L42 -> 0 | N36: =M42 -> 0 | O36: =N42 -> 0 | P36: =O42 -> 0 | Q36: 0 | R36: =Q42 -> 0 | S36: =R42 -> 0 | T36: =S42 -> 0 | U36: =T42 -> 0 | V36: =U42 -> 0 | W36: =V42 -> 0
A37: 9.2. | B37: Получен през периода | C37: 0 | D37: 0 | E37: 0 | F37: 0 | G37: 0 | H37: 0 | I37: 0 | J37: 0 | K37: 0 | L37: 0 | M37: 0 | N37: 0 | O37: 0 | P37: 0 | Q37: 0 | R37: 0 | S37: 0 | T37: 0 | U37: 0 | V37: 0 | W37: 0
A38: 9.3. | B38: Погасяване на главници | C38: 0 | D38: 0 | E38: 0 | F38: 0 | G38: 0 | H38: 0 | I38: 0 | J38: 0 | K38: 0 | L38: 0 | M38: 0 | N38: 0 | O38: 0 | P38: 0 | Q38: 0 | R38: 0 | S38: 0 | T38: 0 | U38: 0 | V38: 0 | W38: 0
A39: 9.4. | B39: Лихви | C39: 0 | D39: 0 | E39: 0 | F39: 0 | G39: 0 | H39: 0 | I39: 0 | J39: 0 | K39: 0 | L39: 0 | M39: 0 | N39: 0 | O39: 0 | P39: 0 | Q39: 0 | R39: 0 | S39: 0 | T39: 0 | U39: 0 | V39: 0 | W39: 0
A40: 9.5. | B40: Лихви (%) | C40: =IF(C36=0,0,C39/((C36+C42)/2)) -> 0 | D40: =IF(D36=0,0,D39/((D36+D42)/2)) -> 0 | E40: =IF(E36=0,0,E39/((E36+E42)/2)) -> 0 | F40: =IF(F36=0,0,F39/((F36+F42)/2)) -> 0 | G40: =IF(G36=0,0,G39/((G36+G42)/2)) -> 0 | H40: =IF(H36=0,0,H39/((H36+H42)/2)) -> 0 | I40: =IF(I36=0,0,I39/((I36+I42)/2)) -> 0 | J40: =IF(J36=0,0,J39/((J36+J42)/2)) -> 0 | ... W40: =IF(W36=0,0,W39/((W36+W42)/2)) -> 0
A41: 9.6. | B41: Общо погасителни вноски | C41: =C38+C39 -> 0 | D41: =D38+D39 -> 0 | E41: =E38+E39 -> 0 | F41: =F38+F39 -> 0 | G41: =G38+G39 -> 0 | H41: =H38+H39 -> 0 | I41: =I38+I39 -> 0 | J41: =J38+J39 -> 0 | ... W41: =W38+W39 -> 0
A42: 9.7. | B42: Остатък главница | C42: =C36+C37-C38 -> 0 | D42: =D36+D37-D38 -> 0 | E42: =E36+E37-E38 -> 0 | F42: =F36+F37-F38 -> 0 | G42: =G36+G37-G38 -> 0 | H42: =H36+H37-H38 -> 0 | I42: =I36+I37-I38 -> 0 | J42: =J36+J37-J38 -> 0 | ... W42: =W36+W37-W38 -> 0
A43: 9.8. | B43: Разпределение на заема за услугата доставяне вода на потребителите (%) | C43: 0 | D43: 0 | E43: 0 | F43: 0 | G43: 0 | H43: 0 | I43: 0 | J43: 0 | K43: 0 | L43: 0 | M43: 0 | N43: 0 | O43: 0 | P43: 0 | Q43: 0 | R43: 0 | S43: 0 | T43: 0 | U43: 0 | V43: 0 | W43: 0
A44: 9.9. | B44: Разпределение на заема за услугатаотвеждане на отпадъчни води (%) | C44: 0 | D44: 0 | E44: 0 | F44: 0 | G44: 0 | H44: 0 | I44: 0 | J44: 0 | K44: 0 | L44: 0 | M44: 0 | N44: 0 | O44: 0 | P44: 0 | Q44: 0 | R44: 0 | S44: 0 | T44: 0 | U44: 0 | V44: 0 | W44: 0
A45: 9.10. | B45: Разпределение на заема за услугата пречистване на отпадъчни води (%) | C45: 0 | D45: 0 | E45: 0 | F45: 0 | G45: 0 | H45: 0 | I45: 0 | J45: 0 | K45: 0 | L45: 0 | M45: 0 | N45: 0 | O45: 0 | P45: 0 | Q45: 0 | R45: 0 | S45: 0 | T45: 0 | U45: 0 | V45: 0 | W45: 0
A46: 10 | B46: Съществуващ дългосрочен заем за изграждане на извадени от баланса публични ДА | C46: Съществуващ дългосрочен заем 1 за изграждане на извадени от баланса публични ДА | J46: Съществуващ дългосрочен заем 2 за изграждане на извадени от баланса публични ДА
C47: =C35 -> 2015 г. | D47: =D35 -> 2016 г. | E47: =E35 -> 2017 г. | F47: =F35 -> 2018 г. | G47: =G35 -> 2019 г. | H47: =H35 -> 2020 г. | I47: =I35 -> 2021 г. | J47: =J35 -> 2015 г. | ... P47: =P35 -> 2021 г.
A48: 10.1. | B48: Остатъчна стойност от предишния период | C48: 0 | D48: =C54 -> 0 | E48: =D54 -> 0 | F48: =E54 -> 0 | G48: =F54 -> 0 | H48: =G54 -> 0 | I48: =H54 -> 0 | J48: 0 | K48: =J54 -> 0 | L48: =K54 -> 0 | M48: =L54 -> 0 | N48: =M54 -> 0 | O48: =N54 -> 0 | P48: =O54 -> 0
A49: 10.2. | B49: Получен през периода | C49: 0 | D49: 0 | E49: 0 | F49: 0 | G49: 0 | H49: 0 | I49: 0 | J49: 0 | K49: 0 | L49: 0 | M49: 0 | N49: 0 | O49: 0 | P49: 0
A50: 10.3. | B50: Погасяване на главници | C50: 0 | D50: 0 | E50: 0 | F50: 0 | G50: 0 | H50: 0 | I50: 0 | J50: 0 | K50: 0 | L50: 0 | M50: 0 | N50: 0 | O50: 0 | P50: 0
A51: 10.4. | B51: Лихви | C51: 0 | D51: 0 | E51: 0 | F51: 0 | G51: 0 | H51: 0 | I51: 0 | J51: 0 | K51: 0 | L51: 0 | M51: 0 | N51: 0 | O51: 0 | P51: 0
A52: 10.5. | B52: Лихви (%) | C52: =IF(C48=0,0,C51/((C48+C54)/2)) -> 0 | D52: =IF(D48=0,0,D51/((D48+D54)/2)) -> 0 | E52: =IF(E48=0,0,E51/((E48+E54)/2)) -> 0 | F52: =IF(F48=0,0,F51/((F48+F54)/2)) -> 0 | G52: =IF(G48=0,0,G51/((G48+G54)/2)) -> 0 | H52: =IF(H48=0,0,H51/((H48+H54)/2)) -> 0 | I52: =IF(I48=0,0,I51/((I48+I54)/2)) -> 0 | J52: =IF(J48=0,0,J51/((J48+J54)/2)) -> 0 | ... P52: =IF(P48=0,0,P51/((P48+P54)/2)) -> 0
A53: 10.6. | B53: Общо погасителни вноски | C53: =C50+C51 -> 0 | D53: =D50+D51 -> 0 | E53: =E50+E51 -> 0 | F53: =F50+F51 -> 0 | G53: =G50+G51 -> 0 | H53: =H50+H51 -> 0 | I53: =I50+I51 -> 0 | J53: =J50+J51 -> 0 | ... P53: =P50+P51 -> 0
A54: 10.7. | B54: Остатък главница | C54: =C48+C49-C50 -> 0 | D54: =D48+D49-D50 -> 0 | E54: =E48+E49-E50 -> 0 | F54: =F48+F49-F50 -> 0 | G54: =G48+G49-G50 -> 0 | H54: =H48+H49-H50 -> 0 | I54: =I48+I49-I50 -> 0 | J54: =J48+J49-J50 -> 0 | ... P54: =P48+P49-P50 -> 0
A55: 10.8. | B55: Разпределение на заема за услугата доставяне вода на потребителите (%) | C55: 0 | D55: 0 | E55: 0 | F55: 0 | G55: 0 | H55: 0 | I55: 0 | J55: 0 | K55: 0 | L55: 0 | M55: 0 | N55: 0 | O55: 0 | P55: 0
A56: 10.9. | B56: Разпределение на заема за услугатаотвеждане на отпадъчни води (%) | C56: 0 | D56: 0 | E56: 0 | F56: 0 | G56: 0 | H56: 0 | I56: 0 | J56: 0 | K56: 0 | L56: 0 | M56: 0 | N56: 0 | O56: 0 | P56: 0
A57: 10.10. | B57: Разпределение на заема за услугата пречистване на отпадъчни води (%) | C57: 0 | D57: 0 | E57: 0 | F57: 0 | G57: 0 | H57: 0 | I57: 0 | J57: 0 | K57: 0 | L57: 0 | M57: 0 | N57: 0 | O57: 0 | P57: 0
A58: 11 | B58: Нов дългосрочен заем за изграждане на ДА | C58: Нов дългосрочен заем 1 за изграждане на ДА | J58: Нов дългосрочен заем 2 за изграждане на ДА
C59: =C7 -> 2015 г. | D59: =D7 -> 2016 г. | E59: =E7 -> 2017 г. | F59: =F7 -> 2018 г. | G59: =G7 -> 2019 г. | H59: =H7 -> 2020 г. | I59: =I7 -> 2021 г. | J59: =J7 -> 2015 г. | ... P59: =P7 -> 2021 г.
A60: 11.1. | B60: Остатъчна стойност от предишния период | D60: =C66 -> 0 | E60: =D66 -> 0 | F60: =E66 -> 0 | G60: =F66 -> 0 | H60: =G66 -> 0 | I60: =H66 -> 0 | K60: =J66 -> 0 | L60: =K66 -> 0 | M60: =L66 -> 0 | N60: =M66 -> 0 | O60: =N66 -> 0 | P60: =O66 -> 0
A61: 11.2. | B61: Получен през периода | D61: 0 | E61: 0 | F61: 0 | G61: 0 | H61: 0 | I61: 0 | K61: 0 | L61: 0 | M61: 0 | N61: 0 | O61: 0 | P61: 0
A62: 11.3. | B62: Погасяване на главници | D62: 0 | E62: 0 | F62: 0 | G62: 0 | H62: 0 | I62: 0 | K62: 0 | L62: 0 | M62: 0 | N62: 0 | O62: 0 | P62: 0
A63: 11.4. | B63: Лихви | D63: 0 | E63: 0 | F63: 0 | G63: 0 | H63: 0 | I63: 0 | K63: 0 | L63: 0 | M63: 0 | N63: 0 | O63: 0 | P63: 0
A64: 11.5. | B64: Лихви (%) | C64: =IF(AND(C60=0,C61=0),0,C63/((C60+C61+C66)/2)) -> 0 | D64: =IF(AND(D60=0,D61=0),0,D63/((D60+D61+D66)/2)) -> 0 | E64: =IF(AND(E60=0,E61=0),0,E63/((E60+E61+E66)/2)) -> 0 | F64: =IF(AND(F60=0,F61=0),0,F63/((F60+F61+F66)/2)) -> 0 | G64: =IF(AND(G60=0,G61=0),0,G63/((G60+G61+G66)/2)) -> 0 | H64: =IF(AND(H60=0,H61=0),0,H63/((H60+H61+H66)/2)) -> 0 | I64: =IF(AND(I60=0,I61=0),0,I63/((I60+I61+I66)/2)) -> 0 | J64: =IF(AND(J60=0,J61=0),0,J63/((J60+J61+J66)/2)) -> 0 | ... P64: =IF(AND(P60=0,P61=0),0,P63/((P60+P61+P66)/2)) -> 0
A65: 11.6. | B65: Общо погасителни вноски | C65: =C62+C63 -> 0 | D65: =D62+D63 -> 0 | E65: =E62+E63 -> 0 | F65: =F62+F63 -> 0 | G65: =G62+G63 -> 0 | H65: =H62+H63 -> 0 | I65: =I62+I63 -> 0 | J65: =J62+J63 -> 0 | ... P65: =P62+P63 -> 0
